Workbook
Name access_seeker: 'Overview and definitions'!$B$130:$E$130
Name active_SIM_eSIM_card: 'Overview and definitions'!$B$36:$E$36
Name actual_limit: 'Overview and definitions'!$B$127:$F$127
Name Africa: 'Overview and definitions'!$B$139
Name alternative_tariff: 'Overview and definitions'!$B$50:$E$50
Name Alternative_tariffs_nonEEA: #REF!
Name Alternative_tariffs_nonEEA: 'Transparency questionnaire'!$C$112:$C$114
Name Alternative_tariffs_nonEEA: #REF!
Name Americas: 'Overview and definitions'!$B$192
Name Asia: 'Overview and definitions'!$B$242
Name Australia_and_New_Zealand: 'Overview and definitions'!$C$287
Name balanced_revenues: 'Overview and definitions'!$B$90:$E$90
Name balanced_traffic: 'Overview and definitions'!$B$82:$E$82
Name bundle_revenues_M2M: 'Overview and definitions'!$B$111:$F$111
Name Central_Asia: 'Overview and definitions'!$C$242
Name charges: 'Overview and definitions'!#REF!
Name CIR_calculation: 'Overview and definitions'!$B$125:$F$125
Name connected_object___device: 'Overview and definitions'!$B$98:$E$98
Name connected_objects_devices_roaming_at_least_once_in_the_period: '[1]Overview and definitions'!#REF!
Name connected_objects_devices_roaming_at_least_once_in_the_period: 'Overview and definitions'!#REF!
Name control_mechanism_based_on_objective_indicators: 'Overview and definitions'!$B$122:$F$122
Name corporate_subscribers: 'Overview and definitions'!$B$123:$F$123
Name Countries_per_region: 'Overview and definitions'!$B$138
Name cut_off_limit: 'Overview and definitions'!$B$128:$F$128
Name data_roaming_limit: 'Overview and definitions'!$B$121:$F$121
Name Daten: [1]!Tabelle144[[#All],[Value]]
Name Daten: Tabelle144[[#All],[Value]]
Name Definition_Western_Balkan: 'Overview and definitions'!$C$261:$C$268
Name domestic_revenues: 'Overview and definitions'!$B$67:$E$67
Name domestic_revenues_M2M: 'Overview and definitions'!$B$106:$F$106
Name domestic_units: 'Overview and definitions'!$B$59:$E$59
Name Eastern_Asia: 'Overview and definitions'!$D$242
Name EEA_revenues: 'Overview and definitions'!$B$68:$E$68
Name EEA_roaming_enabled_subscribers: 'Overview and definitions'!$B$43:$E$43
Name EEA_units: 'Overview and definitions'!$B$60:$E$60
Name EU_EEA_roaming_revenues_M2M: 'Overview and definitions'!$B$107:$F$107
Name Europe: 'Overview and definitions'!$B$261
Name Examples_for_the_calculation_of_balanced_and_unbalanced_traffic: 'Overview and definitions'!$H$79:$O$88
Name Fair_Use_Policy__FUP: 'Overview and definitions'!$B$117:$F$117
Name FUP_mechanisms: 'Overview and definitions'!$B$118:$F$118
Name FUP_nonEEA: #REF!
Name FUP_nonEEA: 'Transparency questionnaire'!$C$90:$C$91
Name FUP_nonEEA: #REF!
Name In_how_many_countries_do_you_offer_5G_roaming_services?: #REF!
Name In_how_many_countries_do_you_offer_5G_roaming_services?: 'Transparency questionnaire'!$C$24
Name In_how_many_countries_do_you_offer_5G_roaming_services?: #REF!
Name inbound_traffic: 'Overview and definitions'!$B$80:$E$80
Name Latin_America_and_the_Caribbean: 'Overview and definitions'!$C$192
Name LPWAN: 'Overview and definitions'!$B$101:$E$101
Name Melanesia: 'Overview and definitions'!$D$287
Name Micronesia: 'Overview and definitions'!$E$287
Name mobile_subscription: 'Overview and definitions'!$B$38:$E$38
Name network_generations_and_technologies: 'Overview and definitions'!$B$131:$E$131
Name Non_EEA_Europe: 'Overview and definitions'!$D$261
Name non_terrestrial_network: 'Overview and definitions'!$B$40:$E$40
Name Northern_Africa: 'Overview and definitions'!$C$139
Name Northern_America: 'Overview and definitions'!$D$192
Name number_of_subscribers_that_were_roaming: 'Overview and definitions'!$B$44:$E$44
Name objects___devices_in_permanent_roaming: 'Overview and definitions'!$B$102:$E$102
Name Oceania: 'Overview and definitions'!$B$287

Sheet Overview and definitions
Q1: MNO
B2: Provider information | Q2: MVNO
Q3: MVNE
B4: Name:
B5: Address:
B6: Country: | C6: Liechtenstein | D6: Please select the country from the drop-down menu.
B7: Operator / service provider type: | C7: MNO | D7: Please select the operator / service provider type from the drop-down menu, i.e. whether the operator / service provider is an MNO, an MVNO or an MVNE.
B9: Telephone:
B10: E-mail:
B11: Website:
B12: Date of providing the information in this questionnaire:
B14: General comments:
A17: 1. | B17: Information about the questionnaire
B18: Structure of the questionnaire
B19: This file contains two questionnaires: the data questionnaire (formerly the international roaming benchmark questionnaire) and the transparency questionnaire (formerly the transparency and comparability questionnaire).
B20: The data questionnaire consists of three sheets: "Data questionnaire - mobile" and "Data - connected objects" are mandatory, while "Data - Western Balkan" may be filled out on a voluntary basis.
B21: The transparency questionnaire consists of two sheets which are both mandatory: "Transparency questionnaire" and "Transparency - per-country". "Transparency - per-country" is a supplement to the first questionnaire sheet: for this reason, questions in these two sheets are interlinked.
G22: Kommentar des AK, 19.10.2026
B23: Data import | G23: Achtung: Nicht mehr abgefragte Werte (in Fragebögen eingetragen als "collection suspended") sind nicht mehr in dieser Struktur enthalten.
B24: To facilitate automated data import for the data questionnaires, we have provided a data structure in the sheet "Data import structure". | G24: Im Vorjahr verwendete Datenimporte müssen für diesen Fragebogen entsprechend angepasst werden.
G25: Mitteilung von BEREC: "The questionnaire has been shortened, as some sections in the Data questionnaire for mobile and connected objects as well as the Transparency questionnaire, have been removed."
B26: Validation features in the sheet: Data questionnaire - mobile
B27: Please note that parts of the questionnaire have validation features which alert you to missing values. This is the case for the following questions: 1.1.1. Number of active SIMS with RLAH tariffs 1.1.4. Number of active SIMS with alternative tariffs 1.2.2. Number of active SIMS that were roaming at least once in the concerned quarter in the RLAH area 1.2.3. Number of active SIMS with RLAH services that were roaming at least once in the concerned period in the RLAH area 2.2. RLAH retail roaming consumption and revenues 2.3.1. RLAH + retail roaming consumption and revenues – for not providing the stable link 2.3.3. RLAH + retail roaming consumption and revenues – abusive/anomalous usage 2.3.4. RLAH + retail roaming consumption and revenues – exceeding FUP 2.4. alternative tariffs: retail roaming consumption and revenues
B29: How to submit comments
B30: After every section, a comment field is provided to allow for comments on points in this section. Please state which question your comment refers to (e.g. 3.4.) for each comment separately.
B31: All other fields are locked and comments in other fields will be disregarded.
A33: 1.2. | B33: Definitions
A34: 1.2.1. | B34: General | C34: Definition | F34: See also
B35: SIM | C35: By SIM, we refer to any kind of SIM card, eSIM, SoftSIM, etc | F35: active SIM
B36: active SIM | C36: A SIM is considered active if mobile services were consumed at least once in the concerned period (quarter) using this card. | F36: SIM
B37: device | C37: A device can be any hardware that uses SIMs to connect to telecommunications networks
B38: mobile subscription | C38: Mobile subscriptions are defined as the number of SIMs installed in mobile devices (for example: portable computing device such as a smartphone or tablet) for purposes of providing telecommunications services, namely voice, SMS or data services. This includes prepaid (also anonymous), postpaid and corporate subscriptions. Dedicated mobile data subscriptions should be included when reporting the number of subscriptions, the units consumed and revenues. Connected objects/devices subscriptions should be excluded from the sheet "Data questionnaire - mobile", but should be reported in the sheet "Data - connected objects". SIMs which are used at a fixed location should be excluded from data reporting if the devices are expected to use only fixed wireless telephony and/or broadband access. | F38: SIM
B39: operator/service provider type | C39: For the provider information, please fill in which type of operator/service provider you are (MNO, MVNO or MVNE). MNOs own their own mobile network infrastructure, while MVNOs and MVNEs gain access to the mobile network infrastructure of MNOs via hosting agreements.
B40: non-terrestrial network | C40: Non-terrestrial public mobile networks use radio access technologies, such as GSM/UMTS/LTE/5G-NR pico-cells combined with a satellite backhaul in order to provide services to passengers and crew. Examples of these networks may be mobile communications networks on board marine vessels (MCV services) as defined in Commission Decision 2010/166/EU or mobile communications networks on aircraft (MCA services) as defined in Commission Decision 2008/294/EC. For this section, please provide information on your retail users which have connected to non-terrestrial networks (within the RLAH area as well as RoW), as well as retail volumes and retail revenues. Please also provide the wholesale payments made to operators of non-terrestrial networks.
A42: 1.2.2. | B42: Mobile SIMs | C42: Definition | F42: See also
B43: RLAH roaming enabled SIMs | C43: An RLAH roaming enabled SIM means a SIM that is able to use RLAH roaming services while abroad with no need for any action prior to travelling abroad. Domestic-only refers to SIMs that are not able to use roaming services while abroad. | F43: active SIM
B44: number of SIMs that were roaming | C44: Number of SIMs (consumer and business) that connected to a roaming network at least once in the quarter. If a user roams twice within the same period, this user is counted as one SIM using roaming in this period. | F44: mobile subscription
B45: roaming day | C45: Given that Article 4(4) CIR 2016/2286 states that any day when a roaming customer has logged on to the domestic network shall be counted as a day of domestic presence of that customer, the term "roaming day" should be understood as a full day connected to one or several visited networks in the RLAH area. It is also considered a roaming day when the subscriber is logged on to a visited network in the RLAH area and the same day enters a third country outside the RLAH area. Total number of days that active SIMs were roaming in RLAH refers to the sum of the days of presence in a RLAH country for all the roaming SIMs of the service provider. For example, if a Romanian user spent 3 days in Greece and another Romanian user 5 days in Belgium, the service provider would report 8 days in total.
B46: SIMs with a corporate tariff | C46: Refers to users with subscriptions to a corporate tariff/business customers, which in many cases is a contract agreement with a company covering several mobile subscriptions. Subscriptions tailored to business customers should be included here. If a service provider has a contract with the company X for 10 mobile subscriptions, then list 10 subscribers with corporate tariffs. Non-business customers with one contract covering several mobile subscriptions should not be included here. The number of subscriptions indicated here is a subset of pre-paid and/or post-paid subscriptions, which means that all corporate subscribers are reported as either prepaid or postpaid (in the respective category), and again, separately, as corporate SIMs. | F46: mobile subscription
A48: 1.2.3. | B48: Retail roaming
B49: Tariffs | C49: Definition | F49: See also
B50: alternative tariff | C50: Alternative tariffs as defined in Article 8 (2) Roaming Regulation: tariffs other than the regulated tariffs set out in accordance with Articles 4, 5, 6 and 8 (1) Roaming Regulation, which can be offered in addition to these regulated tariffs. Users with a RLAH tariff using an add-on for roaming should not be included here. Instead, these users should be reported as RLAH users.
B51: RLAH tariff | C51: RLAH tariffs as defined in Article 4 (1) Roaming Regulation are tariffs where no surcharge is levied in addition to the domestic retail price for any regulated roaming service. These tariffs are the default tariffs for consumers. Exceptionally, surcharges may be applied to customers with RLAH tariffs in the following cases: failure to provide a stable link, exceeding the FUP or non compliance from abusive or anomalous usage. Additionally, a provider may apply surcharges if a derogation has been granted. In the case of RLAH+, the relevant indicators (e.g. traffic, etc) should be reported under the relevant RLAH+ and, if applicable, RLAH categories. For example, a SIM that has exceeded the FUP during a quarter should be reported as active SIMs in RLAH (question 1.1.1). The traffic before exceeding the FUP should be reported as RLAH traffic (question 2.2.3) and the traffic in excess of the FUP should be reported in the category "for exceeding the FUP" (question 2.3.4.1). | F51: RLAH+ (for not providing the stable link)
B52: RLAH + | C52: RLAH+ refers to cases where a roaming customer with a RLAH tariff is required to pay surcharges. This is the case only when certain conditions are (not) met, either by the provider or the roaming customer.
B53: RLAH + (for not providing the stable link) | C53: Refers to a case where a roaming customer did not provide (after request from the roaming provider) proof of normal residence in the home country or of other stable links with that home country (Article 4 CIR 2016/2286).
B54: RLAH + (derogation) | C54: Refers to the case of a service provider for which the provision of roaming services at the level of domestic prices is proved by the relevant NRA to be unsustainable and the service provider is allowed to add a surcharge to its domestic prices when its users roam, in accordance with the sustainability mechanism set out in Article 6 (1) Roaming Regulation.
B55: RLAH + (exceeding data FUP) | C55: Refers to the case of using a data roaming service which exceeds the FUP of open bundles or exceeds the FUP of pre-paid tariffs (Article 5 Roaming Regulation).
B56: RLAH + (non compliance from abusive or anomalous usage) | C56: Refers to those cases where subscribers are identified as having abusive or anomalous usage by the following objective indicators: the control mechanism (prevalence of presence and consumption) and other indicators like long inactivity of SIMs and sequential use of SIMs (Article 4 CIR 2016/2286).
B58: Units | C58: Definition | F58: See also
B59: domestic | C59: Domestic minutes refer to the minutes originated and terminated in the country where the subscription was issued. International calls shall be included (i.e. calls originated in the country where the subscription was issued and terminated on an RLAH or RoW network). For this indicator, please provide the actual minutes (not billed minutes). Domestic SMS refers to the SMS messages sent from within the country where the subscription was issued to a subscriber in that same country. International SMS shall be included (i.e. SMS originated in the country where the subscription was issued and terminated on an RLAH or RoW network). Domestic data refers to data used on a network (upload and download) in the country where the subscription was issued. These units should only include usage of terrestrial networks. | F59: domestic revenues
B60: RLAH | C60: RLAH roaming minutes made refer to the minutes originated in a RLAH country other than the country in which the subscription was issued and terminated in any RLAH country. For this indicator, please provide the actual minutes (not billed minutes). RLAH roaming minutes received refer to the minutes terminated in a RLAH country other than the country in which the subscription was issued, and originated in any RLAH country. For this indicator, please provide the actual minutes (not billed minutes). RLAH roaming SMS refers to SMS sent from a RLAH country other than the country in which the subscription was issued to a subscriber in any RLAH country. RLAH roaming data refers to data used on a network (upload or download) in a RLAH country other than the country in which the subscription was issued. These units should only include usage of terrestrial networks. | F60: RLAH roaming revenues
B61: Rest of World (RoW) | C61: RoW roaming minutes refer to minutes originated in a non-RLAH state, regardless of the state in which the minutes are terminated, and to minutes originated in a RLAH country other than the country in which the subscription was issued and terminating in a non-RLAH state. For this indicator, please provide the actual minutes (not billed minutes). RoW roaming SMS refers to SMS sent from a non-RLAH state, regardless of the state in which the SMS is received, and to SMS sent from a RLAH country other than thecountryin which the subscription was issued to a subscriber in a non-RLAH country. RoW roaming data refers to data used on a network (upload and download) in a non-RLAH state. These units should only include usage of terrestrial networks. Please refer to the table right below and the list of countries further below for detailed information on which country pairs are considered RoW and which countries should be considered non-EU/EEA, respectively. | F61: RoW roaming revenues
B62: RLAH vs RoW for Ukraine, Moldova and EFTA | C62: Origin EU EU Moldova Ukraine Liechtenstein, Iceland, Norway Liechtenstein, Iceland, Norway Moldova Ukraine Moldova Ukraine | D62: Destination Ukraine Moldova EU EU Moldova Ukraine Liechtenstein, Iceland, Norway Liechtenstein, Iceland, Norway Ukraine Moldova | E62: RLAH or RoW RLAH RLAH RLAH RLAH RoW RoW RoW RoW RoW RoW
B63: actual minutes | C63: The number of roaming minutes actually consumed by subscribers (residential and business). This means the number of minutes used for the duration of a call as recorded in the CDR. Please see also the 'mobile subscription' definition.
B66: Revenues | C66: Definition | F66: See also
B67: domestic | C67: Domestic revenues include total revenues (business and residential) related to mobile voice, SMS and data traffic. In-bundle revenues for RLAH services (domestic price component) and domestic metered tariffs revenues shall be included in this figure. By “roaming revenues of bundles”/in-bundle revenues we are referring to the theoretical price component of a RLAH bundle – so for a tariff which costs 20 Euro a month and includes RLAH, please submit the full 20 Euro (and not subtract 5 euro for RLAH services). If however the tariff costs 20 euro and the subscriber has a handset which costs 5 euro, then please submit 20 euro (and not 25 euro, as revenues from handsets are excluded). Any other type of revenue should not be included, such as those originating from other services included in bundles (eg: fixed telephone service, fixed internet service, television), sale of mobile devices, the initial one-time charge for a new/renewed subscription, subscription fees to other non-telecommunication services, etc. All revenues not included in sections 2.3. and 2.4. shall be included in this indicator (2.1.4.). 2.1.4. should not include data on roaming revenues from alternative tariffs including more than one mobile service. Revenues from international calls and SMS shall be included. All domestic revenues should be excluding VAT. | F67: domestic units
B68: RLAH | C68: RLAH roaming revenues are defined as revenues deriving directly from the traffic of mobile retail services originated in a visited RLAH country. Any revenues from non-mobile services should be excluded. Service providers shall include revenues from surcharges (applied to basic tariff plan or any add-on) from alternative tariffs and metered tariffs used in roaming. Only revenues from regulated roaming communications (intra-RLAH roaming communications) are intended to be included in the cell “Total RLAH Retail Roaming Revenues”, while revenues from SMS or calls made to/received from non-RLAH countries are considered RoW revenues. In case revenues cannot be distinguished by service type (e.g. SMS), please provide this split based on internal estimations. All RLAH roaming revenues should exclude VAT. | F68: RLAH roaming units | G68: =HYPERLINK("#'Overview and definitions'!B38", "mobile subscription") -> mobile subscription
B69: Rest of World (RoW) | C69: Rest of World revenues are defined as revenues deriving directly from the provision of roaming services outside of the RLAH area. Revenues from roaming communications made from an RLAH country to a non-RLAH country shall also be included (eg.: roaming call made from Italy to Australia). In case revenues cannot be distinguished by service type (e.g. SMS), please provide this split based on internal estimations. Any revenues from non-mobile services should be excluded. Rest of World revenues should be excluding VAT. Please refer to the list of countries further below for detailed information on which countries should be considered non-EU/EEA. Please refer to the table in row 62 for special constellations arising from the RLAH agreements between the EU and Ukraine/Moldova. | F69: RoW roaming units | G69: =HYPERLINK("#'Overview and definitions'!B38", "mobile subscription") -> mobile subscription
B70: revenues that include more than one mobile service | C70: If users are subscribed to a bundle, and it is not possible to assign revenues to individual elements of that bundle, please submit these revenues here. | F70: RoW roaming units | G70: =HYPERLINK("#'Overview and definitions'!B38", "mobile subscription") -> mobile subscription
A73: 1.2.4. | B73: Wholesale roaming
B74: General | C74: Definitions | F74: See also
B75: wholesale outbound roaming | C75: This refers to the volumes (minutes, SMS, data) that an MNO/MVNO/MVNE purchases from visited networks (either direclty or via a hub) so as to offer retail roaming services. | F75: outbound traffic
B76: wholesale roaming resale access | C76: According to Article 2(m) Roaming Regulation, ‘wholesale roaming resale access’ means the provision of roaming services on a wholesale basis by a mobile network operator different from the visited network operator to another undertaking for the purpose of that other undertaking providing regulated roaming services to roaming customers.
B77: trading platforms | C77: Trading platforms are marketplaces where providers may purchase roaming volumes while comparing the prices of different operators in a specific country. | F77: traffic via trading platforms
B79: Units | C79: Definition | F79: See also | H79: Examples for the calculation of balanced and unbalanced traffic
B80: inbound traffic | C80: Inbound traffic is the traffic that is generated on a visited operator's network (namely the operator that actually manages the calls, SMS, data) from roaming customers of a foreign operator. Only MNOs have inbound traffic. | F80: examples for the calculation of balanced and unbalanced traffic | H80: Example 1: Inbound traffic totals 50 million minutes, outbound totals 20 million minutes, This means that 20 million minutes should be reported as balanced traffic and 30 as unbalanced inbound roaming traffic.
B81: unbalanced traffic | C81: Unbalanced traffic according to Article 21 (2) Roaming Regulation means the wholesale inbound traffic in excess of the outbound traffic from the point of view of the visited operator. The unbalanced traffic is the difference between the inbound traffic and outbound traffic. The data questionnaire (section D sub-section 4) shall be completed from the visited network's perspective, that means when the traffic balance is positive (if inbound-outbound >0, then the positive traffic is the unbalanced traffic; if inbound - outbound <0, then the unbalanced traffic = 0. Examples of how to calculate balanced and unbalanced traffic in section D sub-section 4 of the data questionnaire are provided on the right side. | F81: unbalanced revenues | H81: Wholesale Roaming Voice Minutes and Revenues (excl. VAT, incl. Discounts) | M81: Balanced Traffic | N81: Unbalanced Traffic | O81: TOTAL inbound traffic
B82: balanced traffic | C82: Balanced traffic means the volume of inbound traffic that equals outbound traffic. | F82: balanced revenues | H82: New RLAH area minutes minutes (million minutes) | M82: 20 | N82: 30 | O82: 50
B83: total inbound traffic | C83: Total inbound traffic is the sum of balanced and unbalanced inbound traffic. | H83: RLAH area revenues revenues from minutes (million €) | M83: Please report the revenues that correspond to the balanced traffic | N83: Please report the revenues that correspond to the unbalanced traffic | O83: Please report the revenues that correspond to the Total inbound traffic
B84: transit traffic | C84: Transit services relate to the service that a third-party transit operator (other than the visited network operator originating the service traffic) provides to convey the traffic between the originating visited network and the terminating network. In this section, please provide the total wholesale roaming transit traffic delivered as visited network to a transit operator per service (in units of minutes for voice, units of SMS and units of GB for data). In the case of data services (section 6.3.), please include all data volumes delivered to a GRX/IPX transit operator (including non roaming-related volumes). | F84: transit revenues | H84: Example 2: Inbound traffic totals 20 million minutes, outbound totals 50 million minutes. This means that only 20 million minutes should be reported as balanced and 0 as unbalanced inbound roaming.
B85: outbound traffic | C85: This refers to: - the volumes (minutes, SMS, data) that an MNO/MVNO purchases from visited networks so as to offer retail roaming services to its own customers that roam abroad or for resale to MVNOs and the relevant payment; or - the volumes (minutes, SMS, data) that an MVNO purchases from a host network providing resale access so as to offer retail roaming services to its own customers that roam abroad and the relevant payment. | F85: wholesale outbound roaming | H85: Wholesale Roaming Voice Minutes and Revenues (excl. VAT, incl. Discounts) | M85: Balanced Traffic | N85: Unbalanced Traffic | O85: TOTAL inbound traffic
B86: traffic via trading platforms | C86: This refers to the volumes (minutes, SMS, data) purchased via a trading platform by an MNO/MVNO for the provision of retail roaming services to its customers roaming abroad. | F86: trading platforms | H86: RLAH area minutes minutes (million minutes) | M86: 20 | N86: 0 | O86: 20
H87: RLAH area revenues revenues from minutes (million €) | M87: Please report the revenues that correspond to the Total inbound traffic | N87: 0 | O87: Please report the revenues that correspond to the Total inbound traffic
B88: Revenues | C88: Definition | F88: See also
B89: unbalanced revenues | C89: Please report the revenues that correspond to the unbalanced traffic. | F89: unbalanced traffic
B90: balanced revenues | C90: Please report the revenues that correspond to the balanced traffic. | F90: balanced traffic
B91: transit revenues | C91: Please report the total payments made per wholesale roaming service as visited network to transit operators. In the case of data services (section 6.3.), please include the total payments for all data volumes delivered to a GRX/IPX transit operator (including non roaming-related volumes). | F91: transit traffic
B93: Other wholesale definitions | C93: Definition | F93: See also
B94: payments | C94: Please report the payments you have made to other operators for the use of the services in the applicable categories.
A97: 1.2.5. | B97: M2M | C97: Definitions | F97: See also
B98: connected object / device | C98: A connected object/device is an object/device with at least one SIM that operates in mobile networks and communicates in an automated way with other devices or software-based applications without (or with limited*) human interaction (see EECC Recital 249; previously, they were referred to as M2M SIMs). In the framework of the GSMA, operators can agree on which devices are considered connected objects/devices. A SIM is considered active if mobile services related to the SIM were consumed at least once in the concerned period (quarter) or when the SIM is enabled on the network and ready to execute its intended task. The definition of connected device/object includes GPS Tracking, data transfer between 2 machines / sensors, etc. Those SIMs used only for voice or only for data which are not sold for M2M services are excluded from definition. Devices using LORA/SIGFOX/WIFI/BLUETOOTH/ZIGBEE etc. as primary interfaces are out of the scope of the Roaming Regulation and shall not be incuded in the data provided. In case services are provided through one device to secondary devices, both devices should be counted if each device has its own SIM card and both SIMs are active. If the secondary device connects via WiFi (or other transmission technology) to the primary device which is the only one with a SIM card, then only the primary device should be counted. * Such as in the case of eCall, remote control/setting of devices in a smart home, autonomous calls from security systems, etc. | F98: SIM
B99: NB-IOT | C99: Narrowband Internet of Things: a LPWAN radio technology standard developed by 3GPP to enable a wide range of cellular devices and services (for M2M and IoT Applications).The specification completed in 3GPP Release 13. (https://www.3gpp.org/news-events/1805-iot_r14) | F99: LPWAN
B100: LTE-M | C100: Long Term Evolution-category M1. It is a type of LPWAN radio technology standard developed by 3GPP to enable a wide range of cellular devices and services (for M2M and IoT Applications). The specification completed in 3GPP Release 13. (https://www.3gpp.org/news-events/1805-iot_r14) | F100: LPWAN
B101: LPWAN | C101: LPWAN stands for Low Power Wide Area Network. The split between LPWAN and permanent roaming derives from Recital 68 and Article 21(1d) Roaming Regulation.
B102: connected objects / devices in permanent roaming | C102: Generally, please use the methodology which is the basis for your agreements with other operators. In case no such terms are contained in the agreement, this indicator refers to a connected device/object that is roaming more than 4 months continuously in foreign networks from a home network perspective (sections A and B as well as question 4 in section C) or to a connected device/object that is roaming more than 4 month continuously on your network from a visited network perspective (section C question 3). This serves to align the data with the definition specified in the CIR. In case of global SIMs, these should be included in 1.2.2. if they are considered to be in permanent roaming (if not, please indicate them under 1.2.1.). The case of trucks travelling the majority of the time in multiple countries is also included in the definition for sections A and B as well as question 4 in section C. The split between LPWAN and permanent roaming derives from Recital 68 and Article 21(1d) Roaming Regulation. | F102: connected object / device
B103: units for wholesale charges per SIM | C103: In case charges are agreed on a per-SIM basis (and not on a per-minute, per-SMS or per-MB/GB basis), please indicate the total number of SIM units to which such agreements applied in the respective quarter in 3.1.4. (inbound) and in 4.1.4. (outbound). | F103: wholesale charges per SIM
F104: connected object / device
B105: Revenues
B106: domestic | C106: Domestic revenues include total revenues (business and residential) related to mobile voice, SMS and data traffic by connected objects/devices. In-bundle revenues for roaming services (domestic price component) and domestic metered tariffs revenues shall be included in this figure. By “roaming revenues of bundles”/in-bundle revenues we are referring to the theoretical price component of a roaming bundle - so for a tariff which costs 20 Euro a month and includes roaming in the RLAH area, please submit the full 20 Euro (and not subtract 5 euro for roaming services). If however the tariff costs 20 euro and the subscriber's contract includes a device which costs 5 euro, then please submit 20 euro (and not 25 euro, as revenues from devices are excluded). Any other type of revenue should not be included, such as those originating from other services included in bundles (eg: fixed telephone service, fixed internet service), sale of devices, the initial one-time charge for a new/renewed subscription, subscription fees to other non-telecommunication services, etc. In case revenues cannot be distinguished by service type (e.g. SMS), please provide this split based on internal estimations. Revenues from international calls and SMS shall be included. All domestic revenues should be excluding VAT. | F106: connected object / device
B107: RLAH roaming | C107: RLAH roaming revenues are defined as revenues deriving directly from the traffic of connected objects/devices originated in a visited RLAH country. Any revenues from services not related to connected objects/devices should be excluded. Service providers shall include revenues from surcharges (applied to basic tariff plan or any add-on) from alternative tariffs and metered tariffs used in roaming. In the case of M2M, this can include RLAH revenues from roaming of connected objects/devices which are not in permanent roaming. In case revenues cannot be distinguished by service type (e.g. SMS), please provide this split based on internal estimations. All RLAH roaming revenues should exclude VAT. | F107: revenues from permanent roaming
B108: RoW roaming | C108: Rest of World revenues are defined as revenues deriving directly from the provision of roaming services to connected objects/devices outside of the RLAH area. Revenues from roaming communications made from an RLAH country to a non-RLAH country shall also be included (eg.: roaming call made from Italy to Australia). As a matter of fact, only revenues from regulated roaming communications (intra-RLAH roaming communications) are intended to be included in the cell “Total RLAH Retail Roaming Revenues”. In case revenues cannot be distinguished by service type (e.g. SMS), please provide this split based on internal estimations. Any revenues from non-mobile services should be excluded. Rest of World revenues should be excluding VAT. Please refer to the list of countries further below for detailed information on which countries should be considered non-EU/EEA. Please refer to the table in row 62 for special constellations arising from the RLAH agreements between the EU and Ukraine/Moldova. | F108: connected object / device
B109: revenues from roaming in LPWAN | C109: All revenues made from retail roaming of connected objects/devices in LPWAN should be listed here. | F109: LPWAN
B110: revenues from permanent roaming | C110: All revenues made from permanent retail roaming of connected objects/devices should be listed here. | F110: objects/devices in permanent roaming
B111: revenues that include more than one mobile service | C111: If users are subscribed to a bundle, and it is not possible to assign revenues to individual elements of that bundle, please submit these revenues here.
B112: wholesale charges per SIM | C112: In case charges are agreed on a per-SIM basis (and not or not only on a per-unit basis), please indicate the total revenues made through such agreements in 3.1.4. and the total payments made on the basis of such agreements in 4.1.4. in the respective quarter. | F112: units for wholesale charges per SIM
A116: 1.2.6. | B116: Transparency questionnaire
B117: Fair Use Policy (FUP) | C117: A fair use policy is a set of measures designed by roaming providers to prevent abusive or anomalous use of roaming services provided within the RLAH context. Fair use policies are subject to the terms set out in Commission Implementing Regulation (EU) 2016/2286 (CIR 2016/2286). | F117: FUP mechanisms
B118: FUP mechanisms | C118: The FUP mechansims referred to in Section 2 are defined in CIR 2016/2286 Articles 3 and 4. | F118: Fair Use Policy (FUP)
B119: stable links | C119: In accordance with CIR 2016/2286, a user having ‘stable links’ with a country means presence on the territory of the home country arising from a full-time and durable employment relationship, including that of frontier workers; from durable contractual relations entailing a similar degree of physical presence of a self-employed person; from participation in full-time recurring courses of study; or from other situations, such as those of posted workers or retired persons, whenever they involve an analogous level of territorial presence. In order for users to prove that they have stable links with a country, they can provide a proof of residence or any other document corroborating frequent and substantial presence in this country. | F119: Fair Use Policy (FUP)
B120: open data bundle | C120: In accordance with CIR 2016/2286, an ‘open data bundle’ means a tariff plan for the provision of one or more mobile retail services which does not limit the volume of mobile data retail services included against the payment of a fixed periodic fee, or for which the domestic unit price of mobile data retail services, derived by dividing the overall domestic retail price, excluding VAT, for mobile services corresponding to the entire billing period by the total volume of mobile data retail services available domestically, is lower than the regulated maximum wholesale roaming charge referred to in Articles 9-11 Roaming Regulation. | F120: Fair Use Policy (FUP)
...

Sheet Exchange rates
B1: Exchange rates
B2: For the calculation of the exchange rates, please use the following procedure:
B3: To align the determination of values in currencies other than the euro with the rule applied to intra-EU communications, the maximum charges in currencies other than the euro should be determined by applying the average of the reference exchange rates published in the Official Journal on 15 January, 15 February and 15 March of the relevant calendar year (averages are displayed in columns D and H). The same applies to the wholesale rates. Values for MDL are taken from the National Bank of Moldova, values for UAH from the National Bank of Ukraine.
B4: The publication for January 15 takes values from January 14. The publication for February 16 takes values from February 13. The publication for March 16 takes values from March 13.
B6: Currency | D6: 2025 | H6: 2026
D7: 45671 | E7: 45702 | F7: 45730 | G7: Average | H7: 46036 | I7: 46066 | J7: 46094 | K7: Average
B8: BGN | C8: Bulgarian lev | D8: 1.96 | E8: 1.96 | F8: 1.96 | G8: =ROUNDDOWN(AVERAGE(D8:F8), 2) -> 1.96
B9: CHF | C9: Swiss franc | D9: 0.94 | E9: 0.94 | F9: 0.96 | G9: =ROUNDDOWN(AVERAGE(D9:F9), 2) -> 0.94 | H9: 0.9333 | I9: 0.9121 | J9: 0.9034 | K9: =ROUNDDOWN(AVERAGE(H9:J9), 2) -> 0.91
B10: CZK | C10: Czech koruna | D10: 25.29 | E10: 25.04 | F10: 25.01 | G10: =ROUNDDOWN(AVERAGE(D10:F10), 2) -> 25.11 | H10: 24.262 | I10: 24.263 | J10: 24.437 | K10: =ROUNDDOWN(AVERAGE(H10:J10), 2) -> 24.32
B11: DKK | C11: Danish krone | D11: 7.46 | E11: 7.46 | F11: 7.46 | G11: =ROUNDDOWN(AVERAGE(D11:F11), 2) -> 7.46 | H11: 7.4723 | I11: 7.4709 | J11: 7.4726 | K11: =ROUNDDOWN(AVERAGE(H11:J11), 2) -> 7.47
B12: HUF | C12: Hungarian forint | D12: 412.05 | E12: 402.95 | F12: 399.48 | G12: =ROUNDDOWN(AVERAGE(D12:F12), 2) -> 404.82 | H12: 386.95 | I12: 379.08 | J12: 391.48 | K12: =ROUNDDOWN(AVERAGE(H12:J12), 2) -> 385.83
B13: ISK | C13: Iceland króna | D13: 144.9 | E13: 147.3 | F13: 145.9 | G13: =ROUNDDOWN(AVERAGE(D13:F13), 2) -> 146.03 | H13: 146.4 | I13: 145 | J13: 144.2 | K13: =ROUNDDOWN(AVERAGE(H13:J13), 2) -> 145.2
B14: MDL | C14: Moldovan leu | D14: 19.2906 | E14: 19.4572 | F14: 19.3963 | G14: =ROUNDDOWN(AVERAGE(D14:F14), 2) -> 19.38 | H14: 19.9036 | I14: 20.1168 | J14: 20.0351 | K14: =ROUNDDOWN(AVERAGE(H14:J14), 2) -> 20.01
B15: NOK | C15: Norwegian krone | D15: 11.72 | E15: 11.65 | F15: 11.62 | G15: =ROUNDDOWN(AVERAGE(D15:F15), 2) -> 11.66 | H15: 11.733 | I15: 11.326 | J15: 11.159 | K15: =ROUNDDOWN(AVERAGE(H15:J15), 2) -> 11.4
B16: PLN | C16: Polish zloty | D16: 4.27 | E16: 4.17 | F16: 4.17 | G16: =ROUNDDOWN(AVERAGE(D16:F16), 2) -> 4.2 | H16: 4.218 | I16: 4.215 | J16: 4.2675 | K16: =ROUNDDOWN(AVERAGE(H16:J16), 2) -> 4.23
B17: RON | C17: Romanian leu | D17: 4.97 | E17: 4.98 | F17: 4.98 | G17: =ROUNDDOWN(AVERAGE(D17:F17), 2) -> 4.97 | H17: 5.0897 | I17: 5.0946 | J17: 5.0947 | K17: =ROUNDDOWN(AVERAGE(H17:J17), 2) -> 5.09
B18: SEK | C18: Swedish krona | D18: 11.51 | E18: 11.24 | F18: 11.05 | G18: =ROUNDDOWN(AVERAGE(D18:F18), 2) -> 11.26 | H18: 10.723 | I18: 10.6254 | J18: 10.7545 | K18: =ROUNDDOWN(AVERAGE(H18:J18), 2) -> 10.7
B19: UAH | C19: Ukrainian hryvnia | D19: 43.3218 | E19: 43.4361 | F19: 45.0007 | G19: =ROUNDDOWN(AVERAGE(D19:F19), 2) -> 43.91 | H19: 50.2649 | I19: 51.0348 | J19: 50.956 | K19: =ROUNDDOWN(AVERAGE(H19:J19), 2) -> 50.75
B22: Links to 2026 OJEU Publications
B23: https://eur-lex.europa.eu/legal-content/EN/TXT/PDF/?uri=OJ:C_202600053
B24: https://eur-lex.europa.eu/legal-content/EN/TXT/PDF/?uri=OJ:C_202600520
B25: https://eur-lex.europa.eu/legal-content/EN/TXT/PDF/?uri=OJ:C_202601036

Sheet Data questionnaire - mobile
B1: Data questionnaire: Mobile services | D1: Kommentar des AK
C2: Respondent details | D2: Achtung: Der Fragebogen wurde gekürzt. Zeilen mit nicht mehr abgefragten Werte enthalten den Eintrag "collection suspended". Der Aufbau im Worksheet "Data import structure" wurde deswegen verändert.
B3: Respondent name | D3: Hinweise von BEREC:
B4: e-mail address | D4: • Stellen Sie sicher, dass sowohl die Umsätze (Revenues) als auch die Mengen (Units) vollständig und korrekt eingetragen werden.
B5: telephone number | D5: • Wir halten es für unerlässlich, klar zwischen den Antworten „0“, “not applicable” and “not available” zu unterscheiden.
D6: Aufgrund der verknüpften Tabellen wird standardmäßig „0“ bzw. "-" angezeigt. „0“ sollte jedoch nur bei einem Wert von 0 eingetragen werden.
B7: Part I | C7: mobile roaming | D7: Tragen Sie „not applicable“ oder „n/a“ ein, wenn ein Wert nicht ermittelt werden kann oder nicht zutrifft. Sie können auch „not available“ eintragen, wenn ein Wert erwartet wird, der dem Bediener zum Zeitpunkt des Ausfüllens des Fragebogens jedoch noch nicht vorliegt (möglicherweise zu einem späteren Zeitpunkt). Dies sollte im Kommentarfeld vermerkt werden.
B8: Section A - SIMs This section should be filled out by MVNOs and MNOs
A9: 1.1. | B9: Active SIMs Please provide the number of active subscribers in each tariff category | D9: As of 31.12.2025 | F9: … of which are corporate | H9: As of 31.03.2026 | J9: … of which are corporate | L9: As of 30.06.2026 | N9: … of which are corporate | P9: As of 30.09.2026 | R9: … of which are corporate
D10: prepaid | E10: postpaid | H10: prepaid | I10: postpaid | L10: prepaid | M10: postpaid | P10: prepaid | Q10: postpaid
A11: 1.1.1. | B11: Number of active SIMs with RLAH tariffs | C11: Jump to the definition of RLAH | D11: ='Data import structure'!$N$2 -> 0 | E11: ='Data import structure'!$N$3 -> 0 | F11: ='Data import structure'!$N$4 -> 0 | H11: ='Data import structure'!$N$5 -> 0 | I11: ='Data import structure'!$N$6 -> 0 | J11: ='Data import structure'!$N$7 -> 0 | L11: ='Data import structure'!$N$8 -> 0 | M11: ='Data import structure'!$N$9 -> 0 | N11: ='Data import structure'!$N$10 -> 0 | P11: ='Data import structure'!$N$11 -> 0 | Q11: ='Data import structure'!$N$12 -> 0 | R11: ='Data import structure'!$N$13 -> 0
C12: Jump to the definition of corporate subscribers
A13: 1.1.2. | B13: collection suspended
A14: 1.1.3. | B14: collection suspended
A15: 1.1.4. | B15: Number of active SIMs with alternative tariffs | C15: Jump to the definition | D15: ='Data import structure'!$N$14 -> 0 | E15: ='Data import structure'!$N$15 -> 0 | F15: ='Data import structure'!$N$16 -> 0 | H15: ='Data import structure'!$N$17 -> 0 | I15: ='Data import structure'!$N$18 -> 0 | J15: ='Data import structure'!$N$19 -> 0 | L15: ='Data import structure'!$N$20 -> 0 | M15: ='Data import structure'!$N$21 -> 0 | N15: ='Data import structure'!$N$22 -> 0 | P15: ='Data import structure'!$N$23 -> 0 | Q15: ='Data import structure'!$N$24 -> 0 | R15: ='Data import structure'!$N$25 -> 0
A17: 1.1.5. | B17: Total number of active roaming enabled SIMs in the RLAH area | C17: Jump to the definition | D17: ='Data import structure'!$N$26 -> 0 | E17: ='Data import structure'!$N$27 -> 0 | F17: ='Data import structure'!$N$28 -> 0 | H17: ='Data import structure'!$N$29 -> 0 | I17: ='Data import structure'!$N$30 -> 0 | J17: ='Data import structure'!$N$31 -> 0 | L17: ='Data import structure'!$N$32 -> 0 | M17: ='Data import structure'!$N$33 -> 0 | N17: ='Data import structure'!$N$34 -> 0 | P17: ='Data import structure'!$N$35 -> 0 | Q17: ='Data import structure'!$N$36 -> 0 | R17: ='Data import structure'!$N$37 -> 0
B18: The value reported in 1.1.5. shall include the number of active SIMs with RLAH tariffs, the number of active SIMs in RLAH+, and the number of active SIMs with alternative tariffs | D18: =D9 -> As of 31.12.2025 | F18: … of which are corporate | H18: =H9 -> As of 31.03.2026 | J18: … of which are corporate | L18: =L9 -> As of 30.06.2026 | N18: … of which are corporate | P18: =P9 -> As of 30.09.2026 | R18: … of which are corporate
D19: prepaid | E19: postpaid | H19: prepaid | I19: postpaid | L19: prepaid | M19: postpaid | P19: prepaid | Q19: postpaid
A20: 1.1.6. | B20: Total number of active SIMs that are not roaming enabled in the RLAH area ("domestic only") | D20: ='Data import structure'!$N$38 -> 0 | E20: ='Data import structure'!$N$39 -> 0 | F20: ='Data import structure'!$N$40 -> 0 | H20: ='Data import structure'!$N$41 -> 0 | I20: ='Data import structure'!$N$42 -> 0 | J20: ='Data import structure'!$N$43 -> 0 | L20: ='Data import structure'!$N$44 -> 0 | M20: ='Data import structure'!$N$45 -> 0 | N20: ='Data import structure'!$N$46 -> 0 | P20: ='Data import structure'!$N$47 -> 0 | Q20: ='Data import structure'!$N$48 -> 0 | R20: ='Data import structure'!$N$49 -> 0
A22: 1.1.7. | B22: Total number of active SIMs (sum of 1.1.5 and 1.1.6) | D22: =D17+D20 -> 0 | E22: =E17+E20 -> 0 | F22: =F17+F20 -> 0 | H22: =H17+H20 -> 0 | I22: =I17+I20 -> 0 | J22: =J17+J20 -> 0 | L22: =L17+L20 -> 0 | M22: =M17+M20 -> 0 | N22: =N17+N20 -> 0 | P22: =P17+P20 -> 0 | Q22: =Q17+Q20 -> 0 | R22: =R17+R20 -> 0
B23: In case information of totals available only, please indicate this number in one of above cells (in one of the components of total sum), which is closest to total number and clarify it in comments section
A25: 1.2. | B25: Roaming SIMs Please provide the number of roaming days or SIMs in each tariff category roaming in the specified region and period in the RLAH area | D25: =D9 -> As of 31.12.2025 | F25: … of which are corporate | H25: =H9 -> As of 31.03.2026 | J25: … of which are corporate | L25: =L9 -> As of 30.06.2026 | N25: … of which are corporate | P25: =P9 -> As of 30.09.2026 | R25: … of which are corporate
D26: prepaid | E26: postpaid | H26: prepaid | I26: postpaid | L26: prepaid | M26: postpaid | P26: prepaid | Q26: postpaid
A27: 1.2.1. | B27: Total number of days that active SIMs were roaming in the RLAH area | C27: Jump to the definition | D27: ='Data import structure'!$N$50 -> 0 | E27: ='Data import structure'!$N$51 -> 0 | F27: ='Data import structure'!$N$52 -> 0 | H27: ='Data import structure'!$N$53 -> 0 | I27: ='Data import structure'!$N$54 -> 0 | J27: ='Data import structure'!$N$55 -> 0 | L27: ='Data import structure'!$N$56 -> 0 | M27: ='Data import structure'!$N$57 -> 0 | N27: ='Data import structure'!$N$58 -> 0 | P27: ='Data import structure'!$N$59 -> 0 | Q27: ='Data import structure'!$N$60 -> 0 | R27: ='Data import structure'!$N$61 -> 0
A29: 1.2.2. | B29: Number of active SIMs that were roaming at least once in the concerned quarter in the RLAH area | C29: Jump to the definition | D29: ='Data import structure'!$N$62 -> 0 | E29: ='Data import structure'!$N$63 -> 0 | F29: ='Data import structure'!$N$64 -> 0 | H29: ='Data import structure'!$N$65 -> 0 | I29: ='Data import structure'!$N$66 -> 0 | J29: ='Data import structure'!$N$67 -> 0 | L29: ='Data import structure'!$N$68 -> 0 | M29: ='Data import structure'!$N$69 -> 0 | N29: ='Data import structure'!$N$70 -> 0 | P29: ='Data import structure'!$N$71 -> 0 | Q29: ='Data import structure'!$N$72 -> 0 | R29: ='Data import structure'!$N$73 -> 0
A31: 1.2.3. | B31: Number of active SIMs with RLAH services that were roaming at least once in the concerned quarter in the RLAH area | D31: ='Data import structure'!$N$74 -> 0 | E31: ='Data import structure'!$N$75 -> 0 | F31: ='Data import structure'!$N$76 -> 0 | H31: ='Data import structure'!$N$77 -> 0 | I31: ='Data import structure'!$N$78 -> 0 | J31: ='Data import structure'!$N$79 -> 0 | L31: ='Data import structure'!$N$80 -> 0 | M31: ='Data import structure'!$N$81 -> 0 | N31: ='Data import structure'!$N$82 -> 0 | P31: ='Data import structure'!$N$83 -> 0 | Q31: ='Data import structure'!$N$84 -> 0 | R31: ='Data import structure'!$N$85 -> 0
A33: 1.2.4. | B33: collection suspended
A35: 1.2.5. | B35: collection suspended
A37: 1.2.6. | B37: collection suspended
B39: Comments on this section
A42: 2. | B42: Section B - Retail roaming This section should be filled out by MVNOs and MNOs
A43: 2.1. | B43: Domestic consumption and revenues Please provide the volumes of domestic traffic per category as well as the total retail domestic revenue. | C43: Jump to the definition | D43: Q4 2025 | H43: Q1 2026 | L43: Q2 2026 | P43: Q3 2026
D44: units | H44: units | L44: units | P44: units
A45: 2.1.1.1. | B45: Domestic minutes | C45: calls made | D45: ='Data import structure'!$N$86 -> 0 | H45: ='Data import structure'!$N$87 -> 0 | L45: ='Data import structure'!$N$88 -> 0 | P45: ='Data import structure'!$N$89 -> 0
A46: 2.1.1.2. | C46: calls received | D46: ='Data import structure'!$N$90 -> 0 | H46: ='Data import structure'!$N$91 -> 0 | L46: ='Data import structure'!$N$92 -> 0 | P46: ='Data import structure'!$N$93 -> 0
A47: 2.1.2. | B47: Domestic SMS | D47: ='Data import structure'!$N$94 -> 0 | H47: ='Data import structure'!$N$95 -> 0 | L47: ='Data import structure'!$N$96 -> 0 | P47: ='Data import structure'!$N$97 -> 0
A48: 2.1.3. | B48: Domestic GB | D48: ='Data import structure'!$N$98 -> 0 | H48: ='Data import structure'!$N$99 -> 0 | L48: ='Data import structure'!$N$100 -> 0 | P48: ='Data import structure'!$N$101 -> 0
D49: revenues | H49: revenues | L49: revenues | P49: revenues
A50: 2.1.4. | B50: Total retail domestic revenues including roaming revenues of bundles | C50: Jump to the definition | D50: ='Data import structure'!$N$102 -> 0 | H50: ='Data import structure'!$N$103 -> 0 | L50: ='Data import structure'!$N$104 -> 0 | P50: ='Data import structure'!$N$105 -> 0
B52: RLAH and RLAH+ roaming consumption and revenues Please provide the volumes of retail roaming traffic in RLAH per tariff and category as well as the retail roaming revenue per category. | C52: Jump to the definition
A53: 2.2. | B53: RLAH | D53: =D43 -> Q4 2025 | H53: =H43 -> Q1 2026 | L53: =L43 -> Q2 2026 | P53: =P43 -> Q3 2026
A54: 2.2.1.1. | B54: RLAH minutes | C54: calls made | D54: ='Data import structure'!$N$106 -> 0 | H54: ='Data import structure'!$N$107 -> 0 | L54: ='Data import structure'!$N$108 -> 0 | P54: ='Data import structure'!$N$109 -> 0
A55: 2.2.1.2. | C55: calls received | D55: ='Data import structure'!$N$110 -> 0 | H55: ='Data import structure'!$N$111 -> 0 | L55: ='Data import structure'!$N$112 -> 0 | P55: ='Data import structure'!$N$113 -> 0
A56: 2.2.2. | B56: RLAH SMS | D56: ='Data import structure'!$N$114 -> 0 | H56: ='Data import structure'!$N$115 -> 0 | L56: ='Data import structure'!$N$116 -> 0 | P56: ='Data import structure'!$N$117 -> 0
A57: 2.2.3. | B57: RLAH GB | D57: ='Data import structure'!$N$118 -> 0 | H57: ='Data import structure'!$N$119 -> 0 | L57: ='Data import structure'!$N$120 -> 0 | P57: ='Data import structure'!$N$121 -> 0
A59: 2.3. | B59: RLAH+ | D59: =D43 -> Q4 2025 | H59: =H43 -> Q1 2026 | L59: =L43 -> Q2 2026 | P59: =P43 -> Q3 2026
A60: 2.3.1. | B60: for not providing the stable link | C60: Jump to the definition | D60: units | E60: revenues | H60: units | I60: revenues | L60: units | M60: revenues | P60: units | Q60: revenues
A61: 2.3.1.1.1. | B61: RLAH+ minutes | C61: calls made | D61: ='Data import structure'!$N$122 -> 0 | E61: ='Data import structure'!$N$138 -> 0 | H61: ='Data import structure'!$N$123 -> 0 | I61: ='Data import structure'!$N$139 -> 0 | L61: ='Data import structure'!$N$124 -> 0 | M61: ='Data import structure'!$N$140 -> 0 | P61: ='Data import structure'!$N$125 -> 0 | Q61: ='Data import structure'!$N$141 -> 0
A62: 2.3.1.1.2. | C62: calls received | D62: ='Data import structure'!$N$126 -> 0 | E62: ='Data import structure'!$N$142 -> 0 | H62: ='Data import structure'!$N$127 -> 0 | I62: ='Data import structure'!$N$143 -> 0 | L62: ='Data import structure'!$N$128 -> 0 | M62: ='Data import structure'!$N$144 -> 0 | P62: ='Data import structure'!$N$129 -> 0 | Q62: ='Data import structure'!$N$145 -> 0
A63: 2.3.1.2. | B63: RLAH+ SMS | D63: ='Data import structure'!$N$130 -> 0 | E63: ='Data import structure'!$N$146 -> 0 | H63: ='Data import structure'!$N$131 -> 0 | I63: ='Data import structure'!$N$147 -> 0 | L63: ='Data import structure'!$N$132 -> 0 | M63: ='Data import structure'!$N$148 -> 0 | P63: ='Data import structure'!$N$133 -> 0 | Q63: ='Data import structure'!$N$149 -> 0
A64: 2.3.1.3. | B64: RLAH+ GB | D64: ='Data import structure'!$N$134 -> 0 | E64: ='Data import structure'!$N$150 -> 0 | H64: ='Data import structure'!$N$135 -> 0 | I64: ='Data import structure'!$N$151 -> 0 | L64: ='Data import structure'!$N$136 -> 0 | M64: ='Data import structure'!$N$152 -> 0 | P64: ='Data import structure'!$N$137 -> 0 | Q64: ='Data import structure'!$N$153 -> 0
D65: =D43 -> Q4 2025 | H65: =H43 -> Q1 2026 | L65: =L43 -> Q2 2026 | P65: =P43 -> Q3 2026
A66: 2.3.2. | B66: due to derogation | C66: Jump to the definition | D66: units | E66: revenues | H66: units | I66: revenues | L66: units | M66: revenues | P66: units | Q66: revenues
A67: 2.3.2.1.1. | B67: RLAH+ minutes | C67: calls made | D67: ='Data import structure'!$N$154 -> 0 | E67: ='Data import structure'!$N$170 -> 0 | H67: ='Data import structure'!$N$155 -> 0 | I67: ='Data import structure'!$N$171 -> 0 | L67: ='Data import structure'!$N$156 -> 0 | M67: ='Data import structure'!$N$172 -> 0 | P67: ='Data import structure'!$N$157 -> 0 | Q67: ='Data import structure'!$N$173 -> 0
A68: 2.3.2.1.2. | C68: calls received | D68: ='Data import structure'!$N$158 -> 0 | E68: ='Data import structure'!$N$174 -> 0 | H68: ='Data import structure'!$N$159 -> 0 | I68: ='Data import structure'!$N$175 -> 0 | L68: ='Data import structure'!$N$160 -> 0 | M68: ='Data import structure'!$N$176 -> 0 | P68: ='Data import structure'!$N$161 -> 0 | Q68: ='Data import structure'!$N$177 -> 0
A69: 2.3.2.2. | B69: RLAH+ SMS | D69: ='Data import structure'!$N$162 -> 0 | E69: ='Data import structure'!$N$178 -> 0 | H69: ='Data import structure'!$N$163 -> 0 | I69: ='Data import structure'!$N$179 -> 0 | L69: ='Data import structure'!$N$164 -> 0 | M69: ='Data import structure'!$N$180 -> 0 | P69: ='Data import structure'!$N$165 -> 0 | Q69: ='Data import structure'!$N$181 -> 0
A70: 2.3.2.3. | B70: RLAH+ GB | D70: ='Data import structure'!$N$166 -> 0 | E70: ='Data import structure'!$N$182 -> 0 | H70: ='Data import structure'!$N$167 -> 0 | I70: ='Data import structure'!$N$183 -> 0 | L70: ='Data import structure'!$N$168 -> 0 | M70: ='Data import structure'!$N$184 -> 0 | P70: ='Data import structure'!$N$169 -> 0 | Q70: ='Data import structure'!$N$185 -> 0
D71: =D43 -> Q4 2025 | H71: =H43 -> Q1 2026 | L71: =L43 -> Q2 2026 | P71: =P43 -> Q3 2026
A72: 2.3.3. | B72: for abusive/anomalous usage | C72: Jump to the definition | D72: units | E72: revenues | H72: units | I72: revenues | L72: units | M72: revenues | P72: units | Q72: revenues
A73: 2.3.3.1.1. | B73: RLAH+ minutes | C73: calls made | D73: ='Data import structure'!$N$186 -> 0 | E73: ='Data import structure'!$N$202 -> 0 | H73: ='Data import structure'!$N$187 -> 0 | I73: ='Data import structure'!$N$203 -> 0 | L73: ='Data import structure'!$N$188 -> 0 | M73: ='Data import structure'!$N$204 -> 0 | P73: ='Data import structure'!$N$189 -> 0 | Q73: ='Data import structure'!$N$205 -> 0
A74: 2.3.3.1.2. | C74: calls received | D74: ='Data import structure'!$N$190 -> 0 | E74: ='Data import structure'!$N$206 -> 0 | H74: ='Data import structure'!$N$191 -> 0 | I74: ='Data import structure'!$N$207 -> 0 | L74: ='Data import structure'!$N$192 -> 0 | M74: ='Data import structure'!$N$208 -> 0 | P74: ='Data import structure'!$N$193 -> 0 | Q74: ='Data import structure'!$N$209 -> 0
A75: 2.3.3.2. | B75: RLAH+ SMS | D75: ='Data import structure'!$N$194 -> 0 | E75: ='Data import structure'!$N$210 -> 0 | H75: ='Data import structure'!$N$195 -> 0 | I75: ='Data import structure'!$N$211 -> 0 | L75: ='Data import structure'!$N$196 -> 0 | M75: ='Data import structure'!$N$212 -> 0 | P75: ='Data import structure'!$N$197 -> 0 | Q75: ='Data import structure'!$N$213 -> 0
A76: 2.3.3.3. | B76: RLAH+ GB | D76: ='Data import structure'!$N$198 -> 0 | E76: ='Data import structure'!$N$214 -> 0 | H76: ='Data import structure'!$N$199 -> 0 | I76: ='Data import structure'!$N$215 -> 0 | L76: ='Data import structure'!$N$200 -> 0 | M76: ='Data import structure'!$N$216 -> 0 | P76: ='Data import structure'!$N$201 -> 0 | Q76: ='Data import structure'!$N$217 -> 0
D77: =D43 -> Q4 2025 | H77: =H43 -> Q1 2026 | L77: =L43 -> Q2 2026 | P77: =P43 -> Q3 2026
A78: 2.3.4. | B78: for exceeding the data FUP | C78: Jump to the definition | D78: units | E78: revenues | H78: units | I78: revenues | L78: units | M78: revenues | P78: units | Q78: revenues
A79: 2.3.4.1. | B79: RLAH+ GB | D79: ='Data import structure'!$N$218 -> 0 | E79: ='Data import structure'!$N$222 -> 0 | H79: ='Data import structure'!$N$219 -> 0 | I79: ='Data import structure'!$N$223 -> 0 | L79: ='Data import structure'!$N$220 -> 0 | M79: ='Data import structure'!$N$224 -> 0 | P79: ='Data import structure'!$N$221 -> 0 | Q79: ='Data import structure'!$N$225 -> 0
D81: =D43 -> Q4 2025 | H81: =H43 -> Q1 2026 | L81: =L43 -> Q2 2026 | P81: =P43 -> Q3 2026
A82: 2.4. | B82: Alternative tariffs | C82: =HYPERLINK("#'Overview and definitions'!B50", "Jump to the definition") -> Jump to the definition | D82: units | E82: revenues | H82: units | I82: revenues | L82: units | M82: revenues | P82: units | Q82: revenues
A83: 2.4.1.1. | B83: Minutes | C83: calls made | D83: ='Data import structure'!$N$226 -> 0 | E83: ='Data import structure'!$N$242 -> 0 | H83: ='Data import structure'!$N$227 -> 0 | I83: ='Data import structure'!$N$243 -> 0 | L83: ='Data import structure'!$N$228 -> 0 | M83: ='Data import structure'!$N$244 -> 0 | P83: ='Data import structure'!$N$229 -> 0 | Q83: ='Data import structure'!$N$245 -> 0
A84: 2.4.1.2. | C84: calls received | D84: ='Data import structure'!$N$230 -> 0 | E84: ='Data import structure'!$N$246 -> 0 | H84: ='Data import structure'!$N$231 -> 0 | I84: ='Data import structure'!$N$247 -> 0 | L84: ='Data import structure'!$N$232 -> 0 | M84: ='Data import structure'!$N$248 -> 0 | P84: ='Data import structure'!$N$233 -> 0 | Q84: ='Data import structure'!$N$249 -> 0
A85: 2.4.2. | B85: SMS | D85: ='Data import structure'!$N$234 -> 0 | E85: ='Data import structure'!$N$250 -> 0 | H85: ='Data import structure'!$N$235 -> 0 | I85: ='Data import structure'!$N$251 -> 0 | L85: ='Data import structure'!$N$236 -> 0 | M85: ='Data import structure'!$N$252 -> 0 | P85: ='Data import structure'!$N$237 -> 0 | Q85: ='Data import structure'!$N$253 -> 0
A86: 2.4.3. | B86: GB | D86: ='Data import structure'!$N$238 -> 0 | E86: ='Data import structure'!$N$254 -> 0 | H86: ='Data import structure'!$N$239 -> 0 | I86: ='Data import structure'!$N$255 -> 0 | L86: ='Data import structure'!$N$240 -> 0 | M86: ='Data import structure'!$N$256 -> 0 | P86: ='Data import structure'!$N$241 -> 0 | Q86: ='Data import structure'!$N$257 -> 0
A88: 2.4.4. | B88: collection suspended
A90: 2.5. | B90: collection suspended
A92: 2.6. | B92: RoW roaming consumption and revenues Please provide the volumes of retail roaming traffic in the Rest of World per category as well as the retail roaming revenue per category. | C92: Jump to the definition | D92: =D43 -> Q4 2025 | H92: =H43 -> Q1 2026 | L92: =L43 -> Q2 2026 | P92: =P43 -> Q3 2026
B93: RoW retail roaming | D93: units | E93: revenues | H93: units | I93: revenues | L93: units | M93: revenues | P93: units | Q93: revenues
A94: 2.6.1.1. | B94: actual minutes | C94: calls made | D94: ='Data import structure'!$N$258 -> 0 | E94: ='Data import structure'!$N$274 -> 0 | H94: ='Data import structure'!$N$259 -> 0 | I94: ='Data import structure'!$N$275 -> 0 | L94: ='Data import structure'!$N$260 -> 0 | M94: ='Data import structure'!$N$276 -> 0 | P94: ='Data import structure'!$N$261 -> 0 | Q94: ='Data import structure'!$N$277 -> 0
A95: 2.6.1.2. | C95: calls received | D95: ='Data import structure'!$N$262 -> 0 | E95: ='Data import structure'!$N$278 -> 0 | H95: ='Data import structure'!$N$263 -> 0 | I95: ='Data import structure'!$N$279 -> 0 | L95: ='Data import structure'!$N$264 -> 0 | M95: ='Data import structure'!$N$280 -> 0 | P95: ='Data import structure'!$N$265 -> 0 | Q95: ='Data import structure'!$N$281 -> 0
A96: 2.6.2. | B96: SMS | D96: ='Data import structure'!$N$266 -> 0 | E96: ='Data import structure'!$N$282 -> 0 | H96: ='Data import structure'!$N$267 -> 0 | I96: ='Data import structure'!$N$283 -> 0 | L96: ='Data import structure'!$N$268 -> 0 | M96: ='Data import structure'!$N$284 -> 0 | P96: ='Data import structure'!$N$269 -> 0 | Q96: ='Data import structure'!$N$285 -> 0
A97: 2.6.3. | B97: GB | D97: ='Data import structure'!$N$270 -> 0 | E97: ='Data import structure'!$N$286 -> 0 | H97: ='Data import structure'!$N$271 -> 0 | I97: ='Data import structure'!$N$287 -> 0 | L97: ='Data import structure'!$N$272 -> 0 | M97: ='Data import structure'!$N$288 -> 0 | P97: ='Data import structure'!$N$273 -> 0 | Q97: ='Data import structure'!$N$289 -> 0
A99: 2.6.4. | B99: collection suspended
B101: Comments on this section
A104: 3. | B104: Section C - Wholesale outbound roaming (refers to wholesale purchases of operators from visited networks for direct wholesale agreements or via hubs) and wholesale roaming rates This section should be filled in by MNOs and MVNOs / MVNEs having direct agreements.
A105: 3.1. | B105: RLAH outbound roaming | D105: =D43 -> Q4 2025 | H105: =H43 -> Q1 2026 | L105: =L43 -> Q2 2026 | P105: =P43 -> Q3 2026
B106: Please provide the volumes (in units) and payments for wholesale outbound roaming per category. | C106: Jump to the definition | D106: units | E106: payments | H106: units | I106: payments | L106: units | M106: payments | P106: units | Q106: payments
A107: 3.1.1. | B107: Minutes | D107: ='Data import structure'!$N$290 -> 0 | E107: ='Data import structure'!$N$302 -> 0 | H107: ='Data import structure'!$N$291 -> 0 | I107: ='Data import structure'!$N$303 -> 0 | L107: ='Data import structure'!$N$292 -> 0 | M107: ='Data import structure'!$N$304 -> 0 | P107: ='Data import structure'!$N$293 -> 0 | Q107: ='Data import structure'!$N$305 -> 0
A108: 3.1.2. | B108: SMS | D108: ='Data import structure'!$N$294 -> 0 | E108: ='Data import structure'!$N$306 -> 0 | H108: ='Data import structure'!$N$295 -> 0 | I108: ='Data import structure'!$N$307 -> 0 | L108: ='Data import structure'!$N$296 -> 0 | M108: ='Data import structure'!$N$308 -> 0 | P108: ='Data import structure'!$N$297 -> 0 | Q108: ='Data import structure'!$N$309 -> 0
A109: 3.1.3. | B109: GB | D109: ='Data import structure'!$N$298 -> 0 | E109: ='Data import structure'!$N$310 -> 0 | H109: ='Data import structure'!$N$299 -> 0 | I109: ='Data import structure'!$N$311 -> 0 | L109: ='Data import structure'!$N$300 -> 0 | M109: ='Data import structure'!$N$312 -> 0 | P109: ='Data import structure'!$N$301 -> 0 | Q109: ='Data import structure'!$N$313 -> 0
A111: 3.2. | B111: RLAH unbalanced rates - collection suspended
B113: RLAH wholesale roaming via trading platforms | D113: =D43 -> Q4 2025 | H113: =H43 -> Q1 2026 | L113: =L43 -> Q2 2026 | P113: =P43 -> Q3 2026
A114: 3.3. | B114: Please provide the volumes (in units) and revenues per category for wholesale RLAH roaming capacities acquired via trading platforms. | C114: Jump to the definition | D114: units | E114: payments | H114: units | I114: payments | L114: units | M114: payments | P114: units | Q114: payments
A115: 3.3.1. | B115: Minutes | D115: ='Data import structure'!$N$314 -> 0 | E115: ='Data import structure'!$N$326 -> 0 | H115: ='Data import structure'!$N$315 -> 0 | I115: ='Data import structure'!$N$327 -> 0 | L115: ='Data import structure'!$N$316 -> 0 | M115: ='Data import structure'!$N$328 -> 0 | P115: ='Data import structure'!$N$317 -> 0 | Q115: ='Data import structure'!$N$329 -> 0
A116: 3.3.2. | B116: SMS | D116: ='Data import structure'!$N$318 -> 0 | E116: ='Data import structure'!$N$330 -> 0 | H116: ='Data import structure'!$N$319 -> 0 | I116: ='Data import structure'!$N$331 -> 0 | L116: ='Data import structure'!$N$320 -> 0 | M116: ='Data import structure'!$N$332 -> 0 | P116: ='Data import structure'!$N$321 -> 0 | Q116: ='Data import structure'!$N$333 -> 0
A117: 3.3.3. | B117: GB | D117: ='Data import structure'!$N$322 -> 0 | E117: ='Data import structure'!$N$334 -> 0 | H117: ='Data import structure'!$N$323 -> 0 | I117: ='Data import structure'!$N$335 -> 0 | L117: ='Data import structure'!$N$324 -> 0 | M117: ='Data import structure'!$N$336 -> 0 | P117: ='Data import structure'!$N$325 -> 0 | Q117: ='Data import structure'!$N$337 -> 0
B119: Comments on this section
B122: Section D - Wholesale inbound roaming, resale roaming and roaming transit This section should be filled out by MNOs
A123: 4. | B123: Inbound roaming | C123: Jump to the definition
A124: 4.1. | B124: Regulated wholesale roaming
B125: Please provide the wholesale roaming units and revenues in the RLAH area per type of traffic and category. | D125: =D43 -> Q4 2025 | H125: =H43 -> Q1 2026 | L125: =L43 -> Q2 2026 | P125: =P43 -> Q3 2026
A126: 4.1.1. | B126: Total | C126: Jump to the definition | D126: units | E126: revenues | H126: units | I126: revenues | L126: units | M126: revenues | P126: units | Q126: revenues
...

Sheet Data - connected objects
B1: Data questionnaire: Connected objects and devices | D1: Kommentar des AK
C2: Respondent details | D2: Achtung: Der Fragebogen wurde gekürzt. Zeilen mit nicht mehr abgefragten Werte enthalten den Eintrag "collection suspended". Der Aufbau im Worksheet "Data import structure" wurde deswegen verändert.
B3: Respondent name | D3: Hinweise von BEREC:
B4: e-mail address | D4: • Stellen Sie sicher, dass sowohl die Umsätze (Revenues) als auch die Mengen (Units) vollständig und korrekt eingetragen werden.
B5: telephone number | D5: • Wir halten es für unerlässlich, klar zwischen den Antworten „0“, “not applicable” and “not available” zu unterscheiden.
D6: Aufgrund der verknüpften Tabellen wird standardmäßig „0“ bzw. "-" angezeigt. „0“ sollte jedoch nur bei einem Wert von 0 eingetragen werden.
B7: Part II - connected objects/devices | D7: Tragen Sie „not applicable“ oder „n/a“ ein, wenn ein Wert nicht ermittelt werden kann oder nicht zutrifft. Sie können auch „not available“ eintragen, wenn ein Wert erwartet wird, der dem Bediener zum Zeitpunkt des Ausfüllens des Fragebogens jedoch noch nicht vorliegt (möglicherweise zu einem späteren Zeitpunkt). Dies sollte im Kommentarfeld vermerkt werden.
B8: Section A - connected objects/devices
A9: 1.1. | B9: Active devices Please provide the number of active connected objects/devices in each tariff category | D9: ='Data questionnaire - mobile'!$D$9 -> As of 31.12.2025 | H9: ='Data questionnaire - mobile'!$H$9 -> As of 31.03.2026 | L9: ='Data questionnaire - mobile'!$L$9 -> As of 30.06.2026 | P9: ='Data questionnaire - mobile'!$P$9 -> As of 30.09.2026
A10: 1.1.1. | B10: Total number of active roaming-enabled connected objects/devices in the RLAH area | C10: Jump to the definition | D10: ='Data import structure'!$N$554 -> 0 | H10: ='Data import structure'!$N$555 -> 0 | L10: ='Data import structure'!$N$556 -> 0 | P10: ='Data import structure'!$N$557 -> 0
A12: 1.1.2. | B12: Total number of active connected objects/devices that are not roaming enabled in the RLAH area ("domestic-only") | D12: ='Data import structure'!$N$558 -> 0 | H12: ='Data import structure'!$N$559 -> 0 | L12: ='Data import structure'!$N$560 -> 0 | P12: ='Data import structure'!$N$561 -> 0
A14: 1.1.3. | B14: Total number of active connected objects/devices (sum of 1.1.1. and 1.1.2.) | D14: =D10+D12 -> 0 | H14: =H10+H12 -> 0 | L14: =L10+L12 -> 0 | P14: =P10+P12 -> 0
A16: 1.1.4. | B16: Number of connected objects/devices operating in LPWAN (NB-IoT and LTE-M) independently of national or roaming usage | C16: Jump to the definition | D16: ='Data import structure'!$N$562 -> 0 | H16: ='Data import structure'!$N$563 -> 0 | L16: ='Data import structure'!$N$564 -> 0 | P16: ='Data import structure'!$N$565 -> 0
A18: 1.2. | B18: Roaming devices
B19: Please provide the number of connected objects/devices roaming in the specified period in the RLAH area | D19: ='Data questionnaire - mobile'!$D$9 -> As of 31.12.2025 | H19: ='Data questionnaire - mobile'!$H$9 -> As of 31.03.2026 | L19: ='Data questionnaire - mobile'!$L$9 -> As of 30.06.2026 | P19: ='Data questionnaire - mobile'!$P$9 -> As of 30.09.2026
A20: 1.2.1. | B20: Number of active connected objects/devices roaming at least once in the concerned quarter in the RLAH area | C20: This figure should include any connected objects/devices reported under 1.2.2. further below. | D20: ='Data import structure'!$N$566 -> 0 | H20: ='Data import structure'!$N$567 -> 0 | L20: ='Data import structure'!$N$568 -> 0 | P20: ='Data import structure'!$N$569 -> 0
A22: 1.2.2. | B22: Number of active connected objects/devices roaming permanently in the concerned quarter in the RLAH area | C22: Jump to the definition | D22: ='Data import structure'!$N$570 -> 0 | H22: ='Data import structure'!$N$571 -> 0 | L22: ='Data import structure'!$N$572 -> 0 | P22: ='Data import structure'!$N$573 -> 0
B24: For those connected objects that do not use transmission technologies such as LTE-M, NB-IoT, 5G Standards for IoT, please, point out how you separate connected devices from regular devices (for example, by retail contract, by wholesale agreement, by kind of device, etc…) and your role as operator (visited network or roaming provider).
A25: 1.2.3.
B33: Comments on this section
B36: Section B - Retail roaming of connected objects/devices
A37: 2. | B37: Retail units and revenues per region | D37: ='Data questionnaire - mobile'!$D$43 -> Q4 2025 | H37: ='Data questionnaire - mobile'!$H$43 -> Q1 2026 | L37: ='Data questionnaire - mobile'!$L$43 -> Q2 2026 | P37: ='Data questionnaire - mobile'!$P$43 -> Q3 2026
A38: 2.1. | B38: Domestic | C38: Jump to the definition | D38: units | H38: units | L38: units | P38: units
A39: 2.1.1.1. | B39: collection suspended
A40: 2.1.1.2. | B40: collection suspended
A41: 2.1.2. | B41: collection suspended
A42: 2.1.3. | B42: GB | D42: ='Data import structure'!$N$574 -> 0 | H42: ='Data import structure'!$N$575 -> 0 | L42: ='Data import structure'!$N$576 -> 0 | P42: ='Data import structure'!$N$577 -> 0
D43: revenues | H43: revenues | L43: revenues | P43: revenues
A44: 2.1.4. | B44: Total retail domestic revenues including roaming revenues of bundles | D44: ='Data import structure'!$N$578 -> 0 | H44: ='Data import structure'!$N$579 -> 0 | L44: ='Data import structure'!$N$580 -> 0 | P44: ='Data import structure'!$N$581 -> 0
D46: ='Data questionnaire - mobile'!$D$43 -> Q4 2025 | H46: ='Data questionnaire - mobile'!$H$43 -> Q1 2026 | L46: ='Data questionnaire - mobile'!$L$43 -> Q2 2026 | P46: ='Data questionnaire - mobile'!$P$43 -> Q3 2026
A47: 2.2. | B47: RLAH roaming | C47: Jump to the definition | D47: units | E47: revenues | H47: units | I47: revenues | L47: units | M47: revenues | P47: units | Q47: revenues
A48: 2.2.1.1. | B48: collection suspended
A49: 2.2.1.2. | B49: collection suspended
A51: 2.2.2. | B51: collection suspended
A53: 2.2.3.1. | B53: GB | C53: total | D53: ='Data import structure'!$N$582 -> 0 | E53: ='Data import structure'!$N$594 -> 0 | H53: ='Data import structure'!$N$583 -> 0 | I53: ='Data import structure'!$N$595 -> 0 | L53: ='Data import structure'!$N$584 -> 0 | M53: ='Data import structure'!$N$596 -> 0 | P53: ='Data import structure'!$N$585 -> 0 | Q53: ='Data import structure'!$N$597 -> 0
A54: 2.2.3.2. | B54: =HYPERLINK("#'Overview and definitions'!B109", "Jump to the definition") -> Jump to the definition | C54: in LPWAN | D54: ='Data import structure'!$N$586 -> 0 | E54: ='Data import structure'!$N$598 -> 0 | H54: ='Data import structure'!$N$587 -> 0 | I54: ='Data import structure'!$N$599 -> 0 | L54: ='Data import structure'!$N$588 -> 0 | M54: ='Data import structure'!$N$600 -> 0 | P54: ='Data import structure'!$N$589 -> 0 | Q54: ='Data import structure'!$N$601 -> 0
A55: 2.2.3.3. | B55: =HYPERLINK("#'Overview and definitions'!B110", "Jump to the definition") -> Jump to the definition | C55: in permanent roaming | D55: ='Data import structure'!$N$590 -> 0 | E55: ='Data import structure'!$N$602 -> 0 | H55: ='Data import structure'!$N$591 -> 0 | I55: ='Data import structure'!$N$603 -> 0 | L55: ='Data import structure'!$N$592 -> 0 | M55: ='Data import structure'!$N$604 -> 0 | P55: ='Data import structure'!$N$593 -> 0 | Q55: ='Data import structure'!$N$605 -> 0
A57: 2.2.4 | B57: collection suspended | D57: ='Data questionnaire - mobile'!$D$43 -> Q4 2025 | H57: ='Data questionnaire - mobile'!$H$43 -> Q1 2026 | L57: ='Data questionnaire - mobile'!$L$43 -> Q2 2026 | P57: ='Data questionnaire - mobile'!$P$43 -> Q3 2026
A60: 2.3. | B60: RoW roaming | C60: Jump to the definition | D60: units | E60: revenues | H60: units | I60: revenues | L60: units | M60: revenues | P60: units | Q60: revenues
A61: 2.3.1.1. | B61: collection suspended
A62: 2.3.1.2. | B62: collection suspended
A63: 2.3.2. | B63: collection suspended
A64: 2.3.3. | B64: GB | C64: total | D64: ='Data import structure'!$N$606 -> 0 | E64: ='Data import structure'!$N$610 -> 0 | H64: ='Data import structure'!$N$607 -> 0 | I64: ='Data import structure'!$N$611 -> 0 | L64: ='Data import structure'!$N$608 -> 0 | M64: ='Data import structure'!$N$612 -> 0 | P64: ='Data import structure'!$N$609 -> 0 | Q64: ='Data import structure'!$N$613 -> 0
A66: 2.3.4. | B66: collection suspended
D67: revenues | H67: revenues | L67: revenues | P67: revenues
A68: 2.4. | B68: Total retail revenues from connected objects/devices | D68: ='Data import structure'!$N$614 -> 0 | H68: ='Data import structure'!$N$615 -> 0 | L68: ='Data import structure'!$N$616 -> 0 | P68: ='Data import structure'!$N$617 -> 0
B69: Please provide the total revenues from connected objects/devices, including both metered revenues and revenues from bundles.
B71: Comments on this section
B74: Section C - Wholesale roaming of connected objects/devices
A75: 3. | B75: Wholesale inbound roaming | C75: Jump to the definition | D75: ='Data questionnaire - mobile'!$D$43 -> Q4 2025 | H75: ='Data questionnaire - mobile'!$H$43 -> Q1 2026 | L75: ='Data questionnaire - mobile'!$L$43 -> Q2 2026 | P75: ='Data questionnaire - mobile'!$P$43 -> Q3 2026
A76: 3.1. | B76: RLAH wholesale roaming | D76: units | E76: revenues | H76: units | I76: revenues | L76: units | M76: revenues | P76: units | Q76: revenues
A77: 3.1.1. | B77: Minutes | D77: ='Data import structure'!$N$618 -> 0 | E77: ='Data import structure'!$N$638 -> 0 | H77: ='Data import structure'!$N$619 -> 0 | I77: ='Data import structure'!$N$639 -> 0 | L77: ='Data import structure'!$N$620 -> 0 | M77: ='Data import structure'!$N$640 -> 0 | P77: ='Data import structure'!$N$621 -> 0 | Q77: ='Data import structure'!$N$641 -> 0
A79: 3.1.2. | B79: SMS | D79: ='Data import structure'!$N$622 -> 0 | E79: ='Data import structure'!$N$642 -> 0 | H79: ='Data import structure'!$N$623 -> 0 | I79: ='Data import structure'!$N$643 -> 0 | L79: ='Data import structure'!$N$624 -> 0 | M79: ='Data import structure'!$N$644 -> 0 | P79: ='Data import structure'!$N$625 -> 0 | Q79: ='Data import structure'!$N$645 -> 0
A81: 3.1.3.1. | B81: GB | C81: total | D81: ='Data import structure'!$N$626 -> 0 | E81: ='Data import structure'!$N$646 -> 0 | H81: ='Data import structure'!$N$627 -> 0 | I81: ='Data import structure'!$N$647 -> 0 | L81: ='Data import structure'!$N$628 -> 0 | M81: ='Data import structure'!$N$648 -> 0 | P81: ='Data import structure'!$N$629 -> 0 | Q81: ='Data import structure'!$N$649 -> 0
A82: 3.1.3.2. | C82: in LPWAN | D82: ='Data import structure'!$N$630 -> 0 | E82: ='Data import structure'!$N$650 -> 0 | H82: ='Data import structure'!$N$631 -> 0 | I82: ='Data import structure'!$N$651 -> 0 | L82: ='Data import structure'!$N$632 -> 0 | M82: ='Data import structure'!$N$652 -> 0 | P82: ='Data import structure'!$N$633 -> 0 | Q82: ='Data import structure'!$N$653 -> 0
A83: 3.1.3.3. | C83: in permanent roaming | D83: ='Data import structure'!$N$634 -> 0 | E83: ='Data import structure'!$N$654 -> 0 | H83: ='Data import structure'!$N$635 -> 0 | I83: ='Data import structure'!$N$655 -> 0 | L83: ='Data import structure'!$N$636 -> 0 | M83: ='Data import structure'!$N$656 -> 0 | P83: ='Data import structure'!$N$637 -> 0 | Q83: ='Data import structure'!$N$657 -> 0
D84: units (SIM) | E84: revenues | H84: units (SIM) | I84: revenues | L84: units (SIM) | M84: revenues | P84: units (SIM) | Q84: revenues
A85: 3.1.4. | B85: Wholesale charges per SIM | C85: =HYPERLINK("#'Overview and definitions'!B112", "Jump to the definition") -> Jump to the definition | D85: ='Data import structure'!$N$658 -> 0 | E85: ='Data import structure'!$N$662 -> 0 | H85: ='Data import structure'!$N$659 -> 0 | I85: ='Data import structure'!$N$663 -> 0 | L85: ='Data import structure'!$N$660 -> 0 | M85: ='Data import structure'!$N$664 -> 0 | P85: ='Data import structure'!$N$661 -> 0 | Q85: ='Data import structure'!$N$665 -> 0
D87: ='Data questionnaire - mobile'!$D$43 -> Q4 2025 | H87: ='Data questionnaire - mobile'!$H$43 -> Q1 2026 | L87: ='Data questionnaire - mobile'!$L$43 -> Q2 2026 | P87: ='Data questionnaire - mobile'!$P$43 -> Q3 2026
A88: 3.2. | B88: RoW wholesale roaming | D88: units | E88: revenues | H88: units | I88: revenues | L88: units | M88: revenues | P88: units | Q88: revenues
A89: 3.2.1. | B89: Minutes | D89: ='Data import structure'!$N$666 -> 0 | E89: ='Data import structure'!$N$678 -> 0 | H89: ='Data import structure'!$N$667 -> 0 | I89: ='Data import structure'!$N$679 -> 0 | L89: ='Data import structure'!$N$668 -> 0 | M89: ='Data import structure'!$N$680 -> 0 | P89: ='Data import structure'!$N$669 -> 0 | Q89: ='Data import structure'!$N$681 -> 0
A90: 3.2.2. | B90: SMS | D90: ='Data import structure'!$N$670 -> 0 | E90: ='Data import structure'!$N$682 -> 0 | H90: ='Data import structure'!$N$671 -> 0 | I90: ='Data import structure'!$N$683 -> 0 | L90: ='Data import structure'!$N$672 -> 0 | M90: ='Data import structure'!$N$684 -> 0 | P90: ='Data import structure'!$N$673 -> 0 | Q90: ='Data import structure'!$N$685 -> 0
A91: 3.2.3. | B91: GB | D91: ='Data import structure'!$N$674 -> 0 | E91: ='Data import structure'!$N$686 -> 0 | H91: ='Data import structure'!$N$675 -> 0 | I91: ='Data import structure'!$N$687 -> 0 | L91: ='Data import structure'!$N$676 -> 0 | M91: ='Data import structure'!$N$688 -> 0 | P91: ='Data import structure'!$N$677 -> 0 | Q91: ='Data import structure'!$N$689 -> 0
A93: 4. | B93: Wholesale outbound roaming | C93: Jump to the definition | D93: ='Data questionnaire - mobile'!$D$43 -> Q4 2025 | H93: ='Data questionnaire - mobile'!$H$43 -> Q1 2026 | L93: ='Data questionnaire - mobile'!$L$43 -> Q2 2026 | P93: ='Data questionnaire - mobile'!$P$43 -> Q3 2026
A94: 4.1. | B94: RLAH wholesale roaming | D94: units | E94: payments | H94: units | I94: payments | L94: units | M94: payments | P94: units | Q94: payments
A95: 4.1.1. | B95: Minutes | D95: ='Data import structure'!$N$690 -> 0 | E95: ='Data import structure'!$N$710 -> 0 | H95: ='Data import structure'!$N$691 -> 0 | I95: ='Data import structure'!$N$711 -> 0 | L95: ='Data import structure'!$N$692 -> 0 | M95: ='Data import structure'!$N$712 -> 0 | P95: ='Data import structure'!$N$693 -> 0 | Q95: ='Data import structure'!$N$713 -> 0
A97: 4.1.2. | B97: SMS | D97: ='Data import structure'!$N$694 -> 0 | E97: ='Data import structure'!$N$714 -> 0 | H97: ='Data import structure'!$N$695 -> 0 | I97: ='Data import structure'!$N$715 -> 0 | L97: ='Data import structure'!$N$696 -> 0 | M97: ='Data import structure'!$N$716 -> 0 | P97: ='Data import structure'!$N$697 -> 0 | Q97: ='Data import structure'!$N$717 -> 0
A99: 4.1.3.1. | B99: GB | C99: total | D99: ='Data import structure'!$N$698 -> 0 | E99: ='Data import structure'!$N$718 -> 0 | H99: ='Data import structure'!$N$699 -> 0 | I99: ='Data import structure'!$N$719 -> 0 | L99: ='Data import structure'!$N$700 -> 0 | M99: ='Data import structure'!$N$720 -> 0 | P99: ='Data import structure'!$N$701 -> 0 | Q99: ='Data import structure'!$N$721 -> 0
A100: 4.1.3.2. | C100: in LPWAN | D100: ='Data import structure'!$N$702 -> 0 | E100: ='Data import structure'!$N$722 -> 0 | H100: ='Data import structure'!$N$703 -> 0 | I100: ='Data import structure'!$N$723 -> 0 | L100: ='Data import structure'!$N$704 -> 0 | M100: ='Data import structure'!$N$724 -> 0 | P100: ='Data import structure'!$N$705 -> 0 | Q100: ='Data import structure'!$N$725 -> 0
A101: 4.1.3.3. | C101: in permanent roaming | D101: ='Data import structure'!$N$706 -> 0 | E101: ='Data import structure'!$N$726 -> 0 | H101: ='Data import structure'!$N$707 -> 0 | I101: ='Data import structure'!$N$727 -> 0 | L101: ='Data import structure'!$N$708 -> 0 | M101: ='Data import structure'!$N$728 -> 0 | P101: ='Data import structure'!$N$709 -> 0 | Q101: ='Data import structure'!$N$729 -> 0
D102: units (SIM) | E102: payments | H102: units (SIM) | I102: payments | L102: units (SIM) | M102: payments | P102: units (SIM) | Q102: payments
A103: 4.1.4. | B103: Wholesale charges per SIM | C103: =HYPERLINK("#'Overview and definitions'!B112", "Jump to the definition") -> Jump to the definition | D103: ='Data import structure'!$N$730 -> 0 | E103: ='Data import structure'!$N$734 -> 0 | H103: ='Data import structure'!$N$731 -> 0 | I103: ='Data import structure'!$N$735 -> 0 | L103: ='Data import structure'!$N$732 -> 0 | M103: ='Data import structure'!$N$736 -> 0 | P103: ='Data import structure'!$N$733 -> 0 | Q103: ='Data import structure'!$N$737 -> 0
D105: ='Data questionnaire - mobile'!$D$43 -> Q4 2025 | H105: ='Data questionnaire - mobile'!$H$43 -> Q1 2026 | L105: ='Data questionnaire - mobile'!$L$43 -> Q2 2026 | P105: ='Data questionnaire - mobile'!$P$43 -> Q3 2026
A106: 4.2. | B106: RoW wholesale roaming | D106: units | E106: payments | H106: units | I106: payments | L106: units | M106: payments | P106: units | Q106: payments
A107: 4.2.1. | B107: Minutes | D107: ='Data import structure'!$N$738 -> 0 | E107: ='Data import structure'!$N$750 -> 0 | H107: ='Data import structure'!$N$739 -> 0 | I107: ='Data import structure'!$N$751 -> 0 | L107: ='Data import structure'!$N$740 -> 0 | M107: ='Data import structure'!$N$752 -> 0 | P107: ='Data import structure'!$N$741 -> 0 | Q107: ='Data import structure'!$N$753 -> 0
A108: 4.2.2. | B108: SMS | D108: ='Data import structure'!$N$742 -> 0 | E108: ='Data import structure'!$N$754 -> 0 | H108: ='Data import structure'!$N$743 -> 0 | I108: ='Data import structure'!$N$755 -> 0 | L108: ='Data import structure'!$N$744 -> 0 | M108: ='Data import structure'!$N$756 -> 0 | P108: ='Data import structure'!$N$745 -> 0 | Q108: ='Data import structure'!$N$757 -> 0
A109: 4.2.3. | B109: GB | D109: ='Data import structure'!$N$746 -> 0 | E109: ='Data import structure'!$N$758 -> 0 | H109: ='Data import structure'!$N$747 -> 0 | I109: ='Data import structure'!$N$759 -> 0 | L109: ='Data import structure'!$N$748 -> 0 | M109: ='Data import structure'!$N$760 -> 0 | P109: ='Data import structure'!$N$749 -> 0 | Q109: ='Data import structure'!$N$761 -> 0
B111: Comments on this section

Sheet Data - Western Balkan
B1: Data questionnaire: Western Balkan
C2: Respondent details
B3: Respondent name
B4: e-mail address
B5: telephone number
B7: Part III - This section is requested by the European Commission and is voluntary. It concerns solely roaming usage in the Western Balkan (WB) region.
B8: For the purposes of monitoring the development of roaming market between the EU/EEA and WB area, the European Commission has requested BEREC to include questions on retail and wholesale roaming in this region. These questions are to be answered on a voluntary basis.
B12: List of Western Balkan countries
A13: 1. | B13: Roaming SIMs - MVNOs, MVNEs and MNOs Please provide the number of SIMs using roaming services in the Western Balkan region. | D13: ='Data questionnaire - mobile'!D9 -> As of 31.12.2025 | H13: ='Data questionnaire - mobile'!H9 -> As of 31.03.2026 | L13: ='Data questionnaire - mobile'!L9 -> As of 30.06.2026 | P13: ='Data questionnaire - mobile'!P9 -> As of 30.09.2026
A14: 1.1. | B14: Number of active SIMs that were roaming at least once in the concerned quarter in the WB region | D14: ='Data import structure'!$N$762 -> 0 | H14: ='Data import structure'!$N$763 -> 0 | L14: ='Data import structure'!$N$764 -> 0 | P14: ='Data import structure'!$N$765 -> 0
B17: Roaming in WB - MVNOs, MVNEs and MNOs | D17: ='Data questionnaire - mobile'!D43 -> Q4 2025 | H17: ='Data questionnaire - mobile'!H43 -> Q1 2026 | L17: ='Data questionnaire - mobile'!L43 -> Q2 2026 | P17: ='Data questionnaire - mobile'!P43 -> Q3 2026
A18: 2. | B18: Please provide the retail units consumed by SIMs roaming in the WB region and the corresponding retail revenues. Furthermore, please provide the wholesale payments made to WB operators in each of the categories. | D18: retail | F18: wholesale | H18: retail | J18: wholesale | L18: retail | N18: wholesale | P18: retail | R18: wholesale
D19: units | E19: revenues | F19: payments | H19: units | I19: revenues | J19: payments | L19: units | M19: revenues | N19: payments | P19: units | Q19: revenues | R19: payments
A20: 2.1.1. | B20: minutes | C20: calls made | D20: ='Data import structure'!$N$766 -> 0 | E20: ='Data import structure'!$N$782 -> 0 | F20: ='Data import structure'!$N$798 -> 0 | H20: ='Data import structure'!$N$767 -> 0 | I20: ='Data import structure'!$N$783 -> 0 | J20: ='Data import structure'!$N$799 -> 0 | L20: ='Data import structure'!$N$768 -> 0 | M20: ='Data import structure'!$N$784 -> 0 | N20: ='Data import structure'!$N$800 -> 0 | P20: ='Data import structure'!$N$769 -> 0 | Q20: ='Data import structure'!$N$785 -> 0 | R20: ='Data import structure'!$N$801 -> 0
A21: 2.1.2. | C21: calls received | D21: ='Data import structure'!$N$770 -> 0 | E21: ='Data import structure'!$N$786 -> 0 | F21: ='Data import structure'!$N$802 -> 0 | H21: ='Data import structure'!$N$771 -> 0 | I21: ='Data import structure'!$N$787 -> 0 | J21: ='Data import structure'!$N$803 -> 0 | L21: ='Data import structure'!$N$772 -> 0 | M21: ='Data import structure'!$N$788 -> 0 | N21: ='Data import structure'!$N$804 -> 0 | P21: ='Data import structure'!$N$773 -> 0 | Q21: ='Data import structure'!$N$789 -> 0 | R21: ='Data import structure'!$N$805 -> 0
A22: 2.2. | B22: SMS | D22: ='Data import structure'!$N$774 -> 0 | E22: ='Data import structure'!$N$790 -> 0 | F22: ='Data import structure'!$N$806 -> 0 | H22: ='Data import structure'!$N$775 -> 0 | I22: ='Data import structure'!$N$791 -> 0 | J22: ='Data import structure'!$N$807 -> 0 | L22: ='Data import structure'!$N$776 -> 0 | M22: ='Data import structure'!$N$792 -> 0 | N22: ='Data import structure'!$N$808 -> 0 | P22: ='Data import structure'!$N$777 -> 0 | Q22: ='Data import structure'!$N$793 -> 0 | R22: ='Data import structure'!$N$809 -> 0
A23: 2.3. | B23: GB | D23: ='Data import structure'!$N$778 -> 0 | E23: ='Data import structure'!$N$794 -> 0 | F23: ='Data import structure'!$N$810 -> 0 | H23: ='Data import structure'!$N$779 -> 0 | I23: ='Data import structure'!$N$795 -> 0 | J23: ='Data import structure'!$N$811 -> 0 | L23: ='Data import structure'!$N$780 -> 0 | M23: ='Data import structure'!$N$796 -> 0 | N23: ='Data import structure'!$N$812 -> 0 | P23: ='Data import structure'!$N$781 -> 0 | Q23: ='Data import structure'!$N$797 -> 0 | R23: ='Data import structure'!$N$813 -> 0
A24: 2.4. | B24: Retail roaming revenues from tariffs that include more than one mobile service | C24: Jump to the definition | E24: ='Data import structure'!$N$814 -> 0 | I24: ='Data import structure'!$N$815 -> 0 | M24: ='Data import structure'!$N$816 -> 0 | Q24: ='Data import structure'!$N$817 -> 0
B27: WB wholesale inbound roaming - MNOs | D27: ='Data questionnaire - mobile'!D43 -> Q4 2025 | H27: ='Data questionnaire - mobile'!H43 -> Q1 2026 | L27: ='Data questionnaire - mobile'!L43 -> Q2 2026 | P27: ='Data questionnaire - mobile'!P43 -> Q3 2026
A28: 3. | B28: Please list the units and revenues in the respective category. | D28: units | E28: revenues | H28: units | I28: revenues | L28: units | M28: revenues | P28: units | Q28: revenues
A29: 3.1. | B29: minutes | D29: ='Data import structure'!$N$818 -> 0 | E29: ='Data import structure'!$N$830 -> 0 | H29: ='Data import structure'!$N$819 -> 0 | I29: ='Data import structure'!$N$831 -> 0 | L29: ='Data import structure'!$N$820 -> 0 | M29: ='Data import structure'!$N$832 -> 0 | P29: ='Data import structure'!$N$821 -> 0 | Q29: ='Data import structure'!$N$833 -> 0
A30: 3.2. | B30: SMS | D30: ='Data import structure'!$N$822 -> 0 | E30: ='Data import structure'!$N$834 -> 0 | H30: ='Data import structure'!$N$823 -> 0 | I30: ='Data import structure'!$N$835 -> 0 | L30: ='Data import structure'!$N$824 -> 0 | M30: ='Data import structure'!$N$836 -> 0 | P30: ='Data import structure'!$N$825 -> 0 | Q30: ='Data import structure'!$N$837 -> 0
A31: 3.3. | B31: GB | D31: ='Data import structure'!$N$826 -> 0 | E31: ='Data import structure'!$N$838 -> 0 | H31: ='Data import structure'!$N$827 -> 0 | I31: ='Data import structure'!$N$839 -> 0 | L31: ='Data import structure'!$N$828 -> 0 | M31: ='Data import structure'!$N$840 -> 0 | P31: ='Data import structure'!$N$829 -> 0 | Q31: ='Data import structure'!$N$841 -> 0
B33: Comments on this section

Sheet Transparency questionnaire
M1: Drop-down options
C2: Transparency questionnaire | M2: standard | N2: yes
D3: Respondent details | N3: no
C4: Respondent name | N4: n.a.
C5: e-mail address | M5: technologies | N5: 3G
C6: telephone number | N6: 4G
N7: 5G
C8: Section A - Transparency of retail offers This section should be filled out by MVNOs, MVNEs and MNOs. | M8: reasons why not | N8: technical implementation with other European MNOs pending
C9: 1. Quality of service (QoS) | N9: host MNO does not provide access
B10: 1.1. | C10: Which technologies do you offer to your subscribers when roaming in the RLAH area? | D10: Please select from the drop-down menu | E10: If not, please select the most important reason why not | F10: If there are other reasons, please explain why | N10: access to this technology is too expensive
B11: 1.1.a | C11: 2G | N11: not yet available locally
B12: 1.1.b | C12: 3G | N12: other
B13: 1.1.c | C13: 4G | M13: technologies used where others would be available | N13: 4G (instead of 5G)
B14: 1.1.d | C14: 5G standalone | N14: other
B15: 1.1.e | C15: 5G non-standalone | M15: notification timing | N15: in advance
N16: with the introduction of the tariff plan
B17: 1.2. | C17: Do you offer these technologies to all users (prepaid, postpaid, consumers, corporate customers)? | D17: Please select from the drop-down menu | E17: If not, please explain why | N17: afterwards
B18: 1.2.a | C18: collection suspended | M18: tariff plans | N18: pre-paid
B19: 1.2.b | C19: collection suspended | N19: post-paid
B20: 1.2.c | C20: collection suspended | N20: corporate
B21: 1.2.d | C21: collection suspended | N21: pre-paid + post-paid
B22: 1.3. | C22: Do you differentiate between technologies when offering services at home? | N22: pre-paid + corporate
N23: post-paid + corporate
B24: 1.4. | C24: In how many RLAH countries do you offer 5G roaming services? | D24: =COUNTIF('Transparency - per-country'!E6:E37,"yes")+COUNTIF('Transparency - per-country'!F6:F37,"yes") -> 0 | E24: The adjacent cell is automatically filled according to your responses to Section E. | F24: Jump to Section E | N24: all tariff plans
N25: none
C26: Comments on this section | M26: services | N26: voice
N27: SMS
N28: data
C29: 2. Fair Use Policy (FUP) | M29: providing information | N29: actively
B30: 2.1. | C30: General questions | D30: Jump to the definitions | N30: passively
B31: 2.1.1. | C31: Which FUP mechanisms do you use? | D31: Please select from the drop-down menu | E31: Which types of tariff plans is this mechanism applied to? | F31: Have surcharges been levied for voice services? | G31: Have surcharges been levied for SMS services? | H31: Have surcharges been levied for data services? | I31: Why have you not applied this mechanism? | J31: If other, please explain | N31: both
B32: 2.1.1.a | C32: stable link | N32: n.a.
B33: 2.1.1.b | C33: open data bundle | M33: observation window | N33: 4 months
B34: 2.1.1.c | C34: control mechanism/objective indicators | N34: other
B35: 2.1.1.d | C35: long inactivity | K35: Please explain which other objective indicators you use | M35: information on observation window | N35: usage
B36: 2.1.1.e | C36: sequential use of multiple SIM cards | N36: presence
B37: 2.1.1.f | C37: other objective indicators | N37: both
B38: 2.1.1.g | C38: data roaming limit (for pre-paid offers only) | E38: pre-paid | M38: segments alternative tariffs | N38: consumer
N39: corporate
B40: 2.1.2. | C40: How would you rate the effectiveness of the following FUP elements in preventing abusive or anomalous use of RLAH? Please only rate the effectiveness of the mechanisms that you apply. | D40: Please select from the drop-down menu | E40: If required, please explain | N40: both
B41: 2.1.2.a | C41: stable link | M41: information about regulated tariffs | N41: monthly
B42: 2.1.2.b | C42: open data bundle | N42: quarterly
B43: 2.1.2.c | C43: window control mechanism | N43: annually
B44: 2.1.2.d | C44: other objective indicators | N44: upon exhaustion of add-on
B45: 2.1.2.e | C45: data roaming limit (for pre-paid offers only) | N45: in Welcome SMS
N46: when receiving the contract (corporate customers)
D47: Please select from the drop-down menu | N47: when the contract expires
B48: 2.1.3. | C48: How would you rate the effectiveness of the FUP mechanism in general in ensuring your economic viability? Please only rate the effectiveness of the mechanisms that you apply. | N48: when the package is activated
N49: when the contract is changed
B50: 2.1.4. | C50: How would you rank the FUP mechanisms in terms of the complexity of their implementation? Please only rank the mechanisms that you apply. | D50: Please rate the implementation difficulty by selecting the appropriate ranking from the drop-down menu | E50: If required, please explain | F50: For the ranking, please use the following scale: 1 = easy to implement 4 = very difficult to implement | N50: when a certain limit is reached
B51: 2.1.4.a | C51: stable link | N51: other
B52: 2.1.4.b | C52: open data bundle | M52: means of providing information about switching tariffs via mobile terminal | N52: SMS
B53: 2.1.4.c | C53: control mechanism/objective indicators | N53: app
B54: 2.1.4.d | C54: long inactivity | N54: both
B55: 2.1.4.e | C55: sequential use of multiple SIM cards | M55: where is information provided | N55: website
B56: 2.1.4.f | C56: other objective indicators | N56: contract
B57: 2.1.4.g | C57: data roaming limit for pre-paid offers only | N57: mobile terminal via SMS
N58: mobile terminal via app
B59: 2.1.5. | C59: Please indicate the operational running costs (for 2025) related to the implementation of the FUP mechansims. Please only provide costs related to the mechanisms that you apply. | D59: Please specify the operational running costs | E59: If required, please explain | N59: call center
B60: 2.1.5.a | C60: collection suspended | F60: Please provide the operational running costs in euro, excluding any applicable taxes. | N60: personal page
B61: 2.1.5.b | C61: collection suspended | N61: point of sales
B62: 2.1.5.c | C62: collection suspended
B63: 2.1.5.d | C63: collection suspended
B64: 2.1.5.e | C64: collection suspended | N64: bill
B65: 2.1.5.f | C65: collection suspended | N65: other
B66: 2.1.5.g | C66: collection suspended | M66: information provided for QoS information per network | N66: names of available visited networks
N67: available access technologies per network
B68: 2.2. | C68: If the open data bundle is used… | D68: Please select from the drop-down menu | E68: Jump to the definition of open data bundle | N68: max. available download speed per network
B69: 2.2.1. | C69: collection suspended | E69: =HYPERLINK("#'Overview and definitions'!B125", "Jump to the definition of CIR calculation") -> Jump to the definition of CIR calculation | N69: steering available
B70: 2.2.2. | C70: Do you provide generic information about how the roaming limit is determined? | M70: VAS pricing information | N70: exact VAS charges
B71: 2.2.3. | C71: Do you provide information about the actual roaming limit? | N71: general information
N72: other
B73: 2.2.4. | C73: How do you provide information about roaming limits? | D73: Information about how the roaming limit is calculated | E73: Information about the actual roaming limit | F73: Jump to the definition of actual roaming limit | M73: types of information on cut-off limits | N73: based on price
B74: 2.2.4.a | C74: website | N74: based on volume
B75: 2.2.4.b | C75: contract | N75: other
B76: 2.2.4.c | C76: mobile terminal via SMS | M76: most common financial limit | N76: 50 Euro
B77: 2.2.4.d | C77: mobile terminal via application | N77: 100 Euro
B78: 2.2.4.e | C78: personal page | N78: other
B79: 2.2.4.f | C79: bill | M79: mechanisms for price agreements | N79: direct agreements (e.g. via GSMA) with visited MNOs
B80: 2.2.4.g | C80: call center / customer care service (e.g. web chat) | F80: Please specify | N80: host MNO negotiates pricing
B81: 2.2.4.h | C81: other | N81: trading platforms/hubs
N82: other
C83: If you provide information about roaming limits on your website: | M83: derogations | N83: yes
B84: 2.2.5. | C84: Where do you provide information about roaming limits on your website? | D84: Please select from the drop-down menu | N84: no
B85: 2.2.5.a | C85: collection suspended | N85: not granted
B86: 2.2.5.b | C86: collection suspended | M86: tariffs for which derogations were granted | N86: mostly consumer tariffs
N87: mostly corporate tariffs
B88: 2.3. | C88: Non-RLAH destinations | D88: Please select from the drop-down menu | M88: M2M wholesale agreements | N88: for inbound roaming (MNOs only)
B89: 2.3.1. | C89: Are non-RLAH destinations included in the RLAH FUP in some of your offers? Please note that this question refers only to whether the roaming units consumed are deducted from the amount calculated according to the FUP. For example: if a customer has 5GB included in their RLAH FUP, and you offer reduced or no roaming charges in the UK, do you deduct their consumption in the UK from the 5GB RLAH FUP? | N89: for outbound roaming
B90: 2.3.2. | C90: How many of these destinations are included in the RLAH FUP in some of your offers? | D90: =SUM(Tabelle2[How many countries in this region do you include in your RLAH FUP?]) -> 0 | E90: The adjacent cell is automatically filled according to your responses to Section F. | F90: Jump to Section F | N90: for both
B91: 2.3.3. | C91: Which share of your active subscribers with RLAH roaming enabled are approximately covered by these offers? | M91: tariffs without roaming | N91: data-only
N92: corporate offers
C93: Comments on this section | N93: add-ons
N94: unlimited offers
N95: offers without data services
C96: 3. Alternative tariffs | N96: M2M offers
B97: 3.1. | C97: General questions | D97: Please select from the drop-down menu | N97: eSIM offers
B98: 3.1.1. | C98: Do you offer alternative tariffs according to Art. 8(2)? | N98: other
M99: price class of tariffs without roaming | N99: low-end
B100: 3.1.2. | C100: Which types of roaming packages (add-ons) do you offer? | D100: Please select from the drop-down menu | N100: medium-end
...

Sheet Transparency - per-country
C1: Section E | D1: Roaming offers in RLAH countries | N1: Drop-down options
B2: 14. | C2: In this section, please provide information on the technologies to which you have access on a per-country basis, and which types of subscribers have access to these technologies. Please select your answers from the drop-down menu. | G2: return to question 1.4. | N2: standard | O2: yes
O3: no
C4: Country | D4: Country code | E4: Do you have roaming agreements for 5G in place in this country for the provision of retail roaming services to your customers? | G4: Which types of subscribers can access 5G roaming in this country? | I4: For which segments is 5G roaming available in this country? | O4: n.a.
E5: for 5G standalone | F5: for 5G non-standalone | G5: 5G standalone | H5: 5G non-standalone | I5: 5G standalone | J5: 5G non-standalone | N5: tariff plans | O5: pre-paid
C6: Austria | D6: AT | O6: post-paid
C7: Belgium | D7: BE | O7: both
C8: Bulgaria | D8: BG | O8: n.a.
C9: Croatia | D9: HR | N9: segments | O9: corporate customers
C10: Cyprus | D10: CY | O10: consumers
C11: Czechia | D11: CZ | O11: both
C12: Denmark | D12: DK | O12: n.a.
C13: Estonia | D13: EE
C14: Finland | D14: FI
C15: France | D15: FR
C16: Germany | D16: DE
C17: Greece | D17: GR
C18: Hungary | D18: HU
C19: Iceland | D19: IS
C20: Ireland | D20: IE
C21: Italy | D21: IT
C22: Latvia | D22: LV
C23: Liechtenstein | D23: LI
C24: Lithuania | D24: LT
... C37: Ukraine | D37: UA
C39: Comments on this section
C42: Section F | D42: Roaming offers for non-RLAH area countries
B43: 15. | C43: In this section, please specify for which non-EU/EEA destinations you have special roaming offers. The categorisation into regions is based on the UN Statistics Division standard country or area codes for statistical use (with the exception of Europe, which has been split into Non-EU/EEA Europe and Western Balkan). Detailed information on the UN statistics can be found here: https://unstats.un.org/unsd/methodology/m49/overview/
C44: The full list of countries can be consulted further in the sheet Overview and definitions or by clicking on the region or sub-region.
E46: =HYPERLINK("#'Transparency questionnaire'!C90", "Jump back to question 2.3.2. on RLAH FUP") -> Jump back to question 2.3.2. on RLAH FUP | F46: =HYPERLINK("#'Transparency questionnaire'!C114", "Jump back to question 3.1.6. on alternative tariffs") -> Jump back to question 3.1.6. on alternative tariffs
C47: Region | D47: Sub-region | E47: How many countries in this region do you include in your RLAH FUP? | F47: How many countries in this region do you include with no surcharge or at a reduced rate in the alternative tariffs you offer (while a surcharge is applied for RLAH area destinations)?
C48: Africa | D48: Northern Africa
D49: Sub-Saharan Africa
D50: Outermost regions
C51: Americas | D51: Latin America and the Carribean
D52: Northern America
D53: Outermost regions
C54: Antarctica
C55: Asia | D55: Central Asia
D56: Eastern Asia
D57: South-Eastern Asia
D58: Southern Asia
D59: Western Asia*
C60: Europe | D60: Non-RLAH region
D61: Western Balkan
C62: Oceania | D62: Australia and New Zealand**
D63: Melanesia**
D64: Micronesia**
D65: Polynesia**
C66: *Cyprus has been removed from Western Asia as it is classified as an EU country.
C67: **Please note that these categories refer to regions, not countries.
C69: Comments on this section

Sheet PivotTable
A1: Questionnaire | B1: (Alle)
A2: Operator | B2: (Alle)
A3: Type | B3: (Alle)
A5: Summe von Value | B5: Spaltenbeschriftungen
A6: Zeilenbeschriftungen | B6: As of 30.06.2022 | C6: As of 30.09.2022 | D6: As of 31.03.2022 | E6: As of 31.12.2021 | F6: Q1 2022 | G6: Q2 2022 | H6: Q3 2022 | I6: Q4 2021 | J6: Gesamtergebnis
A7: payments | F7: 0 | G7: 0 | H7: 0 | I7: 0 | J7: 0
A8: GB | F8: 0 | G8: 0 | H8: 0 | I8: 0 | J8: 0
A9: EU/EEA | F9: 0 | G9: 0 | H9: 0 | I9: 0 | J9: 0
A10: (Leer) | F10: 0 | G10: 0 | H10: 0 | I10: 0 | J10: 0
A11: (Leer) | F11: 0 | G11: 0 | H11: 0 | I11: 0 | J11: 0
A12: 3.1.3. | F12: 0 | G12: 0 | H12: 0 | I12: 0 | J12: 0
A13: 3.3.3. | F13: 0 | G13: 0 | H13: 0 | I13: 0 | J13: 0
A14: non-terrestrial | F14: 0 | G14: 0 | H14: 0 | I14: 0 | J14: 0
A15: (Leer) | F15: 0 | G15: 0 | H15: 0 | I15: 0 | J15: 0
A16: (Leer) | F16: 0 | G16: 0 | H16: 0 | I16: 0 | J16: 0
A17: 7.3. | F17: 0 | G17: 0 | H17: 0 | I17: 0 | J17: 0
A18: WB | F18: 0 | G18: 0 | H18: 0 | I18: 0 | J18: 0
... A429: 3.2. | F429: 0 | G429: 0 | H429: 0 | I429: 0 | J429: 0
A430: (Leer) | B430: 0 | C430: 0 | D430: 0 | E430: 0 | J430: 0
A431: (Leer) | B431: 0 | C431: 0 | D431: 0 | E431: 0 | J431: 0
A432: (Leer) | B432: 0 | C432: 0 | D432: 0 | E432: 0 | J432: 0
A433: (Leer) | B433: 0 | C433: 0 | D433: 0 | E433: 0 | J433: 0
A434: (Leer) | B434: 0 | C434: 0 | D434: 0 | E434: 0 | J434: 0
A435: 1.1. | B435: 0 | C435: 0 | D435: 0 | E435: 0 | J435: 0
A436: 1.1.1. | B436: 0 | C436: 0 | D436: 0 | E436: 0 | J436: 0
A437: 1.1.2. | B437: 0 | C437: 0 | D437: 0 | E437: 0 | J437: 0
A438: 1.1.4. | B438: 0 | C438: 0 | D438: 0 | E438: 0 | J438: 0
A439: 1.2.1. | B439: 0 | C439: 0 | D439: 0 | E439: 0 | J439: 0
A440: 1.2.2. | B440: 0 | C440: 0 | D440: 0 | E440: 0 | J440: 0
A441: SIMs | B441: 0 | C441: 0 | D441: 0 | E441: 0 | J441: 0
... A517: 1.1.4. | B517: 0 | C517: 0 | D517: 0 | E517: 0 | J517: 0
A518: Gesamtergebnis | B518: 0 | C518: 0 | D518: 0 | E518: 0 | F518: 0 | G518: 0 | H518: 0 | I518: 0 | J518: 0

Sheet Data import structure
A1: Operator | B1: Country | C1: Type | D1: Questionnaire | E1: Section | F1: UID | G1: Question | H1: Category | I1: Tariff | J1: Classification | K1: Service | L1: Region | M1: Quarter | N1: Value | P1: Kommentar des AK, 19.10.2026
A2: ='Overview and definitions'!$C$4 -> 0 | B2: ='Overview and definitions'!$C$6 -> Liechtenstein | C2: ='Overview and definitions'!$C$7 -> MNO | D2: ='Data questionnaire - mobile'!$B$1 -> Data questionnaire: Mobile services | E2: A - SIMs | F2: 1 | G2: 1.1.1. | H2: SIMs | I2: ='Data questionnaire - mobile'!$D$10 -> prepaid | J2: RLAH | M2: ='Data questionnaire - mobile'!$D$9 -> As of 31.12.2025 | P2: Achtung: Nicht mehr abgefragte Werte (in Fragebögen eingetragen als "collection suspended") sind nicht mehr in dieser Struktur enthalten.
A3: ='Overview and definitions'!$C$4 -> 0 | B3: ='Overview and definitions'!$C$6 -> Liechtenstein | C3: ='Overview and definitions'!$C$7 -> MNO | D3: ='Data questionnaire - mobile'!$B$1 -> Data questionnaire: Mobile services | E3: A - SIMs | F3: 2 | G3: 1.1.1. | H3: SIMs | I3: ='Data questionnaire - mobile'!$E$10 -> postpaid | J3: RLAH | M3: ='Data questionnaire - mobile'!$D$9 -> As of 31.12.2025 | P3: Im Vorjahr verwendete Datenimporte müssen für diesen Fragebogen entsprechend angepasst werden.
A4: ='Overview and definitions'!$C$4 -> 0 | B4: ='Overview and definitions'!$C$6 -> Liechtenstein | C4: ='Overview and definitions'!$C$7 -> MNO | D4: ='Data questionnaire - mobile'!$B$1 -> Data questionnaire: Mobile services | E4: A - SIMs | F4: 3 | G4: 1.1.1. | H4: SIMs | I4: ='Data questionnaire - mobile'!$F$9 -> … of which are corporate | J4: RLAH | M4: ='Data questionnaire - mobile'!$D$9 -> As of 31.12.2025
A5: ='Overview and definitions'!$C$4 -> 0 | B5: ='Overview and definitions'!$C$6 -> Liechtenstein | C5: ='Overview and definitions'!$C$7 -> MNO | D5: ='Data questionnaire - mobile'!$B$1 -> Data questionnaire: Mobile services | E5: A - SIMs | F5: 4 | G5: 1.1.1. | H5: SIMs | I5: ='Data questionnaire - mobile'!$H$10 -> prepaid | J5: RLAH | M5: ='Data questionnaire - mobile'!$H$9 -> As of 31.03.2026 | P5: Mitteilung von BEREC: "The questionnaire has been shortened, as some sections in the Data questionnaire for mobile and connected objects as well as the Transparency questionnaire, have been removed."
A6: ='Overview and definitions'!$C$4 -> 0 | B6: ='Overview and definitions'!$C$6 -> Liechtenstein | C6: ='Overview and definitions'!$C$7 -> MNO | D6: ='Data questionnaire - mobile'!$B$1 -> Data questionnaire: Mobile services | E6: A - SIMs | F6: 5 | G6: 1.1.1. | H6: SIMs | I6: ='Data questionnaire - mobile'!$I$10 -> postpaid | J6: RLAH | M6: ='Data questionnaire - mobile'!$H$9 -> As of 31.03.2026
A7: ='Overview and definitions'!$C$4 -> 0 | B7: ='Overview and definitions'!$C$6 -> Liechtenstein | C7: ='Overview and definitions'!$C$7 -> MNO | D7: ='Data questionnaire - mobile'!$B$1 -> Data questionnaire: Mobile services | E7: A - SIMs | F7: 6 | G7: 1.1.1. | H7: SIMs | I7: ='Data questionnaire - mobile'!$J$9 -> … of which are corporate | J7: RLAH | M7: ='Data questionnaire - mobile'!$H$9 -> As of 31.03.2026
A8: ='Overview and definitions'!$C$4 -> 0 | B8: ='Overview and definitions'!$C$6 -> Liechtenstein | C8: ='Overview and definitions'!$C$7 -> MNO | D8: ='Data questionnaire - mobile'!$B$1 -> Data questionnaire: Mobile services | E8: A - SIMs | F8: 7 | G8: 1.1.1. | H8: SIMs | I8: ='Data questionnaire - mobile'!$L$10 -> prepaid | J8: RLAH | M8: ='Data questionnaire - mobile'!$L$9 -> As of 30.06.2026
A9: ='Overview and definitions'!$C$4 -> 0 | B9: ='Overview and definitions'!$C$6 -> Liechtenstein | C9: ='Overview and definitions'!$C$7 -> MNO | D9: ='Data questionnaire - mobile'!$B$1 -> Data questionnaire: Mobile services | E9: A - SIMs | F9: 8 | G9: 1.1.1. | H9: SIMs | I9: ='Data questionnaire - mobile'!$M$10 -> postpaid | J9: RLAH | M9: ='Data questionnaire - mobile'!$L$9 -> As of 30.06.2026
A10: ='Overview and definitions'!$C$4 -> 0 | B10: ='Overview and definitions'!$C$6 -> Liechtenstein | C10: ='Overview and definitions'!$C$7 -> MNO | D10: ='Data questionnaire - mobile'!$B$1 -> Data questionnaire: Mobile services | E10: A - SIMs | F10: 9 | G10: 1.1.1. | H10: SIMs | I10: ='Data questionnaire - mobile'!$N$9 -> … of which are corporate | J10: RLAH | M10: ='Data questionnaire - mobile'!$L$9 -> As of 30.06.2026
A11: ='Overview and definitions'!$C$4 -> 0 | B11: ='Overview and definitions'!$C$6 -> Liechtenstein | C11: ='Overview and definitions'!$C$7 -> MNO | D11: ='Data questionnaire - mobile'!$B$1 -> Data questionnaire: Mobile services | E11: A - SIMs | F11: 10 | G11: 1.1.1. | H11: SIMs | I11: ='Data questionnaire - mobile'!$P$10 -> prepaid | J11: RLAH | M11: ='Data questionnaire - mobile'!$P$9 -> As of 30.09.2026
A12: ='Overview and definitions'!$C$4 -> 0 | B12: ='Overview and definitions'!$C$6 -> Liechtenstein | C12: ='Overview and definitions'!$C$7 -> MNO | D12: ='Data questionnaire - mobile'!$B$1 -> Data questionnaire: Mobile services | E12: A - SIMs | F12: 11 | G12: 1.1.1. | H12: SIMs | I12: ='Data questionnaire - mobile'!$Q$10 -> postpaid | J12: RLAH | M12: ='Data questionnaire - mobile'!$P$9 -> As of 30.09.2026
A13: ='Overview and definitions'!$C$4 -> 0 | B13: ='Overview and definitions'!$C$6 -> Liechtenstein | C13: ='Overview and definitions'!$C$7 -> MNO | D13: ='Data questionnaire - mobile'!$B$1 -> Data questionnaire: Mobile services | E13: A - SIMs | F13: 12 | G13: 1.1.1. | H13: SIMs | I13: ='Data questionnaire - mobile'!$R$9 -> … of which are corporate | J13: RLAH | M13: ='Data questionnaire - mobile'!$P$9 -> As of 30.09.2026
A14: ='Overview and definitions'!$C$4 -> 0 | B14: ='Overview and definitions'!$C$6 -> Liechtenstein | C14: ='Overview and definitions'!$C$7 -> MNO | D14: ='Data questionnaire - mobile'!$B$1 -> Data questionnaire: Mobile services | E14: A - SIMs | F14: 13 | G14: ='Data questionnaire - mobile'!$A$15 -> 1.1.4. | H14: SIMs | I14: ='Data questionnaire - mobile'!$D$10 -> prepaid | J14: alternative | M14: ='Data questionnaire - mobile'!$D$9 -> As of 31.12.2025
A15: ='Overview and definitions'!$C$4 -> 0 | B15: ='Overview and definitions'!$C$6 -> Liechtenstein | C15: ='Overview and definitions'!$C$7 -> MNO | D15: ='Data questionnaire - mobile'!$B$1 -> Data questionnaire: Mobile services | E15: A - SIMs | F15: 14 | G15: ='Data questionnaire - mobile'!$A$15 -> 1.1.4. | H15: SIMs | I15: ='Data questionnaire - mobile'!$E$10 -> postpaid | J15: alternative | M15: ='Data questionnaire - mobile'!$D$9 -> As of 31.12.2025
A16: ='Overview and definitions'!$C$4 -> 0 | B16: ='Overview and definitions'!$C$6 -> Liechtenstein | C16: ='Overview and definitions'!$C$7 -> MNO | D16: ='Data questionnaire - mobile'!$B$1 -> Data questionnaire: Mobile services | E16: A - SIMs | F16: 15 | G16: ='Data questionnaire - mobile'!$A$15 -> 1.1.4. | H16: SIMs | I16: ='Data questionnaire - mobile'!$F$9 -> … of which are corporate | J16: alternative | M16: ='Data questionnaire - mobile'!$D$9 -> As of 31.12.2025
A17: ='Overview and definitions'!$C$4 -> 0 | B17: ='Overview and definitions'!$C$6 -> Liechtenstein | C17: ='Overview and definitions'!$C$7 -> MNO | D17: ='Data questionnaire - mobile'!$B$1 -> Data questionnaire: Mobile services | E17: A - SIMs | F17: 16 | G17: ='Data questionnaire - mobile'!$A$15 -> 1.1.4. | H17: SIMs | I17: ='Data questionnaire - mobile'!$H$10 -> prepaid | J17: alternative | M17: ='Data questionnaire - mobile'!$H$9 -> As of 31.03.2026
A18: ='Overview and definitions'!$C$4 -> 0 | B18: ='Overview and definitions'!$C$6 -> Liechtenstein | C18: ='Overview and definitions'!$C$7 -> MNO | D18: ='Data questionnaire - mobile'!$B$1 -> Data questionnaire: Mobile services | E18: A - SIMs | F18: 17 | G18: ='Data questionnaire - mobile'!$A$15 -> 1.1.4. | H18: SIMs | I18: ='Data questionnaire - mobile'!$I$10 -> postpaid | J18: alternative | M18: ='Data questionnaire - mobile'!$H$9 -> As of 31.03.2026
A19: ='Overview and definitions'!$C$4 -> 0 | B19: ='Overview and definitions'!$C$6 -> Liechtenstein | C19: ='Overview and definitions'!$C$7 -> MNO | D19: ='Data questionnaire - mobile'!$B$1 -> Data questionnaire: Mobile services | E19: A - SIMs | F19: 18 | G19: ='Data questionnaire - mobile'!$A$15 -> 1.1.4. | H19: SIMs | I19: ='Data questionnaire - mobile'!$J$9 -> … of which are corporate | J19: alternative | M19: ='Data questionnaire - mobile'!$H$9 -> As of 31.03.2026
A20: ='Overview and definitions'!$C$4 -> 0 | B20: ='Overview and definitions'!$C$6 -> Liechtenstein | C20: ='Overview and definitions'!$C$7 -> MNO | D20: ='Data questionnaire - mobile'!$B$1 -> Data questionnaire: Mobile services | E20: A - SIMs | F20: 19 | G20: ='Data questionnaire - mobile'!$A$15 -> 1.1.4. | H20: SIMs | I20: ='Data questionnaire - mobile'!$L$10 -> prepaid | J20: alternative | M20: ='Data questionnaire - mobile'!$L$9 -> As of 30.06.2026
A21: ='Overview and definitions'!$C$4 -> 0 | B21: ='Overview and definitions'!$C$6 -> Liechtenstein | C21: ='Overview and definitions'!$C$7 -> MNO | D21: ='Data questionnaire - mobile'!$B$1 -> Data questionnaire: Mobile services | E21: A - SIMs | F21: 20 | G21: ='Data questionnaire - mobile'!$A$15 -> 1.1.4. | H21: SIMs | I21: ='Data questionnaire - mobile'!$M$10 -> postpaid | J21: alternative | M21: ='Data questionnaire - mobile'!$L$9 -> As of 30.06.2026
A22: ='Overview and definitions'!$C$4 -> 0 | B22: ='Overview and definitions'!$C$6 -> Liechtenstein | C22: ='Overview and definitions'!$C$7 -> MNO | D22: ='Data questionnaire - mobile'!$B$1 -> Data questionnaire: Mobile services | E22: A - SIMs | F22: 21 | G22: ='Data questionnaire - mobile'!$A$15 -> 1.1.4. | H22: SIMs | I22: ='Data questionnaire - mobile'!$N$9 -> … of which are corporate | J22: alternative | M22: ='Data questionnaire - mobile'!$L$9 -> As of 30.06.2026
A23: ='Overview and definitions'!$C$4 -> 0 | B23: ='Overview and definitions'!$C$6 -> Liechtenstein | C23: ='Overview and definitions'!$C$7 -> MNO | D23: ='Data questionnaire - mobile'!$B$1 -> Data questionnaire: Mobile services | E23: A - SIMs | F23: 22 | G23: ='Data questionnaire - mobile'!$A$15 -> 1.1.4. | H23: SIMs | I23: ='Data questionnaire - mobile'!$P$10 -> prepaid | J23: alternative | M23: ='Data questionnaire - mobile'!$P$9 -> As of 30.09.2026
A24: ='Overview and definitions'!$C$4 -> 0 | B24: ='Overview and definitions'!$C$6 -> Liechtenstein | C24: ='Overview and definitions'!$C$7 -> MNO | D24: ='Data questionnaire - mobile'!$B$1 -> Data questionnaire: Mobile services | E24: A - SIMs | F24: 23 | G24: ='Data questionnaire - mobile'!$A$15 -> 1.1.4. | H24: SIMs | I24: ='Data questionnaire - mobile'!$Q$10 -> postpaid | J24: alternative | M24: ='Data questionnaire - mobile'!$P$9 -> As of 30.09.2026
A25: ='Overview and definitions'!$C$4 -> 0 | B25: ='Overview and definitions'!$C$6 -> Liechtenstein | C25: ='Overview and definitions'!$C$7 -> MNO | D25: ='Data questionnaire - mobile'!$B$1 -> Data questionnaire: Mobile services | E25: A - SIMs | F25: 24 | G25: ='Data questionnaire - mobile'!$A$15 -> 1.1.4. | H25: SIMs | I25: ='Data questionnaire - mobile'!$R$9 -> … of which are corporate | J25: alternative | M25: ='Data questionnaire - mobile'!$P$9 -> As of 30.09.2026
A26: ='Overview and definitions'!$C$4 -> 0 | B26: ='Overview and definitions'!$C$6 -> Liechtenstein | C26: ='Overview and definitions'!$C$7 -> MNO | D26: ='Data questionnaire - mobile'!$B$1 -> Data questionnaire: Mobile services | E26: A - SIMs | F26: 25 | G26: ='Data questionnaire - mobile'!$A$17 -> 1.1.5. | H26: SIMs | I26: ='Data questionnaire - mobile'!$D$10 -> prepaid | M26: ='Data questionnaire - mobile'!$D$9 -> As of 31.12.2025
A27: ='Overview and definitions'!$C$4 -> 0 | B27: ='Overview and definitions'!$C$6 -> Liechtenstein | C27: ='Overview and definitions'!$C$7 -> MNO | D27: ='Data questionnaire - mobile'!$B$1 -> Data questionnaire: Mobile services | E27: A - SIMs | F27: 26 | G27: ='Data questionnaire - mobile'!$A$17 -> 1.1.5. | H27: SIMs | I27: ='Data questionnaire - mobile'!$E$10 -> postpaid | M27: ='Data questionnaire - mobile'!$D$9 -> As of 31.12.2025
A28: ='Overview and definitions'!$C$4 -> 0 | B28: ='Overview and definitions'!$C$6 -> Liechtenstein | C28: ='Overview and definitions'!$C$7 -> MNO | D28: ='Data questionnaire - mobile'!$B$1 -> Data questionnaire: Mobile services | E28: A - SIMs | F28: 27 | G28: ='Data questionnaire - mobile'!$A$17 -> 1.1.5. | H28: SIMs | I28: ='Data questionnaire - mobile'!$F$9 -> … of which are corporate | M28: ='Data questionnaire - mobile'!$D$9 -> As of 31.12.2025
A29: ='Overview and definitions'!$C$4 -> 0 | B29: ='Overview and definitions'!$C$6 -> Liechtenstein | C29: ='Overview and definitions'!$C$7 -> MNO | D29: ='Data questionnaire - mobile'!$B$1 -> Data questionnaire: Mobile services | E29: A - SIMs | F29: 28 | G29: ='Data questionnaire - mobile'!$A$17 -> 1.1.5. | H29: SIMs | I29: ='Data questionnaire - mobile'!$H$10 -> prepaid | M29: ='Data questionnaire - mobile'!$H$9 -> As of 31.03.2026
A30: ='Overview and definitions'!$C$4 -> 0 | B30: ='Overview and definitions'!$C$6 -> Liechtenstein | C30: ='Overview and definitions'!$C$7 -> MNO | D30: ='Data questionnaire - mobile'!$B$1 -> Data questionnaire: Mobile services | E30: A - SIMs | F30: 29 | G30: ='Data questionnaire - mobile'!$A$17 -> 1.1.5. | H30: SIMs | I30: ='Data questionnaire - mobile'!$I$10 -> postpaid | M30: ='Data questionnaire - mobile'!$H$9 -> As of 31.03.2026
A31: ='Overview and definitions'!$C$4 -> 0 | B31: ='Overview and definitions'!$C$6 -> Liechtenstein | C31: ='Overview and definitions'!$C$7 -> MNO | D31: ='Data questionnaire - mobile'!$B$1 -> Data questionnaire: Mobile services | E31: A - SIMs | F31: 30 | G31: ='Data questionnaire - mobile'!$A$17 -> 1.1.5. | H31: SIMs | I31: ='Data questionnaire - mobile'!$J$9 -> … of which are corporate | M31: ='Data questionnaire - mobile'!$H$9 -> As of 31.03.2026
A32: ='Overview and definitions'!$C$4 -> 0 | B32: ='Overview and definitions'!$C$6 -> Liechtenstein | C32: ='Overview and definitions'!$C$7 -> MNO | D32: ='Data questionnaire - mobile'!$B$1 -> Data questionnaire: Mobile services | E32: A - SIMs | F32: 31 | G32: ='Data questionnaire - mobile'!$A$17 -> 1.1.5. | H32: SIMs | I32: ='Data questionnaire - mobile'!$L$10 -> prepaid | M32: ='Data questionnaire - mobile'!$L$9 -> As of 30.06.2026
A33: ='Overview and definitions'!$C$4 -> 0 | B33: ='Overview and definitions'!$C$6 -> Liechtenstein | C33: ='Overview and definitions'!$C$7 -> MNO | D33: ='Data questionnaire - mobile'!$B$1 -> Data questionnaire: Mobile services | E33: A - SIMs | F33: 32 | G33: ='Data questionnaire - mobile'!$A$17 -> 1.1.5. | H33: SIMs | I33: ='Data questionnaire - mobile'!$M$10 -> postpaid | M33: ='Data questionnaire - mobile'!$L$9 -> As of 30.06.2026
A34: ='Overview and definitions'!$C$4 -> 0 | B34: ='Overview and definitions'!$C$6 -> Liechtenstein | C34: ='Overview and definitions'!$C$7 -> MNO | D34: ='Data questionnaire - mobile'!$B$1 -> Data questionnaire: Mobile services | E34: A - SIMs | F34: 33 | G34: ='Data questionnaire - mobile'!$A$17 -> 1.1.5. | H34: SIMs | I34: ='Data questionnaire - mobile'!$N$9 -> … of which are corporate | M34: ='Data questionnaire - mobile'!$L$9 -> As of 30.06.2026
A35: ='Overview and definitions'!$C$4 -> 0 | B35: ='Overview and definitions'!$C$6 -> Liechtenstein | C35: ='Overview and definitions'!$C$7 -> MNO | D35: ='Data questionnaire - mobile'!$B$1 -> Data questionnaire: Mobile services | E35: A - SIMs | F35: 34 | G35: ='Data questionnaire - mobile'!$A$17 -> 1.1.5. | H35: SIMs | I35: ='Data questionnaire - mobile'!$P$10 -> prepaid | M35: ='Data questionnaire - mobile'!$P$9 -> As of 30.09.2026
A36: ='Overview and definitions'!$C$4 -> 0 | B36: ='Overview and definitions'!$C$6 -> Liechtenstein | C36: ='Overview and definitions'!$C$7 -> MNO | D36: ='Data questionnaire - mobile'!$B$1 -> Data questionnaire: Mobile services | E36: A - SIMs | F36: 35 | G36: ='Data questionnaire - mobile'!$A$17 -> 1.1.5. | H36: SIMs | I36: ='Data questionnaire - mobile'!$Q$10 -> postpaid | M36: ='Data questionnaire - mobile'!$P$9 -> As of 30.09.2026
A37: ='Overview and definitions'!$C$4 -> 0 | B37: ='Overview and definitions'!$C$6 -> Liechtenstein | C37: ='Overview and definitions'!$C$7 -> MNO | D37: ='Data questionnaire - mobile'!$B$1 -> Data questionnaire: Mobile services | E37: A - SIMs | F37: 36 | G37: ='Data questionnaire - mobile'!$A$17 -> 1.1.5. | H37: SIMs | I37: ='Data questionnaire - mobile'!$R$9 -> … of which are corporate | M37: ='Data questionnaire - mobile'!$P$9 -> As of 30.09.2026
A38: ='Overview and definitions'!$C$4 -> 0 | B38: ='Overview and definitions'!$C$6 -> Liechtenstein | C38: ='Overview and definitions'!$C$7 -> MNO | D38: ='Data questionnaire - mobile'!$B$1 -> Data questionnaire: Mobile services | E38: A - SIMs | F38: 37 | G38: ='Data questionnaire - mobile'!$A$20 -> 1.1.6. | H38: SIMs | I38: ='Data questionnaire - mobile'!$D$10 -> prepaid | L38: domestic | M38: ='Data questionnaire - mobile'!$D$9 -> As of 31.12.2025
A39: ='Overview and definitions'!$C$4 -> 0 | B39: ='Overview and definitions'!$C$6 -> Liechtenstein | C39: ='Overview and definitions'!$C$7 -> MNO | D39: ='Data questionnaire - mobile'!$B$1 -> Data questionnaire: Mobile services | E39: A - SIMs | F39: 38 | G39: ='Data questionnaire - mobile'!$A$20 -> 1.1.6. | H39: SIMs | I39: ='Data questionnaire - mobile'!$E$10 -> postpaid | L39: domestic | M39: ='Data questionnaire - mobile'!$D$9 -> As of 31.12.2025
A40: ='Overview and definitions'!$C$4 -> 0 | B40: ='Overview and definitions'!$C$6 -> Liechtenstein | C40: ='Overview and definitions'!$C$7 -> MNO | D40: ='Data questionnaire - mobile'!$B$1 -> Data questionnaire: Mobile services | E40: A - SIMs | F40: 39 | G40: ='Data questionnaire - mobile'!$A$20 -> 1.1.6. | H40: SIMs | I40: ='Data questionnaire - mobile'!$F$9 -> … of which are corporate | L40: domestic | M40: ='Data questionnaire - mobile'!$D$9 -> As of 31.12.2025
A41: ='Overview and definitions'!$C$4 -> 0 | B41: ='Overview and definitions'!$C$6 -> Liechtenstein | C41: ='Overview and definitions'!$C$7 -> MNO | D41: ='Data questionnaire - mobile'!$B$1 -> Data questionnaire: Mobile services | E41: A - SIMs | F41: 40 | G41: ='Data questionnaire - mobile'!$A$20 -> 1.1.6. | H41: SIMs | I41: ='Data questionnaire - mobile'!$H$10 -> prepaid | L41: domestic | M41: ='Data questionnaire - mobile'!$H$9 -> As of 31.03.2026
A42: ='Overview and definitions'!$C$4 -> 0 | B42: ='Overview and definitions'!$C$6 -> Liechtenstein | C42: ='Overview and definitions'!$C$7 -> MNO | D42: ='Data questionnaire - mobile'!$B$1 -> Data questionnaire: Mobile services | E42: A - SIMs | F42: 41 | G42: ='Data questionnaire - mobile'!$A$20 -> 1.1.6. | H42: SIMs | I42: ='Data questionnaire - mobile'!$I$10 -> postpaid | L42: domestic | M42: ='Data questionnaire - mobile'!$H$9 -> As of 31.03.2026
A43: ='Overview and definitions'!$C$4 -> 0 | B43: ='Overview and definitions'!$C$6 -> Liechtenstein | C43: ='Overview and definitions'!$C$7 -> MNO | D43: ='Data questionnaire - mobile'!$B$1 -> Data questionnaire: Mobile services | E43: A - SIMs | F43: 42 | G43: ='Data questionnaire - mobile'!$A$20 -> 1.1.6. | H43: SIMs | I43: ='Data questionnaire - mobile'!$J$9 -> … of which are corporate | L43: domestic | M43: ='Data questionnaire - mobile'!$H$9 -> As of 31.03.2026
A44: ='Overview and definitions'!$C$4 -> 0 | B44: ='Overview and definitions'!$C$6 -> Liechtenstein | C44: ='Overview and definitions'!$C$7 -> MNO | D44: ='Data questionnaire - mobile'!$B$1 -> Data questionnaire: Mobile services | E44: A - SIMs | F44: 43 | G44: ='Data questionnaire - mobile'!$A$20 -> 1.1.6. | H44: SIMs | I44: ='Data questionnaire - mobile'!$L$10 -> prepaid | L44: domestic | M44: ='Data questionnaire - mobile'!$L$9 -> As of 30.06.2026
A45: ='Overview and definitions'!$C$4 -> 0 | B45: ='Overview and definitions'!$C$6 -> Liechtenstein | C45: ='Overview and definitions'!$C$7 -> MNO | D45: ='Data questionnaire - mobile'!$B$1 -> Data questionnaire: Mobile services | E45: A - SIMs | F45: 44 | G45: ='Data questionnaire - mobile'!$A$20 -> 1.1.6. | H45: SIMs | I45: ='Data questionnaire - mobile'!$M$10 -> postpaid | L45: domestic | M45: ='Data questionnaire - mobile'!$L$9 -> As of 30.06.2026
A46: ='Overview and definitions'!$C$4 -> 0 | B46: ='Overview and definitions'!$C$6 -> Liechtenstein | C46: ='Overview and definitions'!$C$7 -> MNO | D46: ='Data questionnaire - mobile'!$B$1 -> Data questionnaire: Mobile services | E46: A - SIMs | F46: 45 | G46: ='Data questionnaire - mobile'!$A$20 -> 1.1.6. | H46: SIMs | I46: ='Data questionnaire - mobile'!$N$9 -> … of which are corporate | L46: domestic | M46: ='Data questionnaire - mobile'!$L$9 -> As of 30.06.2026
A47: ='Overview and definitions'!$C$4 -> 0 | B47: ='Overview and definitions'!$C$6 -> Liechtenstein | C47: ='Overview and definitions'!$C$7 -> MNO | D47: ='Data questionnaire - mobile'!$B$1 -> Data questionnaire: Mobile services | E47: A - SIMs | F47: 46 | G47: ='Data questionnaire - mobile'!$A$20 -> 1.1.6. | H47: SIMs | I47: ='Data questionnaire - mobile'!$P$10 -> prepaid | L47: domestic | M47: ='Data questionnaire - mobile'!$P$9 -> As of 30.09.2026
A48: ='Overview and definitions'!$C$4 -> 0 | B48: ='Overview and definitions'!$C$6 -> Liechtenstein | C48: ='Overview and definitions'!$C$7 -> MNO | D48: ='Data questionnaire - mobile'!$B$1 -> Data questionnaire: Mobile services | E48: A - SIMs | F48: 47 | G48: ='Data questionnaire - mobile'!$A$20 -> 1.1.6. | H48: SIMs | I48: ='Data questionnaire - mobile'!$Q$10 -> postpaid | L48: domestic | M48: ='Data questionnaire - mobile'!$P$9 -> As of 30.09.2026
A49: ='Overview and definitions'!$C$4 -> 0 | B49: ='Overview and definitions'!$C$6 -> Liechtenstein | C49: ='Overview and definitions'!$C$7 -> MNO | D49: ='Data questionnaire - mobile'!$B$1 -> Data questionnaire: Mobile services | E49: A - SIMs | F49: 48 | G49: ='Data questionnaire - mobile'!$A$20 -> 1.1.6. | H49: SIMs | I49: ='Data questionnaire - mobile'!$R$9 -> … of which are corporate | L49: domestic | M49: ='Data questionnaire - mobile'!$P$9 -> As of 30.09.2026
A50: ='Overview and definitions'!$C$4 -> 0 | B50: ='Overview and definitions'!$C$6 -> Liechtenstein | C50: ='Overview and definitions'!$C$7 -> MNO | D50: ='Data questionnaire - mobile'!$B$1 -> Data questionnaire: Mobile services | E50: A - SIMs | F50: 49 | G50: ='Data questionnaire - mobile'!$A$27 -> 1.2.1. | H50: SIMs | I50: ='Data questionnaire - mobile'!$D$10 -> prepaid | M50: ='Data questionnaire - mobile'!$D$9 -> As of 31.12.2025
A51: ='Overview and definitions'!$C$4 -> 0 | B51: ='Overview and definitions'!$C$6 -> Liechtenstein | C51: ='Overview and definitions'!$C$7 -> MNO | D51: ='Data questionnaire - mobile'!$B$1 -> Data questionnaire: Mobile services | E51: A - SIMs | F51: 50 | G51: ='Data questionnaire - mobile'!$A$27 -> 1.2.1. | H51: SIMs | I51: ='Data questionnaire - mobile'!$E$10 -> postpaid | M51: ='Data questionnaire - mobile'!$D$9 -> As of 31.12.2025
A52: ='Overview and definitions'!$C$4 -> 0 | B52: ='Overview and definitions'!$C$6 -> Liechtenstein | C52: ='Overview and definitions'!$C$7 -> MNO | D52: ='Data questionnaire - mobile'!$B$1 -> Data questionnaire: Mobile services | E52: A - SIMs | F52: 51 | G52: ='Data questionnaire - mobile'!$A$27 -> 1.2.1. | H52: SIMs | I52: ='Data questionnaire - mobile'!$F$9 -> … of which are corporate | M52: ='Data questionnaire - mobile'!$D$9 -> As of 31.12.2025
A53: ='Overview and definitions'!$C$4 -> 0 | B53: ='Overview and definitions'!$C$6 -> Liechtenstein | C53: ='Overview and definitions'!$C$7 -> MNO | D53: ='Data questionnaire - mobile'!$B$1 -> Data questionnaire: Mobile services | E53: A - SIMs | F53: 52 | G53: ='Data questionnaire - mobile'!$A$27 -> 1.2.1. | H53: SIMs | I53: ='Data questionnaire - mobile'!$H$10 -> prepaid | M53: ='Data questionnaire - mobile'!$H$9 -> As of 31.03.2026
A54: ='Overview and definitions'!$C$4 -> 0 | B54: ='Overview and definitions'!$C$6 -> Liechtenstein | C54: ='Overview and definitions'!$C$7 -> MNO | D54: ='Data questionnaire - mobile'!$B$1 -> Data questionnaire: Mobile services | E54: A - SIMs | F54: 53 | G54: ='Data questionnaire - mobile'!$A$27 -> 1.2.1. | H54: SIMs | I54: ='Data questionnaire - mobile'!$I$10 -> postpaid | M54: ='Data questionnaire - mobile'!$H$9 -> As of 31.03.2026
A55: ='Overview and definitions'!$C$4 -> 0 | B55: ='Overview and definitions'!$C$6 -> Liechtenstein | C55: ='Overview and definitions'!$C$7 -> MNO | D55: ='Data questionnaire - mobile'!$B$1 -> Data questionnaire: Mobile services | E55: A - SIMs | F55: 54 | G55: ='Data questionnaire - mobile'!$A$27 -> 1.2.1. | H55: SIMs | I55: ='Data questionnaire - mobile'!$J$9 -> … of which are corporate | M55: ='Data questionnaire - mobile'!$H$9 -> As of 31.03.2026
A56: ='Overview and definitions'!$C$4 -> 0 | B56: ='Overview and definitions'!$C$6 -> Liechtenstein | C56: ='Overview and definitions'!$C$7 -> MNO | D56: ='Data questionnaire - mobile'!$B$1 -> Data questionnaire: Mobile services | E56: A - SIMs | F56: 55 | G56: ='Data questionnaire - mobile'!$A$27 -> 1.2.1. | H56: SIMs | I56: ='Data questionnaire - mobile'!$L$10 -> prepaid | M56: ='Data questionnaire - mobile'!$L$9 -> As of 30.06.2026
A57: ='Overview and definitions'!$C$4 -> 0 | B57: ='Overview and definitions'!$C$6 -> Liechtenstein | C57: ='Overview and definitions'!$C$7 -> MNO | D57: ='Data questionnaire - mobile'!$B$1 -> Data questionnaire: Mobile services | E57: A - SIMs | F57: 56 | G57: ='Data questionnaire - mobile'!$A$27 -> 1.2.1. | H57: SIMs | I57: ='Data questionnaire - mobile'!$M$10 -> postpaid | M57: ='Data questionnaire - mobile'!$L$9 -> As of 30.06.2026
A58: ='Overview and definitions'!$C$4 -> 0 | B58: ='Overview and definitions'!$C$6 -> Liechtenstein | C58: ='Overview and definitions'!$C$7 -> MNO | D58: ='Data questionnaire - mobile'!$B$1 -> Data questionnaire: Mobile services | E58: A - SIMs | F58: 57 | G58: ='Data questionnaire - mobile'!$A$27 -> 1.2.1. | H58: SIMs | I58: ='Data questionnaire - mobile'!$N$9 -> … of which are corporate | M58: ='Data questionnaire - mobile'!$L$9 -> As of 30.06.2026
A59: ='Overview and definitions'!$C$4 -> 0 | B59: ='Overview and definitions'!$C$6 -> Liechtenstein | C59: ='Overview and definitions'!$C$7 -> MNO | D59: ='Data questionnaire - mobile'!$B$1 -> Data questionnaire: Mobile services | E59: A - SIMs | F59: 58 | G59: ='Data questionnaire - mobile'!$A$27 -> 1.2.1. | H59: SIMs | I59: ='Data questionnaire - mobile'!$P$10 -> prepaid | M59: ='Data questionnaire - mobile'!$P$9 -> As of 30.09.2026
A60: ='Overview and definitions'!$C$4 -> 0 | B60: ='Overview and definitions'!$C$6 -> Liechtenstein | C60: ='Overview and definitions'!$C$7 -> MNO | D60: ='Data questionnaire - mobile'!$B$1 -> Data questionnaire: Mobile services | E60: A - SIMs | F60: 59 | G60: ='Data questionnaire - mobile'!$A$27 -> 1.2.1. | H60: SIMs | I60: ='Data questionnaire - mobile'!$Q$10 -> postpaid | M60: ='Data questionnaire - mobile'!$P$9 -> As of 30.09.2026
A61: ='Overview and definitions'!$C$4 -> 0 | B61: ='Overview and definitions'!$C$6 -> Liechtenstein | C61: ='Overview and definitions'!$C$7 -> MNO | D61: ='Data questionnaire - mobile'!$B$1 -> Data questionnaire: Mobile services | E61: A - SIMs | F61: 60 | G61: ='Data questionnaire - mobile'!$A$27 -> 1.2.1. | H61: SIMs | I61: ='Data questionnaire - mobile'!$R$9 -> … of which are corporate | M61: ='Data questionnaire - mobile'!$P$9 -> As of 30.09.2026
A62: ='Overview and definitions'!$C$4 -> 0 | B62: ='Overview and definitions'!$C$6 -> Liechtenstein | C62: ='Overview and definitions'!$C$7 -> MNO | D62: ='Data questionnaire - mobile'!$B$1 -> Data questionnaire: Mobile services | E62: A - SIMs | F62: 61 | G62: ='Data questionnaire - mobile'!$A$29 -> 1.2.2. | H62: SIMs | I62: ='Data questionnaire - mobile'!$D$10 -> prepaid | L62: EU/EEA | M62: ='Data questionnaire - mobile'!$D$9 -> As of 31.12.2025
A63: ='Overview and definitions'!$C$4 -> 0 | B63: ='Overview and definitions'!$C$6 -> Liechtenstein | C63: ='Overview and definitions'!$C$7 -> MNO | D63: ='Data questionnaire - mobile'!$B$1 -> Data questionnaire: Mobile services | E63: A - SIMs | F63: 62 | G63: ='Data questionnaire - mobile'!$A$29 -> 1.2.2. | H63: SIMs | I63: ='Data questionnaire - mobile'!$E$10 -> postpaid | L63: EU/EEA | M63: ='Data questionnaire - mobile'!$D$9 -> As of 31.12.2025
A64: ='Overview and definitions'!$C$4 -> 0 | B64: ='Overview and definitions'!$C$6 -> Liechtenstein | C64: ='Overview and definitions'!$C$7 -> MNO | D64: ='Data questionnaire - mobile'!$B$1 -> Data questionnaire: Mobile services | E64: A - SIMs | F64: 63 | G64: ='Data questionnaire - mobile'!$A$29 -> 1.2.2. | H64: SIMs | I64: ='Data questionnaire - mobile'!$F$9 -> … of which are corporate | L64: EU/EEA | M64: ='Data questionnaire - mobile'!$D$9 -> As of 31.12.2025
A65: ='Overview and definitions'!$C$4 -> 0 | B65: ='Overview and definitions'!$C$6 -> Liechtenstein | C65: ='Overview and definitions'!$C$7 -> MNO | D65: ='Data questionnaire - mobile'!$B$1 -> Data questionnaire: Mobile services | E65: A - SIMs | F65: 64 | G65: ='Data questionnaire - mobile'!$A$29 -> 1.2.2. | H65: SIMs | I65: ='Data questionnaire - mobile'!$H$10 -> prepaid | L65: EU/EEA | M65: ='Data questionnaire - mobile'!$H$9 -> As of 31.03.2026
A66: ='Overview and definitions'!$C$4 -> 0 | B66: ='Overview and definitions'!$C$6 -> Liechtenstein | C66: ='Overview and definitions'!$C$7 -> MNO | D66: ='Data questionnaire - mobile'!$B$1 -> Data questionnaire: Mobile services | E66: A - SIMs | F66: 65 | G66: ='Data questionnaire - mobile'!$A$29 -> 1.2.2. | H66: SIMs | I66: ='Data questionnaire - mobile'!$I$10 -> postpaid | L66: EU/EEA | M66: ='Data questionnaire - mobile'!$H$9 -> As of 31.03.2026
A67: ='Overview and definitions'!$C$4 -> 0 | B67: ='Overview and definitions'!$C$6 -> Liechtenstein | C67: ='Overview and definitions'!$C$7 -> MNO | D67: ='Data questionnaire - mobile'!$B$1 -> Data questionnaire: Mobile services | E67: A - SIMs | F67: 66 | G67: ='Data questionnaire - mobile'!$A$29 -> 1.2.2. | H67: SIMs | I67: ='Data questionnaire - mobile'!$J$9 -> … of which are corporate | L67: EU/EEA | M67: ='Data questionnaire - mobile'!$H$9 -> As of 31.03.2026
A68: ='Overview and definitions'!$C$4 -> 0 | B68: ='Overview and definitions'!$C$6 -> Liechtenstein | C68: ='Overview and definitions'!$C$7 -> MNO | D68: ='Data questionnaire - mobile'!$B$1 -> Data questionnaire: Mobile services | E68: A - SIMs | F68: 67 | G68: ='Data questionnaire - mobile'!$A$29 -> 1.2.2. | H68: SIMs | I68: ='Data questionnaire - mobile'!$L$10 -> prepaid | L68: EU/EEA | M68: ='Data questionnaire - mobile'!$L$9 -> As of 30.06.2026
A69: ='Overview and definitions'!$C$4 -> 0 | B69: ='Overview and definitions'!$C$6 -> Liechtenstein | C69: ='Overview and definitions'!$C$7 -> MNO | D69: ='Data questionnaire - mobile'!$B$1 -> Data questionnaire: Mobile services | E69: A - SIMs | F69: 68 | G69: ='Data questionnaire - mobile'!$A$29 -> 1.2.2. | H69: SIMs | I69: ='Data questionnaire - mobile'!$M$10 -> postpaid | L69: EU/EEA | M69: ='Data questionnaire - mobile'!$L$9 -> As of 30.06.2026
A70: ='Overview and definitions'!$C$4 -> 0 | B70: ='Overview and definitions'!$C$6 -> Liechtenstein | C70: ='Overview and definitions'!$C$7 -> MNO | D70: ='Data questionnaire - mobile'!$B$1 -> Data questionnaire: Mobile services | E70: A - SIMs | F70: 69 | G70: ='Data questionnaire - mobile'!$A$29 -> 1.2.2. | H70: SIMs | I70: ='Data questionnaire - mobile'!$N$9 -> … of which are corporate | L70: EU/EEA | M70: ='Data questionnaire - mobile'!$L$9 -> As of 30.06.2026
A71: ='Overview and definitions'!$C$4 -> 0 | B71: ='Overview and definitions'!$C$6 -> Liechtenstein | C71: ='Overview and definitions'!$C$7 -> MNO | D71: ='Data questionnaire - mobile'!$B$1 -> Data questionnaire: Mobile services | E71: A - SIMs | F71: 70 | G71: ='Data questionnaire - mobile'!$A$29 -> 1.2.2. | H71: SIMs | I71: ='Data questionnaire - mobile'!$P$10 -> prepaid | L71: EU/EEA | M71: ='Data questionnaire - mobile'!$P$9 -> As of 30.09.2026
A72: ='Overview and definitions'!$C$4 -> 0 | B72: ='Overview and definitions'!$C$6 -> Liechtenstein | C72: ='Overview and definitions'!$C$7 -> MNO | D72: ='Data questionnaire - mobile'!$B$1 -> Data questionnaire: Mobile services | E72: A - SIMs | F72: 71 | G72: ='Data questionnaire - mobile'!$A$29 -> 1.2.2. | H72: SIMs | I72: ='Data questionnaire - mobile'!$Q$10 -> postpaid | L72: EU/EEA | M72: ='Data questionnaire - mobile'!$P$9 -> As of 30.09.2026
A73: ='Overview and definitions'!$C$4 -> 0 | B73: ='Overview and definitions'!$C$6 -> Liechtenstein | C73: ='Overview and definitions'!$C$7 -> MNO | D73: ='Data questionnaire - mobile'!$B$1 -> Data questionnaire: Mobile services | E73: A - SIMs | F73: 72 | G73: ='Data questionnaire - mobile'!$A$29 -> 1.2.2. | H73: SIMs | I73: ='Data questionnaire - mobile'!$R$9 -> … of which are corporate | L73: EU/EEA | M73: ='Data questionnaire - mobile'!$P$9 -> As of 30.09.2026
A74: ='Overview and definitions'!$C$4 -> 0 | B74: ='Overview and definitions'!$C$6 -> Liechtenstein | C74: ='Overview and definitions'!$C$7 -> MNO | D74: ='Data questionnaire - mobile'!$B$1 -> Data questionnaire: Mobile services | E74: A - SIMs | F74: 73 | G74: ='Data questionnaire - mobile'!$A$31 -> 1.2.3. | H74: SIMs | I74: ='Data questionnaire - mobile'!$D$10 -> prepaid | J74: RLAH | L74: EU/EEA | M74: ='Data questionnaire - mobile'!$D$9 -> As of 31.12.2025
A75: ='Overview and definitions'!$C$4 -> 0 | B75: ='Overview and definitions'!$C$6 -> Liechtenstein | C75: ='Overview and definitions'!$C$7 -> MNO | D75: ='Data questionnaire - mobile'!$B$1 -> Data questionnaire: Mobile services | E75: A - SIMs | F75: 74 | G75: ='Data questionnaire - mobile'!$A$31 -> 1.2.3. | H75: SIMs | I75: ='Data questionnaire - mobile'!$E$10 -> postpaid | J75: RLAH | L75: EU/EEA | M75: ='Data questionnaire - mobile'!$D$9 -> As of 31.12.2025
A76: ='Overview and definitions'!$C$4 -> 0 | B76: ='Overview and definitions'!$C$6 -> Liechtenstein | C76: ='Overview and definitions'!$C$7 -> MNO | D76: ='Data questionnaire - mobile'!$B$1 -> Data questionnaire: Mobile services | E76: A - SIMs | F76: 75 | G76: ='Data questionnaire - mobile'!$A$31 -> 1.2.3. | H76: SIMs | I76: ='Data questionnaire - mobile'!$F$9 -> … of which are corporate | J76: RLAH | L76: EU/EEA | M76: ='Data questionnaire - mobile'!$D$9 -> As of 31.12.2025
A77: ='Overview and definitions'!$C$4 -> 0 | B77: ='Overview and definitions'!$C$6 -> Liechtenstein | C77: ='Overview and definitions'!$C$7 -> MNO | D77: ='Data questionnaire - mobile'!$B$1 -> Data questionnaire: Mobile services | E77: A - SIMs | F77: 76 | G77: ='Data questionnaire - mobile'!$A$31 -> 1.2.3. | H77: SIMs | I77: ='Data questionnaire - mobile'!$H$10 -> prepaid | J77: RLAH | L77: EU/EEA | M77: ='Data questionnaire - mobile'!$H$9 -> As of 31.03.2026
A78: ='Overview and definitions'!$C$4 -> 0 | B78: ='Overview and definitions'!$C$6 -> Liechtenstein | C78: ='Overview and definitions'!$C$7 -> MNO | D78: ='Data questionnaire - mobile'!$B$1 -> Data questionnaire: Mobile services | E78: A - SIMs | F78: 77 | G78: ='Data questionnaire - mobile'!$A$31 -> 1.2.3. | H78: SIMs | I78: ='Data questionnaire - mobile'!$I$10 -> postpaid | J78: RLAH | L78: EU/EEA | M78: ='Data questionnaire - mobile'!$H$9 -> As of 31.03.2026
A79: ='Overview and definitions'!$C$4 -> 0 | B79: ='Overview and definitions'!$C$6 -> Liechtenstein | C79: ='Overview and definitions'!$C$7 -> MNO | D79: ='Data questionnaire - mobile'!$B$1 -> Data questionnaire: Mobile services | E79: A - SIMs | F79: 78 | G79: ='Data questionnaire - mobile'!$A$31 -> 1.2.3. | H79: SIMs | I79: ='Data questionnaire - mobile'!$J$9 -> … of which are corporate | J79: RLAH | L79: EU/EEA | M79: ='Data questionnaire - mobile'!$H$9 -> As of 31.03.2026
A80: ='Overview and definitions'!$C$4 -> 0 | B80: ='Overview and definitions'!$C$6 -> Liechtenstein | C80: ='Overview and definitions'!$C$7 -> MNO | D80: ='Data questionnaire - mobile'!$B$1 -> Data questionnaire: Mobile services | E80: A - SIMs | F80: 79 | G80: ='Data questionnaire - mobile'!$A$31 -> 1.2.3. | H80: SIMs | I80: ='Data questionnaire - mobile'!$L$10 -> prepaid | J80: RLAH | L80: EU/EEA | M80: ='Data questionnaire - mobile'!$L$9 -> As of 30.06.2026
A81: ='Overview and definitions'!$C$4 -> 0 | B81: ='Overview and definitions'!$C$6 -> Liechtenstein | C81: ='Overview and definitions'!$C$7 -> MNO | D81: ='Data questionnaire - mobile'!$B$1 -> Data questionnaire: Mobile services | E81: A - SIMs | F81: 80 | G81: ='Data questionnaire - mobile'!$A$31 -> 1.2.3. | H81: SIMs | I81: ='Data questionnaire - mobile'!$M$10 -> postpaid | J81: RLAH | L81: EU/EEA | M81: ='Data questionnaire - mobile'!$L$9 -> As of 30.06.2026
A82: ='Overview and definitions'!$C$4 -> 0 | B82: ='Overview and definitions'!$C$6 -> Liechtenstein | C82: ='Overview and definitions'!$C$7 -> MNO | D82: ='Data questionnaire - mobile'!$B$1 -> Data questionnaire: Mobile services | E82: A - SIMs | F82: 81 | G82: ='Data questionnaire - mobile'!$A$31 -> 1.2.3. | H82: SIMs | I82: ='Data questionnaire - mobile'!$N$9 -> … of which are corporate | J82: RLAH | L82: EU/EEA | M82: ='Data questionnaire - mobile'!$L$9 -> As of 30.06.2026
A83: ='Overview and definitions'!$C$4 -> 0 | B83: ='Overview and definitions'!$C$6 -> Liechtenstein | C83: ='Overview and definitions'!$C$7 -> MNO | D83: ='Data questionnaire - mobile'!$B$1 -> Data questionnaire: Mobile services | E83: A - SIMs | F83: 82 | G83: ='Data questionnaire - mobile'!$A$31 -> 1.2.3. | H83: SIMs | I83: ='Data questionnaire - mobile'!$P$10 -> prepaid | J83: RLAH | L83: EU/EEA | M83: ='Data questionnaire - mobile'!$P$9 -> As of 30.09.2026
A84: ='Overview and definitions'!$C$4 -> 0 | B84: ='Overview and definitions'!$C$6 -> Liechtenstein | C84: ='Overview and definitions'!$C$7 -> MNO | D84: ='Data questionnaire - mobile'!$B$1 -> Data questionnaire: Mobile services | E84: A - SIMs | F84: 83 | G84: ='Data questionnaire - mobile'!$A$31 -> 1.2.3. | H84: SIMs | I84: ='Data questionnaire - mobile'!$Q$10 -> postpaid | J84: RLAH | L84: EU/EEA | M84: ='Data questionnaire - mobile'!$P$9 -> As of 30.09.2026
A85: ='Overview and definitions'!$C$4 -> 0 | B85: ='Overview and definitions'!$C$6 -> Liechtenstein | C85: ='Overview and definitions'!$C$7 -> MNO | D85: ='Data questionnaire - mobile'!$B$1 -> Data questionnaire: Mobile services | E85: A - SIMs | F85: 84 | G85: ='Data questionnaire - mobile'!$A$31 -> 1.2.3. | H85: SIMs | I85: ='Data questionnaire - mobile'!$R$9 -> … of which are corporate | J85: RLAH | L85: EU/EEA | M85: ='Data questionnaire - mobile'!$P$9 -> As of 30.09.2026
A86: ='Overview and definitions'!$C$4 -> 0 | B86: ='Overview and definitions'!$C$6 -> Liechtenstein | C86: ='Overview and definitions'!$C$7 -> MNO | D86: ='Data questionnaire - mobile'!$B$1 -> Data questionnaire: Mobile services | E86: B - Retail | F86: 85 | G86: ='Data questionnaire - mobile'!$A$45 -> 2.1.1.1. | H86: ='Data questionnaire - mobile'!$D$44 -> units | K86: minutes | L86: domestic | M86: ='Data questionnaire - mobile'!$D$43 -> Q4 2025
A87: ='Overview and definitions'!$C$4 -> 0 | B87: ='Overview and definitions'!$C$6 -> Liechtenstein | C87: ='Overview and definitions'!$C$7 -> MNO | D87: ='Data questionnaire - mobile'!$B$1 -> Data questionnaire: Mobile services | E87: B - Retail | F87: 86 | G87: ='Data questionnaire - mobile'!$A$45 -> 2.1.1.1. | H87: ='Data questionnaire - mobile'!$D$44 -> units | K87: minutes | L87: domestic | M87: ='Data questionnaire - mobile'!$H$43 -> Q1 2026
A88: ='Overview and definitions'!$C$4 -> 0 | B88: ='Overview and definitions'!$C$6 -> Liechtenstein | C88: ='Overview and definitions'!$C$7 -> MNO | D88: ='Data questionnaire - mobile'!$B$1 -> Data questionnaire: Mobile services | E88: B - Retail | F88: 87 | G88: ='Data questionnaire - mobile'!$A$45 -> 2.1.1.1. | H88: ='Data questionnaire - mobile'!$D$44 -> units | K88: minutes | L88: domestic | M88: ='Data questionnaire - mobile'!$L$43 -> Q2 2026
A89: ='Overview and definitions'!$C$4 -> 0 | B89: ='Overview and definitions'!$C$6 -> Liechtenstein | C89: ='Overview and definitions'!$C$7 -> MNO | D89: ='Data questionnaire - mobile'!$B$1 -> Data questionnaire: Mobile services | E89: B - Retail | F89: 88 | G89: ='Data questionnaire - mobile'!$A$45 -> 2.1.1.1. | H89: ='Data questionnaire - mobile'!$D$44 -> units | K89: minutes | L89: domestic | M89: ='Data questionnaire - mobile'!$P$43 -> Q3 2026
A90: ='Overview and definitions'!$C$4 -> 0 | B90: ='Overview and definitions'!$C$6 -> Liechtenstein | C90: ='Overview and definitions'!$C$7 -> MNO | D90: ='Data questionnaire - mobile'!$B$1 -> Data questionnaire: Mobile services | E90: B - Retail | F90: 89 | G90: ='Data questionnaire - mobile'!$A$46 -> 2.1.1.2. | H90: ='Data questionnaire - mobile'!$D$44 -> units | K90: minutes | L90: domestic | M90: ='Data questionnaire - mobile'!$D$43 -> Q4 2025
A91: ='Overview and definitions'!$C$4 -> 0 | B91: ='Overview and definitions'!$C$6 -> Liechtenstein | C91: ='Overview and definitions'!$C$7 -> MNO | D91: ='Data questionnaire - mobile'!$B$1 -> Data questionnaire: Mobile services | E91: B - Retail | F91: 90 | G91: ='Data questionnaire - mobile'!$A$46 -> 2.1.1.2. | H91: ='Data questionnaire - mobile'!$D$44 -> units | K91: minutes | L91: domestic | M91: ='Data questionnaire - mobile'!$H$43 -> Q1 2026
A92: ='Overview and definitions'!$C$4 -> 0 | B92: ='Overview and definitions'!$C$6 -> Liechtenstein | C92: ='Overview and definitions'!$C$7 -> MNO | D92: ='Data questionnaire - mobile'!$B$1 -> Data questionnaire: Mobile services | E92: B - Retail | F92: 91 | G92: ='Data questionnaire - mobile'!$A$46 -> 2.1.1.2. | H92: ='Data questionnaire - mobile'!$D$44 -> units | K92: minutes | L92: domestic | M92: ='Data questionnaire - mobile'!$L$43 -> Q2 2026
A93: ='Overview and definitions'!$C$4 -> 0 | B93: ='Overview and definitions'!$C$6 -> Liechtenstein | C93: ='Overview and definitions'!$C$7 -> MNO | D93: ='Data questionnaire - mobile'!$B$1 -> Data questionnaire: Mobile services | E93: B - Retail | F93: 92 | G93: ='Data questionnaire - mobile'!$A$46 -> 2.1.1.2. | H93: ='Data questionnaire - mobile'!$D$44 -> units | K93: minutes | L93: domestic | M93: ='Data questionnaire - mobile'!$P$43 -> Q3 2026
A94: ='Overview and definitions'!$C$4 -> 0 | B94: ='Overview and definitions'!$C$6 -> Liechtenstein | C94: ='Overview and definitions'!$C$7 -> MNO | D94: ='Data questionnaire - mobile'!$B$1 -> Data questionnaire: Mobile services | E94: B - Retail | F94: 93 | G94: ='Data questionnaire - mobile'!$A$47 -> 2.1.2. | H94: ='Data questionnaire - mobile'!$D$44 -> units | K94: SMS | L94: domestic | M94: ='Data questionnaire - mobile'!$D$43 -> Q4 2025
A95: ='Overview and definitions'!$C$4 -> 0 | B95: ='Overview and definitions'!$C$6 -> Liechtenstein | C95: ='Overview and definitions'!$C$7 -> MNO | D95: ='Data questionnaire - mobile'!$B$1 -> Data questionnaire: Mobile services | E95: B - Retail | F95: 94 | G95: ='Data questionnaire - mobile'!$A$47 -> 2.1.2. | H95: ='Data questionnaire - mobile'!$D$44 -> units | K95: SMS | L95: domestic | M95: ='Data questionnaire - mobile'!$H$43 -> Q1 2026
A96: ='Overview and definitions'!$C$4 -> 0 | B96: ='Overview and definitions'!$C$6 -> Liechtenstein | C96: ='Overview and definitions'!$C$7 -> MNO | D96: ='Data questionnaire - mobile'!$B$1 -> Data questionnaire: Mobile services | E96: B - Retail | F96: 95 | G96: ='Data questionnaire - mobile'!$A$47 -> 2.1.2. | H96: ='Data questionnaire - mobile'!$D$44 -> units | K96: SMS | L96: domestic | M96: ='Data questionnaire - mobile'!$L$43 -> Q2 2026
A97: ='Overview and definitions'!$C$4 -> 0 | B97: ='Overview and definitions'!$C$6 -> Liechtenstein | C97: ='Overview and definitions'!$C$7 -> MNO | D97: ='Data questionnaire - mobile'!$B$1 -> Data questionnaire: Mobile services | E97: B - Retail | F97: 96 | G97: ='Data questionnaire - mobile'!$A$47 -> 2.1.2. | H97: ='Data questionnaire - mobile'!$D$44 -> units | K97: SMS | L97: domestic | M97: ='Data questionnaire - mobile'!$P$43 -> Q3 2026
A98: ='Overview and definitions'!$C$4 -> 0 | B98: ='Overview and definitions'!$C$6 -> Liechtenstein | C98: ='Overview and definitions'!$C$7 -> MNO | D98: ='Data questionnaire - mobile'!$B$1 -> Data questionnaire: Mobile services | E98: B - Retail | F98: 97 | G98: ='Data questionnaire - mobile'!$A$48 -> 2.1.3. | H98: ='Data questionnaire - mobile'!$D$44 -> units | K98: GB | L98: domestic | M98: ='Data questionnaire - mobile'!$D$43 -> Q4 2025
A99: ='Overview and definitions'!$C$4 -> 0 | B99: ='Overview and definitions'!$C$6 -> Liechtenstein | C99: ='Overview and definitions'!$C$7 -> MNO | D99: ='Data questionnaire - mobile'!$B$1 -> Data questionnaire: Mobile services | E99: B - Retail | F99: 98 | G99: ='Data questionnaire - mobile'!$A$48 -> 2.1.3. | H99: ='Data questionnaire - mobile'!$D$44 -> units | K99: GB | L99: domestic | M99: ='Data questionnaire - mobile'!$H$43 -> Q1 2026
A100: ='Overview and definitions'!$C$4 -> 0 | B100: ='Overview and definitions'!$C$6 -> Liechtenstein | C100: ='Overview and definitions'!$C$7 -> MNO | D100: ='Data questionnaire - mobile'!$B$1 -> Data questionnaire: Mobile services | E100: B - Retail | F100: 99 | G100: ='Data questionnaire - mobile'!$A$48 -> 2.1.3. | H100: ='Data questionnaire - mobile'!$D$44 -> units | K100: GB | L100: domestic | M100: ='Data questionnaire - mobile'!$L$43 -> Q2 2026
...

Sheet Export for BO
A1: operator | B1: country | C1: otype | D1: questionnaire | E1: uid | F1: question | G1: category | H1: tariff | I1: classification | J1: service | K1: region | L1: quarter | M1: value
A2: ='Overview and definitions'!$C$4 -> 0 | B2: ='Overview and definitions'!$C$6 -> Liechtenstein | C2: ='Overview and definitions'!$C$7 -> MNO | D2: Data questionnaire: Mobile services | E2: 1 | F2: 1.1.1. | G2: SIMs | H2: prepaid | I2: RLAH | L2: As of 31.12.2025 | M2: ='Data questionnaire - mobile'!$D$11 -> 0
A3: ='Overview and definitions'!$C$4 -> 0 | B3: ='Overview and definitions'!$C$6 -> Liechtenstein | C3: ='Overview and definitions'!$C$7 -> MNO | D3: Data questionnaire: Mobile services | E3: 2 | F3: 1.1.1. | G3: SIMs | H3: postpaid | I3: RLAH | L3: As of 31.12.2025 | M3: ='Data questionnaire - mobile'!$E$11 -> 0
A4: ='Overview and definitions'!$C$4 -> 0 | B4: ='Overview and definitions'!$C$6 -> Liechtenstein | C4: ='Overview and definitions'!$C$7 -> MNO | D4: Data questionnaire: Mobile services | E4: 3 | F4: 1.1.1. | G4: SIMs | H4: corporate | I4: RLAH | L4: As of 31.12.2025 | M4: ='Data questionnaire - mobile'!$F$11 -> 0
A5: ='Overview and definitions'!$C$4 -> 0 | B5: ='Overview and definitions'!$C$6 -> Liechtenstein | C5: ='Overview and definitions'!$C$7 -> MNO | D5: Data questionnaire: Mobile services | E5: 4 | F5: 1.1.1. | G5: SIMs | H5: prepaid | I5: RLAH | L5: As of 31.03.2026 | M5: ='Data questionnaire - mobile'!$H$11 -> 0
A6: ='Overview and definitions'!$C$4 -> 0 | B6: ='Overview and definitions'!$C$6 -> Liechtenstein | C6: ='Overview and definitions'!$C$7 -> MNO | D6: Data questionnaire: Mobile services | E6: 5 | F6: 1.1.1. | G6: SIMs | H6: postpaid | I6: RLAH | L6: As of 31.03.2026 | M6: ='Data questionnaire - mobile'!$I$11 -> 0
A7: ='Overview and definitions'!$C$4 -> 0 | B7: ='Overview and definitions'!$C$6 -> Liechtenstein | C7: ='Overview and definitions'!$C$7 -> MNO | D7: Data questionnaire: Mobile services | E7: 6 | F7: 1.1.1. | G7: SIMs | H7: corporate | I7: RLAH | L7: As of 31.03.2026 | M7: ='Data questionnaire - mobile'!$J$11 -> 0
A8: ='Overview and definitions'!$C$4 -> 0 | B8: ='Overview and definitions'!$C$6 -> Liechtenstein | C8: ='Overview and definitions'!$C$7 -> MNO | D8: Data questionnaire: Mobile services | E8: 7 | F8: 1.1.1. | G8: SIMs | H8: prepaid | I8: RLAH | L8: As of 30.06.2026 | M8: ='Data questionnaire - mobile'!$L$11 -> 0
A9: ='Overview and definitions'!$C$4 -> 0 | B9: ='Overview and definitions'!$C$6 -> Liechtenstein | C9: ='Overview and definitions'!$C$7 -> MNO | D9: Data questionnaire: Mobile services | E9: 8 | F9: 1.1.1. | G9: SIMs | H9: postpaid | I9: RLAH | L9: As of 30.06.2026 | M9: ='Data questionnaire - mobile'!$M$11 -> 0
A10: ='Overview and definitions'!$C$4 -> 0 | B10: ='Overview and definitions'!$C$6 -> Liechtenstein | C10: ='Overview and definitions'!$C$7 -> MNO | D10: Data questionnaire: Mobile services | E10: 9 | F10: 1.1.1. | G10: SIMs | H10: corporate | I10: RLAH | L10: As of 30.06.2026 | M10: ='Data questionnaire - mobile'!$N$11 -> 0
A11: ='Overview and definitions'!$C$4 -> 0 | B11: ='Overview and definitions'!$C$6 -> Liechtenstein | C11: ='Overview and definitions'!$C$7 -> MNO | D11: Data questionnaire: Mobile services | E11: 10 | F11: 1.1.1. | G11: SIMs | H11: prepaid | I11: RLAH | L11: As of 30.09.2026 | M11: ='Data questionnaire - mobile'!$P$11 -> 0
A12: ='Overview and definitions'!$C$4 -> 0 | B12: ='Overview and definitions'!$C$6 -> Liechtenstein | C12: ='Overview and definitions'!$C$7 -> MNO | D12: Data questionnaire: Mobile services | E12: 11 | F12: 1.1.1. | G12: SIMs | H12: postpaid | I12: RLAH | L12: As of 30.09.2026 | M12: ='Data questionnaire - mobile'!$Q$11 -> 0
A13: ='Overview and definitions'!$C$4 -> 0 | B13: ='Overview and definitions'!$C$6 -> Liechtenstein | C13: ='Overview and definitions'!$C$7 -> MNO | D13: Data questionnaire: Mobile services | E13: 12 | F13: 1.1.1. | G13: SIMs | H13: corporate | I13: RLAH | L13: As of 30.09.2026 | M13: ='Data questionnaire - mobile'!$R$11 -> 0
A14: ='Overview and definitions'!$C$4 -> 0 | B14: ='Overview and definitions'!$C$6 -> Liechtenstein | C14: ='Overview and definitions'!$C$7 -> MNO | D14: Data questionnaire: Mobile services | E14: 13 | F14: 1.1.4. | G14: SIMs | H14: prepaid | I14: alternative | L14: As of 31.12.2025 | M14: ='Data questionnaire - mobile'!$D$15 -> 0
A15: ='Overview and definitions'!$C$4 -> 0 | B15: ='Overview and definitions'!$C$6 -> Liechtenstein | C15: ='Overview and definitions'!$C$7 -> MNO | D15: Data questionnaire: Mobile services | E15: 14 | F15: 1.1.4. | G15: SIMs | H15: postpaid | I15: alternative | L15: As of 31.12.2025 | M15: ='Data questionnaire - mobile'!$E$15 -> 0
A16: ='Overview and definitions'!$C$4 -> 0 | B16: ='Overview and definitions'!$C$6 -> Liechtenstein | C16: ='Overview and definitions'!$C$7 -> MNO | D16: Data questionnaire: Mobile services | E16: 15 | F16: 1.1.4. | G16: SIMs | H16: corporate | I16: alternative | L16: As of 31.12.2025 | M16: ='Data questionnaire - mobile'!$F$15 -> 0
A17: ='Overview and definitions'!$C$4 -> 0 | B17: ='Overview and definitions'!$C$6 -> Liechtenstein | C17: ='Overview and definitions'!$C$7 -> MNO | D17: Data questionnaire: Mobile services | E17: 16 | F17: 1.1.4. | G17: SIMs | H17: prepaid | I17: alternative | L17: As of 31.03.2026 | M17: ='Data questionnaire - mobile'!$H$15 -> 0
A18: ='Overview and definitions'!$C$4 -> 0 | B18: ='Overview and definitions'!$C$6 -> Liechtenstein | C18: ='Overview and definitions'!$C$7 -> MNO | D18: Data questionnaire: Mobile services | E18: 17 | F18: 1.1.4. | G18: SIMs | H18: postpaid | I18: alternative | L18: As of 31.03.2026 | M18: ='Data questionnaire - mobile'!$I$15 -> 0
A19: ='Overview and definitions'!$C$4 -> 0 | B19: ='Overview and definitions'!$C$6 -> Liechtenstein | C19: ='Overview and definitions'!$C$7 -> MNO | D19: Data questionnaire: Mobile services | E19: 18 | F19: 1.1.4. | G19: SIMs | H19: corporate | I19: alternative | L19: As of 31.03.2026 | M19: ='Data questionnaire - mobile'!$J$15 -> 0
A20: ='Overview and definitions'!$C$4 -> 0 | B20: ='Overview and definitions'!$C$6 -> Liechtenstein | C20: ='Overview and definitions'!$C$7 -> MNO | D20: Data questionnaire: Mobile services | E20: 19 | F20: 1.1.4. | G20: SIMs | H20: prepaid | I20: alternative | L20: As of 30.06.2026 | M20: ='Data questionnaire - mobile'!$L$15 -> 0
A21: ='Overview and definitions'!$C$4 -> 0 | B21: ='Overview and definitions'!$C$6 -> Liechtenstein | C21: ='Overview and definitions'!$C$7 -> MNO | D21: Data questionnaire: Mobile services | E21: 20 | F21: 1.1.4. | G21: SIMs | H21: postpaid | I21: alternative | L21: As of 30.06.2026 | M21: ='Data questionnaire - mobile'!$M$15 -> 0
A22: ='Overview and definitions'!$C$4 -> 0 | B22: ='Overview and definitions'!$C$6 -> Liechtenstein | C22: ='Overview and definitions'!$C$7 -> MNO | D22: Data questionnaire: Mobile services | E22: 21 | F22: 1.1.4. | G22: SIMs | H22: corporate | I22: alternative | L22: As of 30.06.2026 | M22: ='Data questionnaire - mobile'!$N$15 -> 0
A23: ='Overview and definitions'!$C$4 -> 0 | B23: ='Overview and definitions'!$C$6 -> Liechtenstein | C23: ='Overview and definitions'!$C$7 -> MNO | D23: Data questionnaire: Mobile services | E23: 22 | F23: 1.1.4. | G23: SIMs | H23: prepaid | I23: alternative | L23: As of 30.09.2026 | M23: ='Data questionnaire - mobile'!$P$15 -> 0
A24: ='Overview and definitions'!$C$4 -> 0 | B24: ='Overview and definitions'!$C$6 -> Liechtenstein | C24: ='Overview and definitions'!$C$7 -> MNO | D24: Data questionnaire: Mobile services | E24: 23 | F24: 1.1.4. | G24: SIMs | H24: postpaid | I24: alternative | L24: As of 30.09.2026 | M24: ='Data questionnaire - mobile'!$Q$15 -> 0
A25: ='Overview and definitions'!$C$4 -> 0 | B25: ='Overview and definitions'!$C$6 -> Liechtenstein | C25: ='Overview and definitions'!$C$7 -> MNO | D25: Data questionnaire: Mobile services | E25: 24 | F25: 1.1.4. | G25: SIMs | H25: corporate | I25: alternative | L25: As of 30.09.2026 | M25: ='Data questionnaire - mobile'!$R$15 -> 0
A26: ='Overview and definitions'!$C$4 -> 0 | B26: ='Overview and definitions'!$C$6 -> Liechtenstein | C26: ='Overview and definitions'!$C$7 -> MNO | D26: Data questionnaire: Mobile services | E26: 25 | F26: 1.1.5. | G26: SIMs | H26: prepaid | L26: As of 31.12.2025 | M26: ='Data questionnaire - mobile'!$D$17 -> 0
A27: ='Overview and definitions'!$C$4 -> 0 | B27: ='Overview and definitions'!$C$6 -> Liechtenstein | C27: ='Overview and definitions'!$C$7 -> MNO | D27: Data questionnaire: Mobile services | E27: 26 | F27: 1.1.5. | G27: SIMs | H27: postpaid | L27: As of 31.12.2025 | M27: ='Data questionnaire - mobile'!$E$17 -> 0
A28: ='Overview and definitions'!$C$4 -> 0 | B28: ='Overview and definitions'!$C$6 -> Liechtenstein | C28: ='Overview and definitions'!$C$7 -> MNO | D28: Data questionnaire: Mobile services | E28: 27 | F28: 1.1.5. | G28: SIMs | H28: corporate | L28: As of 31.12.2025 | M28: ='Data questionnaire - mobile'!$F$17 -> 0
A29: ='Overview and definitions'!$C$4 -> 0 | B29: ='Overview and definitions'!$C$6 -> Liechtenstein | C29: ='Overview and definitions'!$C$7 -> MNO | D29: Data questionnaire: Mobile services | E29: 28 | F29: 1.1.5. | G29: SIMs | H29: prepaid | L29: As of 31.03.2026 | M29: ='Data questionnaire - mobile'!$H$17 -> 0
A30: ='Overview and definitions'!$C$4 -> 0 | B30: ='Overview and definitions'!$C$6 -> Liechtenstein | C30: ='Overview and definitions'!$C$7 -> MNO | D30: Data questionnaire: Mobile services | E30: 29 | F30: 1.1.5. | G30: SIMs | H30: postpaid | L30: As of 31.03.2026 | M30: ='Data questionnaire - mobile'!$I$17 -> 0
A31: ='Overview and definitions'!$C$4 -> 0 | B31: ='Overview and definitions'!$C$6 -> Liechtenstein | C31: ='Overview and definitions'!$C$7 -> MNO | D31: Data questionnaire: Mobile services | E31: 30 | F31: 1.1.5. | G31: SIMs | H31: corporate | L31: As of 31.03.2026 | M31: ='Data questionnaire - mobile'!$J$17 -> 0
A32: ='Overview and definitions'!$C$4 -> 0 | B32: ='Overview and definitions'!$C$6 -> Liechtenstein | C32: ='Overview and definitions'!$C$7 -> MNO | D32: Data questionnaire: Mobile services | E32: 31 | F32: 1.1.5. | G32: SIMs | H32: prepaid | L32: As of 30.06.2026 | M32: ='Data questionnaire - mobile'!$L$17 -> 0
A33: ='Overview and definitions'!$C$4 -> 0 | B33: ='Overview and definitions'!$C$6 -> Liechtenstein | C33: ='Overview and definitions'!$C$7 -> MNO | D33: Data questionnaire: Mobile services | E33: 32 | F33: 1.1.5. | G33: SIMs | H33: postpaid | L33: As of 30.06.2026 | M33: ='Data questionnaire - mobile'!$M$17 -> 0
A34: ='Overview and definitions'!$C$4 -> 0 | B34: ='Overview and definitions'!$C$6 -> Liechtenstein | C34: ='Overview and definitions'!$C$7 -> MNO | D34: Data questionnaire: Mobile services | E34: 33 | F34: 1.1.5. | G34: SIMs | H34: corporate | L34: As of 30.06.2026 | M34: ='Data questionnaire - mobile'!$N$17 -> 0
A35: ='Overview and definitions'!$C$4 -> 0 | B35: ='Overview and definitions'!$C$6 -> Liechtenstein | C35: ='Overview and definitions'!$C$7 -> MNO | D35: Data questionnaire: Mobile services | E35: 34 | F35: 1.1.5. | G35: SIMs | H35: prepaid | L35: As of 30.09.2026 | M35: ='Data questionnaire - mobile'!$P$17 -> 0
A36: ='Overview and definitions'!$C$4 -> 0 | B36: ='Overview and definitions'!$C$6 -> Liechtenstein | C36: ='Overview and definitions'!$C$7 -> MNO | D36: Data questionnaire: Mobile services | E36: 35 | F36: 1.1.5. | G36: SIMs | H36: postpaid | L36: As of 30.09.2026 | M36: ='Data questionnaire - mobile'!$Q$17 -> 0
A37: ='Overview and definitions'!$C$4 -> 0 | B37: ='Overview and definitions'!$C$6 -> Liechtenstein | C37: ='Overview and definitions'!$C$7 -> MNO | D37: Data questionnaire: Mobile services | E37: 36 | F37: 1.1.5. | G37: SIMs | H37: corporate | L37: As of 30.09.2026 | M37: ='Data questionnaire - mobile'!$R$17 -> 0
A38: ='Overview and definitions'!$C$4 -> 0 | B38: ='Overview and definitions'!$C$6 -> Liechtenstein | C38: ='Overview and definitions'!$C$7 -> MNO | D38: Data questionnaire: Mobile services | E38: 37 | F38: 1.1.6. | G38: SIMs | H38: prepaid | K38: domestic | L38: As of 31.12.2025 | M38: ='Data questionnaire - mobile'!$D$20 -> 0
A39: ='Overview and definitions'!$C$4 -> 0 | B39: ='Overview and definitions'!$C$6 -> Liechtenstein | C39: ='Overview and definitions'!$C$7 -> MNO | D39: Data questionnaire: Mobile services | E39: 38 | F39: 1.1.6. | G39: SIMs | H39: postpaid | K39: domestic | L39: As of 31.12.2025 | M39: ='Data questionnaire - mobile'!$E$20 -> 0
A40: ='Overview and definitions'!$C$4 -> 0 | B40: ='Overview and definitions'!$C$6 -> Liechtenstein | C40: ='Overview and definitions'!$C$7 -> MNO | D40: Data questionnaire: Mobile services | E40: 39 | F40: 1.1.6. | G40: SIMs | H40: corporate | K40: domestic | L40: As of 31.12.2025 | M40: ='Data questionnaire - mobile'!$F$20 -> 0
A41: ='Overview and definitions'!$C$4 -> 0 | B41: ='Overview and definitions'!$C$6 -> Liechtenstein | C41: ='Overview and definitions'!$C$7 -> MNO | D41: Data questionnaire: Mobile services | E41: 40 | F41: 1.1.6. | G41: SIMs | H41: prepaid | K41: domestic | L41: As of 31.03.2026 | M41: ='Data questionnaire - mobile'!$H$20 -> 0
A42: ='Overview and definitions'!$C$4 -> 0 | B42: ='Overview and definitions'!$C$6 -> Liechtenstein | C42: ='Overview and definitions'!$C$7 -> MNO | D42: Data questionnaire: Mobile services | E42: 41 | F42: 1.1.6. | G42: SIMs | H42: postpaid | K42: domestic | L42: As of 31.03.2026 | M42: ='Data questionnaire - mobile'!$I$20 -> 0
A43: ='Overview and definitions'!$C$4 -> 0 | B43: ='Overview and definitions'!$C$6 -> Liechtenstein | C43: ='Overview and definitions'!$C$7 -> MNO | D43: Data questionnaire: Mobile services | E43: 42 | F43: 1.1.6. | G43: SIMs | H43: corporate | K43: domestic | L43: As of 31.03.2026 | M43: ='Data questionnaire - mobile'!$J$20 -> 0
A44: ='Overview and definitions'!$C$4 -> 0 | B44: ='Overview and definitions'!$C$6 -> Liechtenstein | C44: ='Overview and definitions'!$C$7 -> MNO | D44: Data questionnaire: Mobile services | E44: 43 | F44: 1.1.6. | G44: SIMs | H44: prepaid | K44: domestic | L44: As of 30.06.2026 | M44: ='Data questionnaire - mobile'!$L$20 -> 0
A45: ='Overview and definitions'!$C$4 -> 0 | B45: ='Overview and definitions'!$C$6 -> Liechtenstein | C45: ='Overview and definitions'!$C$7 -> MNO | D45: Data questionnaire: Mobile services | E45: 44 | F45: 1.1.6. | G45: SIMs | H45: postpaid | K45: domestic | L45: As of 30.06.2026 | M45: ='Data questionnaire - mobile'!$M$20 -> 0
A46: ='Overview and definitions'!$C$4 -> 0 | B46: ='Overview and definitions'!$C$6 -> Liechtenstein | C46: ='Overview and definitions'!$C$7 -> MNO | D46: Data questionnaire: Mobile services | E46: 45 | F46: 1.1.6. | G46: SIMs | H46: corporate | K46: domestic | L46: As of 30.06.2026 | M46: ='Data questionnaire - mobile'!$N$20 -> 0
A47: ='Overview and definitions'!$C$4 -> 0 | B47: ='Overview and definitions'!$C$6 -> Liechtenstein | C47: ='Overview and definitions'!$C$7 -> MNO | D47: Data questionnaire: Mobile services | E47: 46 | F47: 1.1.6. | G47: SIMs | H47: prepaid | K47: domestic | L47: As of 30.09.2026 | M47: ='Data questionnaire - mobile'!$P$20 -> 0
A48: ='Overview and definitions'!$C$4 -> 0 | B48: ='Overview and definitions'!$C$6 -> Liechtenstein | C48: ='Overview and definitions'!$C$7 -> MNO | D48: Data questionnaire: Mobile services | E48: 47 | F48: 1.1.6. | G48: SIMs | H48: postpaid | K48: domestic | L48: As of 30.09.2026 | M48: ='Data questionnaire - mobile'!$Q$20 -> 0
A49: ='Overview and definitions'!$C$4 -> 0 | B49: ='Overview and definitions'!$C$6 -> Liechtenstein | C49: ='Overview and definitions'!$C$7 -> MNO | D49: Data questionnaire: Mobile services | E49: 48 | F49: 1.1.6. | G49: SIMs | H49: corporate | K49: domestic | L49: As of 30.09.2026 | M49: ='Data questionnaire - mobile'!$R$20 -> 0
A50: ='Overview and definitions'!$C$4 -> 0 | B50: ='Overview and definitions'!$C$6 -> Liechtenstein | C50: ='Overview and definitions'!$C$7 -> MNO | D50: Data questionnaire: Mobile services | E50: 49 | F50: 1.2.1. | G50: SIMs | H50: prepaid | L50: As of 31.12.2025 | M50: ='Data questionnaire - mobile'!$D$27 -> 0
A51: ='Overview and definitions'!$C$4 -> 0 | B51: ='Overview and definitions'!$C$6 -> Liechtenstein | C51: ='Overview and definitions'!$C$7 -> MNO | D51: Data questionnaire: Mobile services | E51: 50 | F51: 1.2.1. | G51: SIMs | H51: postpaid | L51: As of 31.12.2025 | M51: ='Data questionnaire - mobile'!$E$27 -> 0
A52: ='Overview and definitions'!$C$4 -> 0 | B52: ='Overview and definitions'!$C$6 -> Liechtenstein | C52: ='Overview and definitions'!$C$7 -> MNO | D52: Data questionnaire: Mobile services | E52: 51 | F52: 1.2.1. | G52: SIMs | H52: corporate | L52: As of 31.12.2025 | M52: ='Data questionnaire - mobile'!$F$27 -> 0
A53: ='Overview and definitions'!$C$4 -> 0 | B53: ='Overview and definitions'!$C$6 -> Liechtenstein | C53: ='Overview and definitions'!$C$7 -> MNO | D53: Data questionnaire: Mobile services | E53: 52 | F53: 1.2.1. | G53: SIMs | H53: prepaid | L53: As of 31.03.2026 | M53: ='Data questionnaire - mobile'!$H$27 -> 0
A54: ='Overview and definitions'!$C$4 -> 0 | B54: ='Overview and definitions'!$C$6 -> Liechtenstein | C54: ='Overview and definitions'!$C$7 -> MNO | D54: Data questionnaire: Mobile services | E54: 53 | F54: 1.2.1. | G54: SIMs | H54: postpaid | L54: As of 31.03.2026 | M54: ='Data questionnaire - mobile'!$I$27 -> 0
A55: ='Overview and definitions'!$C$4 -> 0 | B55: ='Overview and definitions'!$C$6 -> Liechtenstein | C55: ='Overview and definitions'!$C$7 -> MNO | D55: Data questionnaire: Mobile services | E55: 54 | F55: 1.2.1. | G55: SIMs | H55: corporate | L55: As of 31.03.2026 | M55: ='Data questionnaire - mobile'!$J$27 -> 0
A56: ='Overview and definitions'!$C$4 -> 0 | B56: ='Overview and definitions'!$C$6 -> Liechtenstein | C56: ='Overview and definitions'!$C$7 -> MNO | D56: Data questionnaire: Mobile services | E56: 55 | F56: 1.2.1. | G56: SIMs | H56: prepaid | L56: As of 30.06.2026 | M56: ='Data questionnaire - mobile'!$L$27 -> 0
A57: ='Overview and definitions'!$C$4 -> 0 | B57: ='Overview and definitions'!$C$6 -> Liechtenstein | C57: ='Overview and definitions'!$C$7 -> MNO | D57: Data questionnaire: Mobile services | E57: 56 | F57: 1.2.1. | G57: SIMs | H57: postpaid | L57: As of 30.06.2026 | M57: ='Data questionnaire - mobile'!$M$27 -> 0
A58: ='Overview and definitions'!$C$4 -> 0 | B58: ='Overview and definitions'!$C$6 -> Liechtenstein | C58: ='Overview and definitions'!$C$7 -> MNO | D58: Data questionnaire: Mobile services | E58: 57 | F58: 1.2.1. | G58: SIMs | H58: corporate | L58: As of 30.06.2026 | M58: ='Data questionnaire - mobile'!$N$27 -> 0
A59: ='Overview and definitions'!$C$4 -> 0 | B59: ='Overview and definitions'!$C$6 -> Liechtenstein | C59: ='Overview and definitions'!$C$7 -> MNO | D59: Data questionnaire: Mobile services | E59: 58 | F59: 1.2.1. | G59: SIMs | H59: prepaid | L59: As of 30.09.2026 | M59: ='Data questionnaire - mobile'!$P$27 -> 0
A60: ='Overview and definitions'!$C$4 -> 0 | B60: ='Overview and definitions'!$C$6 -> Liechtenstein | C60: ='Overview and definitions'!$C$7 -> MNO | D60: Data questionnaire: Mobile services | E60: 59 | F60: 1.2.1. | G60: SIMs | H60: postpaid | L60: As of 30.09.2026 | M60: ='Data questionnaire - mobile'!$Q$27 -> 0
A61: ='Overview and definitions'!$C$4 -> 0 | B61: ='Overview and definitions'!$C$6 -> Liechtenstein | C61: ='Overview and definitions'!$C$7 -> MNO | D61: Data questionnaire: Mobile services | E61: 60 | F61: 1.2.1. | G61: SIMs | H61: corporate | L61: As of 30.09.2026 | M61: ='Data questionnaire - mobile'!$R$27 -> 0
A62: ='Overview and definitions'!$C$4 -> 0 | B62: ='Overview and definitions'!$C$6 -> Liechtenstein | C62: ='Overview and definitions'!$C$7 -> MNO | D62: Data questionnaire: Mobile services | E62: 61 | F62: 1.2.2. | G62: SIMs | H62: prepaid | K62: EU/EEA | L62: As of 31.12.2025 | M62: ='Data questionnaire - mobile'!$D$29 -> 0
A63: ='Overview and definitions'!$C$4 -> 0 | B63: ='Overview and definitions'!$C$6 -> Liechtenstein | C63: ='Overview and definitions'!$C$7 -> MNO | D63: Data questionnaire: Mobile services | E63: 62 | F63: 1.2.2. | G63: SIMs | H63: postpaid | K63: EU/EEA | L63: As of 31.12.2025 | M63: ='Data questionnaire - mobile'!$E$29 -> 0
A64: ='Overview and definitions'!$C$4 -> 0 | B64: ='Overview and definitions'!$C$6 -> Liechtenstein | C64: ='Overview and definitions'!$C$7 -> MNO | D64: Data questionnaire: Mobile services | E64: 63 | F64: 1.2.2. | G64: SIMs | H64: corporate | K64: EU/EEA | L64: As of 31.12.2025 | M64: ='Data questionnaire - mobile'!$F$29 -> 0
A65: ='Overview and definitions'!$C$4 -> 0 | B65: ='Overview and definitions'!$C$6 -> Liechtenstein | C65: ='Overview and definitions'!$C$7 -> MNO | D65: Data questionnaire: Mobile services | E65: 64 | F65: 1.2.2. | G65: SIMs | H65: prepaid | K65: EU/EEA | L65: As of 31.03.2026 | M65: ='Data questionnaire - mobile'!$H$29 -> 0
A66: ='Overview and definitions'!$C$4 -> 0 | B66: ='Overview and definitions'!$C$6 -> Liechtenstein | C66: ='Overview and definitions'!$C$7 -> MNO | D66: Data questionnaire: Mobile services | E66: 65 | F66: 1.2.2. | G66: SIMs | H66: postpaid | K66: EU/EEA | L66: As of 31.03.2026 | M66: ='Data questionnaire - mobile'!$I$29 -> 0
A67: ='Overview and definitions'!$C$4 -> 0 | B67: ='Overview and definitions'!$C$6 -> Liechtenstein | C67: ='Overview and definitions'!$C$7 -> MNO | D67: Data questionnaire: Mobile services | E67: 66 | F67: 1.2.2. | G67: SIMs | H67: corporate | K67: EU/EEA | L67: As of 31.03.2026 | M67: ='Data questionnaire - mobile'!$J$29 -> 0
A68: ='Overview and definitions'!$C$4 -> 0 | B68: ='Overview and definitions'!$C$6 -> Liechtenstein | C68: ='Overview and definitions'!$C$7 -> MNO | D68: Data questionnaire: Mobile services | E68: 67 | F68: 1.2.2. | G68: SIMs | H68: prepaid | K68: EU/EEA | L68: As of 30.06.2026 | M68: ='Data questionnaire - mobile'!$L$29 -> 0
A69: ='Overview and definitions'!$C$4 -> 0 | B69: ='Overview and definitions'!$C$6 -> Liechtenstein | C69: ='Overview and definitions'!$C$7 -> MNO | D69: Data questionnaire: Mobile services | E69: 68 | F69: 1.2.2. | G69: SIMs | H69: postpaid | K69: EU/EEA | L69: As of 30.06.2026 | M69: ='Data questionnaire - mobile'!$M$29 -> 0
A70: ='Overview and definitions'!$C$4 -> 0 | B70: ='Overview and definitions'!$C$6 -> Liechtenstein | C70: ='Overview and definitions'!$C$7 -> MNO | D70: Data questionnaire: Mobile services | E70: 69 | F70: 1.2.2. | G70: SIMs | H70: corporate | K70: EU/EEA | L70: As of 30.06.2026 | M70: ='Data questionnaire - mobile'!$N$29 -> 0
A71: ='Overview and definitions'!$C$4 -> 0 | B71: ='Overview and definitions'!$C$6 -> Liechtenstein | C71: ='Overview and definitions'!$C$7 -> MNO | D71: Data questionnaire: Mobile services | E71: 70 | F71: 1.2.2. | G71: SIMs | H71: prepaid | K71: EU/EEA | L71: As of 30.09.2026 | M71: ='Data questionnaire - mobile'!$P$29 -> 0
A72: ='Overview and definitions'!$C$4 -> 0 | B72: ='Overview and definitions'!$C$6 -> Liechtenstein | C72: ='Overview and definitions'!$C$7 -> MNO | D72: Data questionnaire: Mobile services | E72: 71 | F72: 1.2.2. | G72: SIMs | H72: postpaid | K72: EU/EEA | L72: As of 30.09.2026 | M72: ='Data questionnaire - mobile'!$Q$29 -> 0
A73: ='Overview and definitions'!$C$4 -> 0 | B73: ='Overview and definitions'!$C$6 -> Liechtenstein | C73: ='Overview and definitions'!$C$7 -> MNO | D73: Data questionnaire: Mobile services | E73: 72 | F73: 1.2.2. | G73: SIMs | H73: corporate | K73: EU/EEA | L73: As of 30.09.2026 | M73: ='Data questionnaire - mobile'!$R$29 -> 0
A74: ='Overview and definitions'!$C$4 -> 0 | B74: ='Overview and definitions'!$C$6 -> Liechtenstein | C74: ='Overview and definitions'!$C$7 -> MNO | D74: Data questionnaire: Mobile services | E74: 73 | F74: 1.2.3. | G74: SIMs | H74: prepaid | I74: RLAH | K74: EU/EEA | L74: As of 31.12.2025 | M74: ='Data questionnaire - mobile'!$D$31 -> 0
A75: ='Overview and definitions'!$C$4 -> 0 | B75: ='Overview and definitions'!$C$6 -> Liechtenstein | C75: ='Overview and definitions'!$C$7 -> MNO | D75: Data questionnaire: Mobile services | E75: 74 | F75: 1.2.3. | G75: SIMs | H75: postpaid | I75: RLAH | K75: EU/EEA | L75: As of 31.12.2025 | M75: ='Data questionnaire - mobile'!$E$31 -> 0
A76: ='Overview and definitions'!$C$4 -> 0 | B76: ='Overview and definitions'!$C$6 -> Liechtenstein | C76: ='Overview and definitions'!$C$7 -> MNO | D76: Data questionnaire: Mobile services | E76: 75 | F76: 1.2.3. | G76: SIMs | H76: corporate | I76: RLAH | K76: EU/EEA | L76: As of 31.12.2025 | M76: ='Data questionnaire - mobile'!$F$31 -> 0
A77: ='Overview and definitions'!$C$4 -> 0 | B77: ='Overview and definitions'!$C$6 -> Liechtenstein | C77: ='Overview and definitions'!$C$7 -> MNO | D77: Data questionnaire: Mobile services | E77: 76 | F77: 1.2.3. | G77: SIMs | H77: prepaid | I77: RLAH | K77: EU/EEA | L77: As of 31.03.2026 | M77: ='Data questionnaire - mobile'!$H$31 -> 0
A78: ='Overview and definitions'!$C$4 -> 0 | B78: ='Overview and definitions'!$C$6 -> Liechtenstein | C78: ='Overview and definitions'!$C$7 -> MNO | D78: Data questionnaire: Mobile services | E78: 77 | F78: 1.2.3. | G78: SIMs | H78: postpaid | I78: RLAH | K78: EU/EEA | L78: As of 31.03.2026 | M78: ='Data questionnaire - mobile'!$I$31 -> 0
A79: ='Overview and definitions'!$C$4 -> 0 | B79: ='Overview and definitions'!$C$6 -> Liechtenstein | C79: ='Overview and definitions'!$C$7 -> MNO | D79: Data questionnaire: Mobile services | E79: 78 | F79: 1.2.3. | G79: SIMs | H79: corporate | I79: RLAH | K79: EU/EEA | L79: As of 31.03.2026 | M79: ='Data questionnaire - mobile'!$J$31 -> 0
A80: ='Overview and definitions'!$C$4 -> 0 | B80: ='Overview and definitions'!$C$6 -> Liechtenstein | C80: ='Overview and definitions'!$C$7 -> MNO | D80: Data questionnaire: Mobile services | E80: 79 | F80: 1.2.3. | G80: SIMs | H80: prepaid | I80: RLAH | K80: EU/EEA | L80: As of 30.06.2026 | M80: ='Data questionnaire - mobile'!$L$31 -> 0
A81: ='Overview and definitions'!$C$4 -> 0 | B81: ='Overview and definitions'!$C$6 -> Liechtenstein | C81: ='Overview and definitions'!$C$7 -> MNO | D81: Data questionnaire: Mobile services | E81: 80 | F81: 1.2.3. | G81: SIMs | H81: postpaid | I81: RLAH | K81: EU/EEA | L81: As of 30.06.2026 | M81: ='Data questionnaire - mobile'!$M$31 -> 0
A82: ='Overview and definitions'!$C$4 -> 0 | B82: ='Overview and definitions'!$C$6 -> Liechtenstein | C82: ='Overview and definitions'!$C$7 -> MNO | D82: Data questionnaire: Mobile services | E82: 81 | F82: 1.2.3. | G82: SIMs | H82: corporate | I82: RLAH | K82: EU/EEA | L82: As of 30.06.2026 | M82: ='Data questionnaire - mobile'!$N$31 -> 0
A83: ='Overview and definitions'!$C$4 -> 0 | B83: ='Overview and definitions'!$C$6 -> Liechtenstein | C83: ='Overview and definitions'!$C$7 -> MNO | D83: Data questionnaire: Mobile services | E83: 82 | F83: 1.2.3. | G83: SIMs | H83: prepaid | I83: RLAH | K83: EU/EEA | L83: As of 30.09.2026 | M83: ='Data questionnaire - mobile'!$P$31 -> 0
A84: ='Overview and definitions'!$C$4 -> 0 | B84: ='Overview and definitions'!$C$6 -> Liechtenstein | C84: ='Overview and definitions'!$C$7 -> MNO | D84: Data questionnaire: Mobile services | E84: 83 | F84: 1.2.3. | G84: SIMs | H84: postpaid | I84: RLAH | K84: EU/EEA | L84: As of 30.09.2026 | M84: ='Data questionnaire - mobile'!$Q$31 -> 0
A85: ='Overview and definitions'!$C$4 -> 0 | B85: ='Overview and definitions'!$C$6 -> Liechtenstein | C85: ='Overview and definitions'!$C$7 -> MNO | D85: Data questionnaire: Mobile services | E85: 84 | F85: 1.2.3. | G85: SIMs | H85: corporate | I85: RLAH | K85: EU/EEA | L85: As of 30.09.2026 | M85: ='Data questionnaire - mobile'!$R$31 -> 0
A86: ='Overview and definitions'!$C$4 -> 0 | B86: ='Overview and definitions'!$C$6 -> Liechtenstein | C86: ='Overview and definitions'!$C$7 -> MNO | D86: Data questionnaire: Mobile services | E86: 85 | F86: 2.1.1.1. | G86: units | J86: minutes | K86: domestic | L86: Q4 2025 | M86: ='Data questionnaire - mobile'!$D$45 -> 0
A87: ='Overview and definitions'!$C$4 -> 0 | B87: ='Overview and definitions'!$C$6 -> Liechtenstein | C87: ='Overview and definitions'!$C$7 -> MNO | D87: Data questionnaire: Mobile services | E87: 86 | F87: 2.1.1.1. | G87: units | J87: minutes | K87: domestic | L87: Q1 2026 | M87: ='Data questionnaire - mobile'!$H$45 -> 0
A88: ='Overview and definitions'!$C$4 -> 0 | B88: ='Overview and definitions'!$C$6 -> Liechtenstein | C88: ='Overview and definitions'!$C$7 -> MNO | D88: Data questionnaire: Mobile services | E88: 87 | F88: 2.1.1.1. | G88: units | J88: minutes | K88: domestic | L88: Q2 2026 | M88: ='Data questionnaire - mobile'!$L$45 -> 0
A89: ='Overview and definitions'!$C$4 -> 0 | B89: ='Overview and definitions'!$C$6 -> Liechtenstein | C89: ='Overview and definitions'!$C$7 -> MNO | D89: Data questionnaire: Mobile services | E89: 88 | F89: 2.1.1.1. | G89: units | J89: minutes | K89: domestic | L89: Q3 2026 | M89: ='Data questionnaire - mobile'!$P$45 -> 0
A90: ='Overview and definitions'!$C$4 -> 0 | B90: ='Overview and definitions'!$C$6 -> Liechtenstein | C90: ='Overview and definitions'!$C$7 -> MNO | D90: Data questionnaire: Mobile services | E90: 89 | F90: 2.1.1.2. | G90: units | J90: minutes | K90: domestic | L90: Q4 2025 | M90: ='Data questionnaire - mobile'!$D$46 -> 0
A91: ='Overview and definitions'!$C$4 -> 0 | B91: ='Overview and definitions'!$C$6 -> Liechtenstein | C91: ='Overview and definitions'!$C$7 -> MNO | D91: Data questionnaire: Mobile services | E91: 90 | F91: 2.1.1.2. | G91: units | J91: minutes | K91: domestic | L91: Q1 2026 | M91: ='Data questionnaire - mobile'!$H$46 -> 0
A92: ='Overview and definitions'!$C$4 -> 0 | B92: ='Overview and definitions'!$C$6 -> Liechtenstein | C92: ='Overview and definitions'!$C$7 -> MNO | D92: Data questionnaire: Mobile services | E92: 91 | F92: 2.1.1.2. | G92: units | J92: minutes | K92: domestic | L92: Q2 2026 | M92: ='Data questionnaire - mobile'!$L$46 -> 0
A93: ='Overview and definitions'!$C$4 -> 0 | B93: ='Overview and definitions'!$C$6 -> Liechtenstein | C93: ='Overview and definitions'!$C$7 -> MNO | D93: Data questionnaire: Mobile services | E93: 92 | F93: 2.1.1.2. | G93: units | J93: minutes | K93: domestic | L93: Q3 2026 | M93: ='Data questionnaire - mobile'!$P$46 -> 0
A94: ='Overview and definitions'!$C$4 -> 0 | B94: ='Overview and definitions'!$C$6 -> Liechtenstein | C94: ='Overview and definitions'!$C$7 -> MNO | D94: Data questionnaire: Mobile services | E94: 93 | F94: 2.1.2. | G94: units | J94: SMS | K94: domestic | L94: Q4 2025 | M94: ='Data questionnaire - mobile'!$D$47 -> 0
A95: ='Overview and definitions'!$C$4 -> 0 | B95: ='Overview and definitions'!$C$6 -> Liechtenstein | C95: ='Overview and definitions'!$C$7 -> MNO | D95: Data questionnaire: Mobile services | E95: 94 | F95: 2.1.2. | G95: units | J95: SMS | K95: domestic | L95: Q1 2026 | M95: ='Data questionnaire - mobile'!$H$47 -> 0
A96: ='Overview and definitions'!$C$4 -> 0 | B96: ='Overview and definitions'!$C$6 -> Liechtenstein | C96: ='Overview and definitions'!$C$7 -> MNO | D96: Data questionnaire: Mobile services | E96: 95 | F96: 2.1.2. | G96: units | J96: SMS | K96: domestic | L96: Q2 2026 | M96: ='Data questionnaire - mobile'!$L$47 -> 0
A97: ='Overview and definitions'!$C$4 -> 0 | B97: ='Overview and definitions'!$C$6 -> Liechtenstein | C97: ='Overview and definitions'!$C$7 -> MNO | D97: Data questionnaire: Mobile services | E97: 96 | F97: 2.1.2. | G97: units | J97: SMS | K97: domestic | L97: Q3 2026 | M97: ='Data questionnaire - mobile'!$P$47 -> 0
A98: ='Overview and definitions'!$C$4 -> 0 | B98: ='Overview and definitions'!$C$6 -> Liechtenstein | C98: ='Overview and definitions'!$C$7 -> MNO | D98: Data questionnaire: Mobile services | E98: 97 | F98: 2.1.3. | G98: units | J98: GB | K98: domestic | L98: Q4 2025 | M98: ='Data questionnaire - mobile'!$D$48 -> 0
A99: ='Overview and definitions'!$C$4 -> 0 | B99: ='Overview and definitions'!$C$6 -> Liechtenstein | C99: ='Overview and definitions'!$C$7 -> MNO | D99: Data questionnaire: Mobile services | E99: 98 | F99: 2.1.3. | G99: units | J99: GB | K99: domestic | L99: Q1 2026 | M99: ='Data questionnaire - mobile'!$H$48 -> 0
A100: ='Overview and definitions'!$C$4 -> 0 | B100: ='Overview and definitions'!$C$6 -> Liechtenstein | C100: ='Overview and definitions'!$C$7 -> MNO | D100: Data questionnaire: Mobile services | E100: 99 | F100: 2.1.3. | G100: units | J100: GB | K100: domestic | L100: Q2 2026 | M100: ='Data questionnaire - mobile'!$L$48 -> 0
...
